Workbook
Name AC_gross_in: '[1]Programme Trajectory Input'!$D$101:$K$101
Name AC_net: '[1]Programme Trajectory Input'!$D$105:$K$105
Name Agri_Res_gross_in: '[1]Programme Trajectory Input'!$D$60:$K$60
Name BTR_gross_cum_in: '[1]Programme Trajectory Input'!$D$42
Name CA_ratio: '[2]I;_Assumptions'!$F$27
Name Demo_rebuild_PDR_gross_in: '[1]Programme Trajectory Input'!$D$61:$K$61
Name Ebbsfleet_additionality_factor_in: '[1]Programme Trajectory Input'!$C$90
Name Ebbsfleet_net: '[1]Programme Trajectory Input'!$D$91:$K$91
Name Full_Year_Non_Leap: '[2]I;_Assumptions'!$F$17
Name GBB_gross_cum_in: '[1]Programme Trajectory Input'!$D$43
Name HD_gross_in: '[1]Programme Trajectory Input'!$D$59:$K$59
Name House_price_growth: '[1]Private Baseline Calculation'!$AB$11
Name HtB_additionality_factor_in: '[1]Programme Trajectory Input'!$C$78
Name HtB_gross_in: '[1]Programme Trajectory Input'!$D$76:$K$76
Name Interbank_rate_prev3_q: '[1]Private Baseline Calculation'!$AB$10
Name Lag: '[1]Private Baseline Calculation'!$AB$18
Name Leap_Full_Year: '[2]I;_Assumptions'!$F$16
Name Legacy_additionality_factor_in: '[1]Programme Trajectory Input'!$C$48
Name Legacy_dist_in: '[1]Programme Trajectory Input'!$D$44:$K$44
Name Legacy_gross: '[1]Programme Trajectory Input'!$D$45:$K$45
Name Legacy_net: '[1]Programme Trajectory Input'!$D$50:$K$50
Name LTF_additionality_factor: '[1]Programme Trajectory Input'!$C$34
Name LTF_dist_in: '[1]Programme Trajectory Input'!$D$30:$K$30
Name LTF_gross: '[1]Programme Trajectory Input'!$D$31:$K$31
Name LTF_gross_in: '[1]Programme Trajectory Input'!$D$29
Name LTF_net: '[1]Programme Trajectory Input'!$D$36:$K$36
Name mod_delta_ons_code: '[2]I;_21_Modified_Delta'!$I$10:$I$347
Name mod_delta_ons_codes: '[2]I;_21_Modified_Delta'!$I$10:$I$347
Name mod_delta_pp_trajectories: '[2]I;_21_Modified_Delta'!$MN$10:$NJ$347
Name mod_delta_trajectories: '[2]I;_21_Modified_Delta'!$GZ$10:$HW$347
Name Notes: #REF!
Name Notes: #REF!
Name Notes: #REF!
Name Notes: #REF!
Name Notes: #REF!
Name Plan_out_of_date: '[2]I;_Assumptions'!$E$22
Name Planning_additonality_factor_in: '[1]Programme Trajectory Input'!$C$65
Name Planning_gross: '[1]Programme Trajectory Input'!$D$63:$K$63
Name Planning_net: '[1]Programme Trajectory Input'!$D$67:$K$67
Name Pro_rata_factor: '[1]Programme Trajectory Input'!$D$18
Name Q1_: '[1]Private Baseline Calculation'!$AB$7
Name Q2_: '[1]Private Baseline Calculation'!$AB$8
Name Q3_: '[1]Private Baseline Calculation'!$AB$9
Name STIF_addiitonality_factor: '[1]Programme Trajectory Input'!$C$21
Name STIF_AF: '[1]Programme Trajectory Input'!$C$21
Name STIF_cs_in: '[1]Programme Trajectory Input'!$D$11:$K$11
Name STIF_fs_in: '[1]Programme Trajectory Input'!$D$12:$K$12
Name STIF_gross: '[1]Programme Trajectory Input'!$D$14:$K$14
Name STIF_gross_cum_total_in: '[1]Programme Trajectory Input'!$D$16
Name STIF_gross_cum_total_update_in: '[1]Programme Trajectory Input'!$D$17
Name STIF_net: '[1]Programme Trajectory Input'!$D$23:$K$23
Name Student_ratio: '[2]I;_Assumptions'!$F$26
Name y1_num_days: '[2]I;_Assumptions'!$E$12
Name y1_start: '[2]I;_Assumptions'!$E$10
Name y2_end: '[2]I;_Assumptions'!$G$10
Name y2_num_days: '[2]I;_Assumptions'!$F$12
Name y2_start: '[2]I;_Assumptions'!$F$10
Name y3_num_days: '[2]I;_Assumptions'!$H$12
Name y3_start: '[2]I;_Assumptions'!$H$10
Name y4_start: '[2]I;_Assumptions'!$I$10

Sheet Read Me
A1: Read Me Tab
B3: Sheet No. | C3: Sheet Name | D3: Type | E3: Contents | F3: Source (if rel.) | G3: Date of update | H3: Next date of update
B4: 1 | C4: {=RIGHT(CELL("filename",A1),LEN(CELL("filename",A1))-SEARCH("]",CELL("filename",A1)))} -> Read Me | D4: Contents | E4: Contents | F4: - | G4: - | H4: -
B5: 2 | C5: {=RIGHT(CELL("filename",'User Guide'!A1),LEN(CELL("filename",'User Guide'!A1))-SEARCH("]",CELL("filename",'User Guide'!A1)))} -> User Guide | D5: Instructions | E5: Information on HDT workbook | F5: - | G5: - | H5: -
B6: 3 | C6: {=RIGHT(CELL("filename",Dashboard!A1),LEN(CELL("filename",Dashboard!A1))-SEARCH("]",CELL("filename",Dashboard!A1)))} -> Dashboard | D6: Dashboard | E6: Summary graphs that automatically update with data | F6: - | G6: - | H6: -
B7: 4 | C7: {=RIGHT(CELL("filename",'Calculations (All)'!A1),LEN(CELL("filename",'Calculations (All)'!A1))-SEARCH("]",CELL("filename",'Calculations (All)'!A1)))} -> Calculations (All) | D7: Calculations | E7: Aggregated results on HDT classifications for local authorities | F7: - | G7: - | H7: -
B8: 5 | C8: {=RIGHT(CELL("filename",IndividualLATest!A1),LEN(CELL("filename",IndividualLATest!A1))-SEARCH("]",CELL("filename",IndividualLATest!A1)))} -> IndividualLATest | D8: Calculations | E8: HDT calculation page for individual local authorities | F8: - | G8: - | H8: -
B9: 6 | C9: {=RIGHT(CELL("filename",'Sensitivity Tests'!A1),LEN(CELL("filename",'Sensitivity Tests'!A1))-SEARCH("]",CELL("filename",'Sensitivity Tests'!A1)))} -> Sensitivity Tests | D9: Calculations | E9: HDT calculation page for individual local authorities with sensitivity tests | F9: - | G9: 43698 | H9: N/A
B10: 7 | C10: {=RIGHT(CELL("filename",'Major Cities & Towns'!A13),LEN(CELL("filename",'Major Cities & Towns'!A13))-SEARCH("]",CELL("filename",'Major Cities & Towns'!A13)))} -> Major Cities & Towns | D10: Raw Data | E10: Data on major cities and towns to inform 35% uplift adjustment (2021) | F10: https://www.gov.uk/government/consultations/changes-to-the-current-planning-system/outcome/government-response-to-the-local-housing-need-proposals-in-changes-to-the-current-planning-system | G10: 2019 | H10: N/A
B11: 8 | C11: {=RIGHT(CELL("filename",Hshldprojections2018!A1),LEN(CELL("filename",Hshldprojections2018!A1))-SEARCH("]",CELL("filename",Hshldprojections2018!A1)))} -> Hshldprojections2018 | D11: Raw Data | E11: Household projection data (2018) | F11: https://www.ons.gov.uk/peoplepopulationandcommunity/populationandmigration/populationprojections/bulletins/householdprojectionsforengland/2018based | G11: 2017 | H11: N/A
B12: 9 | C12: {=RIGHT(CELL("filename",Hshldprojections2016!A1),LEN(CELL("filename",Hshldprojections2016!A1))-SEARCH("]",CELL("filename",Hshldprojections2016!A1)))} -> Hshldprojections2016 | D12: Raw Data | E12: Household projection data (2016) | F12: https://www.ons.gov.uk/peoplepopulationandcommunity/populationandmigration/populationprojections/datasets/householdprojectionsforengland | G12: 2015 | H12: N/A
B13: 10 | C13: {=RIGHT(CELL("filename",Hshldprojections2014!A1),LEN(CELL("filename",Hshldprojections2014!A1))-SEARCH("]",CELL("filename",Hshldprojections2014!A1)))} -> Hshldprojections2014 | D13: Raw Data | E13: Household projection data (2014) | F13: https://www.gov.uk/government/statistical-data-sets/live-tables-on-household-projections#based-live-tables | G13: 2021 | H13: 01/03/2022-31/03/2022
B14: 11 | C14: {=RIGHT(CELL("filename",AffordabilityRatio!A1),LEN(CELL("filename",AffordabilityRatio!A1))-SEARCH("]",CELL("filename",AffordabilityRatio!A1)))} -> AffordabilityRatio | D14: Raw Data | E14: Data on affordability ratios (2022) | F14: https://www.ons.gov.uk/peoplepopulationandcommunity/housing/datasets/ratioofhousepricetoworkplacebasedearningslowerquartileandmedian | G14: 2021 | H14: N/A
B15: 12 | C15: {=RIGHT(CELL("filename",NetAdditions!A1),LEN(CELL("filename",NetAdditions!A1))-SEARCH("]",CELL("filename",NetAdditions!A1)))} -> NetAdditions | D15: Raw Data | E15: Data on net additions (2020/21) | F15: https://www.gov.uk/government/statistical-data-sets/live-tables-on-affordable-housing-supply | G15: N/A | H15: N/A
B16: 13 | C16: {=RIGHT(CELL("filename",'local-plan-data'!A1),LEN(CELL("filename",'local-plan-data'!A1))-SEARCH("]",CELL("filename",'local-plan-data'!A1)))} -> local-plan-data | D16: Raw Data | E16: Local plan data (2020) | F16: https://local-plans-prototype.herokuapp.com/ | G16: 43530 | H16: N/A
B17: 14 | C17: {=RIGHT(CELL("filename",UrbanRuralClassification!A1),LEN(CELL("filename",UrbanRuralClassification!A1))-SEARCH("]",CELL("filename",UrbanRuralClassification!A1)))} -> UrbanRuralClassification | D17: Raw Data | E17: Data on urban rural classifications (2011) | F17: https://geoportal.statistics.gov.uk/search?collection=Dataset&sort=name&tags=all(PRD_RUC) | G17: 2021 | H17: N/A
B18: 15 | C18: {=RIGHT(CELL("filename",PoliticalControl!A1),LEN(CELL("filename",PoliticalControl!A1))-SEARCH("]",CELL("filename",PoliticalControl!A1)))} -> PoliticalControl | D18: Raw Data | E18: Data on political control (2021) | F18: Sourced internally from the LGA R&I team
B19: 16 | C19: {=RIGHT(CELL("filename",'HDT 2021 Measurement Results'!A1),LEN(CELL("filename",'HDT 2021 Measurement Results'!A1))-SEARCH("]",CELL("filename",'HDT 2021 Measurement Results'!A1)))} -> HDT 2021 Measurement Results | D19: Raw Data | E19: HDT published results (2021) | F19: https://www.google.com/url?sa=t&rct=j&q=&esrc=s&source=web&cd=&ved=2ahUKEwjkp8K4vub2AhV0oVwKHSWQARsQFnoECAMQAQ&url=https%3A%2F%2Fassets.publishing.service.gov.uk%2Fgovernment%2Fuploads%2Fsystem%2Fuploads%2Fattachment_data%2Ffile%2F1046293%2F2021_HDT_Final_Results_.ods&usg=AOvVaw3ZgZCfISkKUJIdHFMBWTyi
B20: NB: The most recent data as per April 2022 was used. Data may need to be updated over time as per new releases of datasets and/or updates to the Government methodology for HDT delivery.

Sheet User Guide
A1: How to use the HDT calculation tool
A3: Introduction
A4: The Housing Delivery Test (HDT) is one of the government's checks and balances, producing an annual sum on housing delivery, with consequences if not reached. This workbook is a tool to help councils predict their HDT performance, avoid consequences, and forward plan.
A6: The formula
A7: HDT (%) = total net homes delivered over a 3 year period / total number of homes required over a 3 year period
A9: The data
A10: Net homes delivered = data published by the Government based on how Councils record the number of new homes built/created each financial year. This data is produced by Councils and submitted to Government via the Housing Reconcilliation Flow data return undertaken annually. Net homes required = the lower of the following figures is used: 1) a figure set by the council in their local plan OR 2) the minimum local housing need (LHN) is used, which is the government's mathematical formula. This LHN figure will also be used if the council's local plan is out of data (over 5 years old). This figure has been adjusted in response to the COVID-19 pandemic (i.e., 8 month period used for 2020/21 and 11 month for 2019/20).
A12: Minimum Local Housing Need (LHN) calculation
A13: Different components needed to calculate the LHN include: - The projected average annual growth over a 10-year period, based on 2014 housing projections for all test years (but you can change this in the sensitivity testing) - Then we adjust this LHN for affordability ratio – this data has been updated for 2020 data which was the most recent dataset available - Then, where the policy was adopted in the last 5 yrs, the LHN is capped at 40% above the average annual housing requirement figure - This figure is adjusted for the 35% uplift to major cities and towns for relevant local authorities - Then the housing requirement accounts for any local authorities who adopted their plan part way through the year – by apportioning the figure based on the number of days in the year
A15: How to use the tool
A16: 1. In the Individual Test sheet select authority name in D3. This will draw the adoption date of your most recent 'housing requirement'. If you have reviewed your 'housing requirement' and found it not to need updating, specify the date of review in D7. 2. If relevant, councils can manually put in data on predictions about the delivery of student or other communal dwellings in columns O-P of the same sheet. 3. Read off column U of the same sheet to see the HDT result (%) for different financial years. Read off column V to see the required action/status of housing delivery given the result in U.
A18: How to use the sensitivity testing
... A30: Please note that this model is based on published data available at the time of the model’s publication (April 2022). As and when new data releases become available, data will need to be updated. Authorities may wish to edit and change variables contained in this model, which they can do in the sensitivity testing. This model has been built in consultation with the sector, based on the needs of local authorities. Please note that whilst the HDT figures produced are a good estimate, these figures cannot be completely guaranteed and may be subject to a small degree of error.

Sheet Dashboard
A1: Dashboard
B3: ONS Code | D3: =VLOOKUP($D$4,'Calculations (All)'!$B$4:$C$322,2,FALSE) -> E07000223
B4: Select Authority | D4: Adur
B5: Region | D5: =VLOOKUP(D3,'Calculations (All)'!A4:J322,4,FALSE) -> SE
B6: Latest adopted housing requirement 2020/21 | D6: =IF(ISNUMBER(VLOOKUP(D3,'Calculations (All)'!A4:J322,10,FALSE)),VLOOKUP(D3,'Calculations (All)'!A4:J322,10,FALSE),"-") -> 177.04762
B7: Minimum Local Housing Need (LHN) figure 2021/22 | D7: =VLOOKUP(D4,'Calculations (All)'!$B$4:$DB$322,69,FALSE) -> 177.04762
B8: Published HDT measurement 2021 | D8: =VLOOKUP($D$4,'HDT 2021 Measurement Results'!$B$5:$L$300,10,FALSE) -> 0.77
B11: Individual Local Authority Graphs | P11: Regional Benchmarking
B13: Changes in HDT Calculation
P14: Select region | R14: EM | T14: Mean
B15: HDT Year | C15: Per cent | D15: HDT Classification
B16: HDT 2021: HDT 2018/19-2020/21 | C16: =VLOOKUP($D$4,'HDT 2021 Measurement Results'!$B$5:$L$300,10,FALSE) -> 0.77 | D16: =IF(Table4[[#This Row],[Per cent]]<0.45, "Presumption", IF(Table4[[#This Row],[Per cent]]<0.85, "Buffer and Action Plan", IF(Table4[[#This Row],[Per cent]]<0.95, "Action Plan", "Pass"))) -> Buffer and Action Plan
B17: HDT 2022: HDT 2019/20-2021/22 | C17: =VLOOKUP($D$4,'Calculations (All)'!$B$4:$EB$322,102,FALSE) -> 0.72952854 | D17: =VLOOKUP($D$4,'Calculations (All)'!$B$4:$EB$322,103,FALSE) -> Buffer and Action Plan | P17: HDT Year | Q17: Per cent | R17: HDT Classification
B18: HDT 2023: HDT 2020/21-2022/23 | C18: =VLOOKUP($D$4,'Calculations (All)'!$B$4:$EB$322,104,FALSE) -> 0.90935137 | D18: =VLOOKUP($D$4,'Calculations (All)'!$B$4:$EB$322,105,FALSE) -> Action Plan | P18: HDT 2021: HDT 2018/19-2020/21 | Q18: =AVERAGEIF('HDT 2021 Measurement Results'!$M$7:$M$300,$R$14,'HDT 2021 Measurement Results'!$K$7:$K$300) -> 1.4240541 | R18: =IF(Table7[[#This Row],[Per cent]]<0.75, "Presumption", IF(Table7[[#This Row],[Per cent]]<0.85, "Buffer and Action Plan", IF(Table7[[#This Row],[Per cent]]<0.95, "Action Plan", "Pass"))) -> Pass
B19: HDT 2024: HDT 2020/21-2023/24 | C19: =VLOOKUP($D$4,'Calculations (All)'!$B$4:$EB$322,106,FALSE) -> 0.59409439 | D19: =VLOOKUP($D$4,'Calculations (All)'!$B$4:$EB$322,107,FALSE) -> Presumption | P19: HDT 2022: HDT 2019/20-2021/22 | Q19: =AVERAGEIF('Calculations (All)'!$D$5:$D$322,$R$14,'Calculations (All)'!CY5:CY322) -> 1.3542661 | R19: =IF(Table7[[#This Row],[Per cent]]<0.75, "Presumption", IF(Table7[[#This Row],[Per cent]]<0.85, "Buffer and Action Plan", IF(Table7[[#This Row],[Per cent]]<0.95, "Action Plan", "Pass"))) -> Pass
B20: HDT 2025: HDT 2020/21-2024/25 | C20: =VLOOKUP($D$4,'Calculations (All)'!$B$4:$EB$322,108,FALSE) -> 0.55392054 | D20: =VLOOKUP($D$4,'Calculations (All)'!$B$4:$EB$322,109,FALSE) -> Presumption | P20: HDT 2023: HDT 2020/21-2022/23 | Q20: =AVERAGEIF('Calculations (All)'!$D$5:$D$322,$R$14,'Calculations (All)'!DA5:DA322) -> 1.228231 | R20: =IF(Table7[[#This Row],[Per cent]]<0.75, "Presumption", IF(Table7[[#This Row],[Per cent]]<0.85, "Buffer and Action Plan", IF(Table7[[#This Row],[Per cent]]<0.95, "Action Plan", "Pass"))) -> Pass
B21: HDT 2026: HDT 2020/21-2025/26 | C21: =VLOOKUP($D$4,'Calculations (All)'!$B$4:$EB$322,110,FALSE) -> 0.54004127 | D21: =VLOOKUP($D$4,'Calculations (All)'!$B$4:$EB$322,111,FALSE) -> Presumption | P21: HDT 2024: HDT 2020/21-2022/24 | Q21: =AVERAGEIF('Calculations (All)'!$D$5:$D$322,$R$14,'Calculations (All)'!DC7:DC325) -> 1.6807875 | R21: =IF(Table7[[#This Row],[Per cent]]<0.75, "Presumption", IF(Table7[[#This Row],[Per cent]]<0.85, "Buffer and Action Plan", IF(Table7[[#This Row],[Per cent]]<0.95, "Action Plan", "Pass"))) -> Pass
B22: * Please note that the HDT 2021 figure is from published Government data. All other HDT figures are calculated using this model. | P22: HDT 2025: HDT 2020/21-2022/25 | Q22: =AVERAGEIF('Calculations (All)'!$D$5:$D$322,$R$14,'Calculations (All)'!DE8:DE326) -> 1.2131525 | R22: =IF(Table7[[#This Row],[Per cent]]<0.75, "Presumption", IF(Table7[[#This Row],[Per cent]]<0.85, "Buffer and Action Plan", IF(Table7[[#This Row],[Per cent]]<0.95, "Action Plan", "Pass"))) -> Pass
P23: HDT 2026: HDT 2020/21-2022/26 | Q23: =AVERAGEIF('Calculations (All)'!$D$5:$D$322,$R$14,'Calculations (All)'!DG9:DG327) -> 1.8006921 | R23: =IF(Table7[[#This Row],[Per cent]]<0.75, "Presumption", IF(Table7[[#This Row],[Per cent]]<0.85, "Buffer and Action Plan", IF(Table7[[#This Row],[Per cent]]<0.95, "Action Plan", "Pass"))) -> Pass
P24: * Please note that the HDT 2021 regional average is from
H25: Key | P25: published Government figures.
H27: Pass = no action required (HDT >=95%)
H28: Action plan = action plan needed (HDT < 95%)
H29: Buffer and action plan = 20% buffer to housing supply
H30: is needed in addition to action plan (HDT < 85%)
H31: Presumption = presumption in favour of sustainable
H32: development applies in addition to action plan and
H33: 20% buffer (HDT < 75%)
P39: HDT Year | Q39: Selected region | R39: Individual Local Authority
P40: HDT 2021: HDT 2018/19-2020/21 | Q40: =Q18 -> 1.4240541 | R40: =C16 -> 0.77
P41: HDT 2022: HDT 2019/20-2021/22 | Q41: =Q19 -> 1.3542661 | R41: =C17 -> 0.72952854
P42: HDT 2023: HDT 2020/21-2022/23 | Q42: =Q20 -> 1.228231 | R42: =C18 -> 0.90935137
P43: HDT 2024: HDT 2020/21-2022/24 | Q43: =Q21 -> 1.6807875 | R43: =C19 -> 0.59409439
P44: HDT 2025: HDT 2020/21-2022/25 | Q44: =Q22 -> 1.2131525 | R44: =C20 -> 0.55392054
B45: Homes required versus net additional dwellings | P45: HDT 2026: HDT 2020/21-2022/26 | Q45: =Q23 -> 1.8006921 | R45: =C21 -> 0.54004127
B47: Year | C47: Net additional housing | D47: Covid-19 adj. homes required
B48: 2018/19 | C48: =VLOOKUP($D$4,'Calculations (All)'!B:DH,74,FALSE) -> 113 | D48: =VLOOKUP($D$4,'Calculations (All)'!$B$4:$DB$322,88,FALSE) -> 457.37302
B49: 2019/20 | C49: =VLOOKUP($D$4,'Calculations (All)'!B:DH,75,FALSE) -> 13 | D49: =VLOOKUP($D$4,'Calculations (All)'!$B$4:$DB$322,89,FALSE) -> 457.37302
B50: 2020/21 | C50: =VLOOKUP($D$4,'Calculations (All)'!B:DH,76,FALSE) -> 209 | D50: =VLOOKUP($D$4,'Calculations (All)'!$B$4:$DB$322,90,FALSE) -> 474.9417
B51: 2022/23 | C51: =VLOOKUP($D$4,'Calculations (All)'!B:DH,77,FALSE) -> 111.66667 | D51: =VLOOKUP($D$4,'Calculations (All)'!$B$4:$DB$322,91,FALSE) -> 617.49759
B52: 2023/24 | C52: =VLOOKUP($D$4,'Calculations (All)'!B:DH,78,FALSE) -> 111.22222 | D52: =VLOOKUP($D$4,'Calculations (All)'!$B$4:$DB$322,92,FALSE) -> 681.44997
B53: 2024/25 | C53: =VLOOKUP($D$4,'Calculations (All)'!B:DH,79,FALSE) -> 143.96296 | D53: =VLOOKUP($D$4,'Calculations (All)'!$B$4:$DB$322,93,FALSE) -> 726
B87: Comparison of housing need calculations based on government policy adjustments
B89: Type of measure | C89: 2018/19 | D89: 2019/20 | E89: 2020/21 | F89: 2021/22 | G89: 2022/23 | H89: 2023/24 | I89: 2024/25 | J89: 2025/26
B90: Latest adopted housing requirement | C90: =VLOOKUP($D$4,'Calculations (All)'!$B$4:$DB$322,10,FALSE) -> 177.04762 | D90: =VLOOKUP($D$4,'Calculations (All)'!$B$4:$DB$322,11,FALSE) -> 177.04762 | E90: =VLOOKUP($D$4,'Calculations (All)'!$B$4:$DB$322,12,FALSE) -> 177.04762 | F90: =VLOOKUP($D$4,'Calculations (All)'!$B$4:$DB$322,13,FALSE) -> 177.04762 | G90: =VLOOKUP($D$4,'Calculations (All)'!$B$4:$DB$322,14,FALSE) -> 177.04762 | H90: =VLOOKUP($D$4,'Calculations (All)'!$B$4:$DB$322,15,FALSE) -> - | I90: =VLOOKUP($D$4,'Calculations (All)'!$B$4:$DB$322,16,FALSE) -> - | J90: =VLOOKUP($D$4,'Calculations (All)'!$B$4:$DB$322,17,FALSE) -> -
B91: Minimum local housing need figure | C91: =VLOOKUP($D$4,'Calculations (All)'!$B$4:$DB$322,66,FALSE) -> 177.04762 | D91: =VLOOKUP($D$4,'Calculations (All)'!$B$4:$DB$322,67,FALSE) -> 177.04762 | E91: =VLOOKUP($D$4,'Calculations (All)'!$B$4:$DB$322,68,FALSE) -> 177.04762 | F91: =VLOOKUP($D$4,'Calculations (All)'!$B$4:$DB$322,69,FALSE) -> 177.04762 | G91: =VLOOKUP($D$4,'Calculations (All)'!$B$4:$DB$322,70,FALSE) -> 197.44997 | H91: =VLOOKUP($D$4,'Calculations (All)'!$B$4:$DB$322,71,FALSE) -> 243 | I91: =VLOOKUP($D$4,'Calculations (All)'!$B$4:$DB$322,72,FALSE) -> 241 | J91: =VLOOKUP($D$4,'Calculations (All)'!$B$4:$DB$322,73,FALSE) -> 242

Sheet Calculations (All)
K1: 43191 | L1: 43556 | M1: 43922 | N1: 44287 | O1: 44652 | P1: 45017 | Q1: 45383 | R1: 45748 | S1: 43191 | T1: 43556 | U1: 43922 | V1: 44287 | W1: 44652 | X1: 45017 | Y1: 45383 | Z1: 45748 | AA1: From this point onwards projections are either 2014 or 2016 and can be changed using the option in the 'individualLATest' sheet | BO1: 43191 | BP1: 43556 | BQ1: 43922 | BR1: 44287 | BS1: 44652 | BT1: 45017 | BU1: 45383 | BV1: 45748 | BW1: 43191 | BX1: 43556 | BY1: 43922 | BZ1: 44287 | CA1: 44652 | CB1: 45017 | CC1: 45383 | CD1: 45748
AA3: =IndividualLATest!$J$7&" projections" -> projections | AB3: =IndividualLATest!$J$7&" projections" -> projections | AC3: =IndividualLATest!$J$7&" projections" -> projections | AD3: =IndividualLATest!$J$7&" projections" -> projections | AE3: =IndividualLATest!$J$7&" projections" -> projections | AF3: =IndividualLATest!$J$7&" projections" -> projections | AG3: =IndividualLATest!$J$7&" projections" -> projections | AH3: =IndividualLATest!$J$7&" projections" -> projections
A4: ONS Code | B4: Local Authority | C4: ONS Code | D4: Region | E4: Political Control | F4: Urban/Rural Classification (narrow) | G4: Urban/Rural Classification (broad) | H4: Plan age | I4: Current local assessment of housing need, based on most recent publically available document (dwellings per annum) | J4: Lower range | K4: plan requirement 2018 | L4: plan requirement 2019 | M4: plan requirement 2020 | N4: plan requirement 2021 | O4: plan requirement 2022 | P4: plan requirement 2023 | Q4: plan requirement 2024 | R4: plan requirement 2025 | S4: Days remaining on plan 2018 | T4: Days remaining on plan 2019 | U4: Days remaining on plan 2020 | V4: Days remaining on plan 2021 | W4: Days remaining on plan 2022 | X4: Days remaining on plan 2023 | Y4: Days remaining on plan 2024 | Z4: Days remaining on plan 2025 | AA4: Hshld change 2018-2028 | AB4: Hshld change 2019-2029 | AC4: Hshld change 2020-2030 | AD4: Hshld change 2021-2031 | AE4: Hshld change 2022-2032 | AF4: Hshld change 2023-2033 | AG4: Hshld change 2024-2034 | AH4: Hshld change 2025-2035 | AI4: Affordability 2018 | AJ4: Affordability 2019 | AK4: Affordability 2020 | AL4: Affordability 2021 | AM4: Affordability 2022 | AN4: Affordability 2023 | AO4: Affordability 2024 | AP4: Affordability 2025 | AQ4: Minimum LHN 2018 | AR4: Minimum LHN 2019 | AS4: Minimum LHN 2020 | AT4: Minimum LHN 2021 | AU4: Minimum LHN 2022 | AV4: Minimum LHN 2023 | AW4: Minimum LHN 2024 | AX4: Minimum LHN 2025 | AY4: Capped LHN 2018 | AZ4: Capped LHN 2019 | BA4: Capped LHN 2020 | BB4: Capped LHN 2021 | BC4: Capped LHN 2022 | BD4: Capped LHN 2023 | BE4: Capped LHN 2024 | BF4: Capped LHN 2025 | BG4: Post-cap 35% uplift for relevant authorities 2018 | BH4: Post-cap 35% uplift for relevant authorities 2019 | BI4: Post-cap 35% uplift for relevant authorities 2020 | BJ4: Post-cap 35% uplift for relevant authorities 2021 | BK4: Post-cap 35% uplift for relevant authorities 2022 | BL4: Post-cap 35% uplift for relevant authorities 2023 | BM4: Post-cap 35% uplift for relevant authorities 2024 | BN4: Post-cap 35% uplift for relevant authorities 2025 | BO4: Apportioned LHN figure 2018 | BP4: Apportioned LHN figure 2019 | BQ4: Apportioned LHN figure 2020 | BR4: Apportioned LHN figure 2021 | BS4: Apportioned LHN figure 2022 | BT4: Apportioned LHN figure 2023 | BU4: Apportioned LHN figure 2024 | BV4: Apportioned LHN figure 2025 | BW4: Net additional dwellings 2018/19 | BX4: Net additional dwellings 2019/20 | BY4: Net additional dwellings 2020/21 | BZ4: Net additional dwellings 2021/22 | CA4: Net additional dwellings 2022/23 | CB4: Net additional dwellings 2023/24 | CC4: Net additional dwellings 2024/25 | CD4: Net additional dwellings 2025/26 | CE4: Homes required 2018/19-2020/21 | CF4: Homes required 2019/20-2021/22 | CG4: homes required 2020/21-2022/23 | CH4: homes required 2021/22-2023/24 | CI4: homes required 2022/23-2024/25 | CJ4: homes required 2023/24-2025/26 | CK4: COVID-19 adj. Homes required 2018/19-2020/21 | CL4: COVID-19 adj. Homes required 2019/20-2021/22 | CM4: COVID-19 adj. Homes required 2020/21-2022/23 | CN4: COVID-19 adj. homes required 2021/22-2023/24 | CO4: COVID-19 adj. homes required 2022/23-2024/25 | CP4: COVID-19 adj. homes required 2023/24-2025/26 | CQ4: Homes delivered 2018/19-2020/21 | CR4: Homes delivered 2019/20-2020/22 | CS4: Homes delivered 2020/21-2020/23 | CT4: Homes delivered 2021/22-2023/24 | CU4: Homes delivered 2022/23-2024/25 | CV4: Homes delivered 2023/24-2025/26 | CW4: HDT 2021 | CX4: HDT 2021 classification | CY4: HDT 2022 | CZ4: HDT 2022 classification | DA4: HDT 2023 | DB4: HDT 2023 classification | DC4: HDT 2024 | DD4: HDT 2024 classification | DE4: HDT 2025 | DF4: HDT 2025 classification | DG4: HDT 2026 | DH4: HDT 2026 classification
A5: E07000223 | B5: Adur | C5: E07000223 | D5: SE | E5: =VLOOKUP(C5,PoliticalControl!A:K,11,FALSE) -> CON | F5: =VLOOKUP(C5,UrbanRuralClassification!A:N,13,FALSE) -> Urban with City and Town | G5: =VLOOKUP(C5,UrbanRuralClassification!A:N,14,FALSE) -> Predominantly Urban | H5: =IF(ISBLANK((VLOOKUP($A5,'local-plan-data'!$C$1:$AD$566,27,FALSE)))=TRUE,"",VLOOKUP($A5,'local-plan-data'!$C$1:$AD$566,27,FALSE)) -> 43083 | I5: =VLOOKUP($A5,'local-plan-data'!$C$1:$AD$566,28,FALSE) -> 177.04762 | J5: =IFERROR(IF(ISNUMBER(I5),I5,VALUE(LEFT(I5,FIND("-",I5)-1))),"-") -> 177.04762 | K5: =IF(AND(ISNUMBER($H5),ISNUMBER($J5)),IF(($H5-K$1>0),$J5,IF(DATEDIF($H5,K$1,"y")<5,$J5,"-")),"-") -> 177.04762 | L5: =IF(AND(ISNUMBER($H5),ISNUMBER($J5)),IF(($H5-L$1>0),$J5,IF(DATEDIF($H5,L$1,"y")<5,$J5,"-")),"-") -> 177.04762 | M5: =IF(AND(ISNUMBER($H5),ISNUMBER($J5)),IF(($H5-M$1>0),$J5,IF(DATEDIF($H5,M$1,"y")<5,$J5,"-")),"-") -> 177.04762 | N5: =IF(AND(ISNUMBER($H5),ISNUMBER($J5)),IF(($H5-N$1>0),$J5,IF(DATEDIF($H5,N$1,"y")<5,$J5,"-")),"-") -> 177.04762 | O5: =IF(AND(ISNUMBER($H5),ISNUMBER($J5)),IF(($H5-O$1>0),$J5,IF(DATEDIF($H5,O$1,"y")<5,$J5,"-")),"-") -> 177.04762 | P5: =IF(AND(ISNUMBER($H5),ISNUMBER($J5)),IF(($H5-P$1>0),$J5,IF(DATEDIF($H5,P$1,"y")<5,$J5,"-")),"-") -> - | Q5: =IF(AND(ISNUMBER($H5),ISNUMBER($J5)),IF(($H5-Q$1>0),$J5,IF(DATEDIF($H5,Q$1,"y")<5,$J5,"-")),"-") -> - | R5: =IF(AND(ISNUMBER($H5),ISNUMBER($J5)),IF(($H5-R$1>0),$J5,IF(DATEDIF($H5,R$1,"y")<5,$J5,"-")),"-") -> - | S5: =IFERROR((EDATE($H5,60))-S$1,"-") -> 1718 | T5: =IFERROR((EDATE($H5,60))-T$1,"-") -> 1353 | U5: =IFERROR((EDATE($H5,60))-U$1,"-") -> 987 | V5: =IFERROR((EDATE($H5,60))-V$1,"-") -> 622 | W5: =IFERROR((EDATE($H5,60))-W$1,"-") -> 257 | X5: =IFERROR((EDATE($H5,60))-X$1,"-") -> -108 | Y5: =IFERROR((EDATE($H5,60))-Y$1,"-") -> -474 | Z5: =IFERROR((EDATE($H5,60))-Z$1,"-") -> -839 | AA5: =(VLOOKUP(A5,Hshldprojections2014!$A$2:$AW$319,40, FALSE)-VLOOKUP(A5,Hshldprojections2014!$A$2:$AW$319,30, FALSE))/10 -> 305.5 | AB5: =(VLOOKUP(A5,Hshldprojections2014!$A$2:$AW$319,41, FALSE)-VLOOKUP(A5,Hshldprojections2014!$A$2:$AW$319,31, FALSE))/10 -> 308.8 | AC5: =(VLOOKUP(A5,Hshldprojections2014!$A$2:$AW$319,42, FALSE)-VLOOKUP(A5,Hshldprojections2014!$A$2:$AW$319,32, FALSE))/10 -> 312.5 | AD5: =IF(IndividualLATest!$J$7=2014,(VLOOKUP($A5,Hshldprojections2014!$A$2:$AY$326,43,FALSE)-VLOOKUP($A5,Hshldprojections2014!$A$2:$AY$326,33,FALSE))/10,IF(IndividualLATest!$J$7=2016,(VLOOKUP($A5,Hshldprojections2016!$A$1:$AQ$322,33,FALSE)-VLOOKUP($A5,Hshldprojections2016!$A$1:$AQ$322,23,FALSE))/10,(VLOOKUP($A5,Hshldprojections2018!$A$1:$AQ$327,33,FALSE)-VLOOKUP($A5,Hshldprojections2018!$A$1:$AQ$327,23,FALSE))/10)) -> 155.2 | AE5: =IF(IndividualLATest!$J$7=2014,(VLOOKUP($A5,Hshldprojections2014!$A$2:$AY$326,44,FALSE)-VLOOKUP($A5,Hshldprojections2014!$A$2:$AY$326,34,FALSE))/10,IF(IndividualLATest!$J$7=2016,(VLOOKUP($A5,Hshldprojections2016!$A$1:$AQ$322,34,FALSE)-VLOOKUP($A5,Hshldprojections2016!$A$1:$AQ$322,24,FALSE))/10,(VLOOKUP($A5,Hshldprojections2018!$A$1:$AQ$327,34,FALSE)-VLOOKUP($A5,Hshldprojections2018!$A$1:$AQ$327,24,FALSE))/10)) -> 154.6 | AF5: =IF(IndividualLATest!$J$7=2014,(VLOOKUP($A5,Hshldprojections2014!$A$2:$AY$326,45,FALSE)-VLOOKUP($A5,Hshldprojections2014!$A$2:$AY$326,35,FALSE))/10,IF(IndividualLATest!$J$7=2016,(VLOOKUP($A5,Hshldprojections2016!$A$1:$AQ$322,35,FALSE)-VLOOKUP($A5,Hshldprojections2016!$A$1:$AQ$322,25,FALSE))/10,(VLOOKUP($A5,Hshldprojections2018!$A$1:$AQ$327,35,FALSE)-VLOOKUP($A5,Hshldprojections2018!$A$1:$AQ$327,25,FALSE))/10)) -> 153.3 | AG5: =IF(IndividualLATest!$J$7=2014,(VLOOKUP($A5,Hshldprojections2014!$A$2:$AY$326,46,FALSE)-VLOOKUP($A5,Hshldprojections2014!$A$2:$AY$326,36,FALSE))/10,IF(IndividualLATest!$J$7=2016,(VLOOKUP($A5,Hshldprojections2016!$A$1:$AQ$322,36,FALSE)-VLOOKUP($A5,Hshldprojections2016!$A$1:$AQ$322,26,FALSE))/10,(VLOOKUP($A5,Hshldprojections2018!$A$1:$AQ$327,36,FALSE)-VLOOKUP($A5,Hshldprojections2018!$A$1:$AQ$327,26,FALSE))/10)) -> 151.8 | AH5: =IF(IndividualLATest!$J$7=2014,(VLOOKUP($A5,Hshldprojections2014!$A$2:$AY$326,47,FALSE)-VLOOKUP($A5,Hshldprojections2014!$A$2:$AY$326,37,FALSE))/10,IF(IndividualLATest!$J$7=2016,(VLOOKUP($A5,Hshldprojections2016!$A$1:$AQ$322,37,FALSE)-VLOOKUP($A5,Hshldprojections2016!$A$1:$AQ$322,27,FALSE))/10,(VLOOKUP($A5,Hshldprojections2018!$A$1:$AQ$327,37,FALSE)-VLOOKUP($A5,Hshldprojections2018!$A$1:$AQ$327,27,FALSE))/10)) -> 152.2 | AI5: =VLOOKUP($A5,AffordabilityRatio!$A$2:$I$321,5,FALSE) -> 11.59 | AJ5: =VLOOKUP($A5,AffordabilityRatio!$A$2:$I$321,6,FALSE) -> 11.81 | AK5: =VLOOKUP($A5,AffordabilityRatio!$A$2:$I$321,7,FALSE) -> 11.49 | AL5: =IF((VLOOKUP($A5,AffordabilityRatio!$A$2:$I$321,8,FALSE))="",AK5,VLOOKUP($A5,AffordabilityRatio!$A$2:$I$321,8,FALSE)) -> 11.52 | AM5: =IF((VLOOKUP($A5,AffordabilityRatio!$A$2:$I$321,9,FALSE))="",AL5,VLOOKUP($A5,AffordabilityRatio!$A$2:$I$321,9,FALSE)) -> 13.41 | AN5: =IF((VLOOKUP($A5,AffordabilityRatio!$A$2:$I$321,9,FALSE))="",AM5,VLOOKUP($A5,AffordabilityRatio!$A$2:$I$321,9,FALSE)) -> 13.41 | AO5: =IF((VLOOKUP($A5,AffordabilityRatio!$A$2:$I$321,9,FALSE))="",AN5,VLOOKUP($A5,AffordabilityRatio!$A$2:$I$321,9,FALSE)) -> 13.41 | AP5: =IF((VLOOKUP($A5,AffordabilityRatio!$A$2:$I$321,9,FALSE))="",AO5,VLOOKUP($A5,AffordabilityRatio!$A$2:$I$321,9,FALSE)) -> 13.41 | AQ5: =IF(AA5<0,0,IF(AI5>4,ROUND((1+((AI5-4)/4*0.25))*AA5,0),AA5)) -> 450 | AR5: =IF(AB5<0,0,IF(AJ5>4,ROUND((1+((AJ5-4)/4*0.25))*AB5,0),AB5)) -> 460 | AS5: =IF(AC5<0,0,IF(AK5>4,ROUND((1+((AK5-4)/4*0.25))*AC5,0),AC5)) -> 459 | AT5: =IF(AD5<0,0,IF(AL5>4,ROUND((1+((AL5-4)/4*0.25))*AD5,0),AD5)) -> 228 | AU5: =IF(AE5<0,0,IF(AM5>4,ROUND((1+((AM5-4)/4*0.25))*AE5,0),AE5)) -> 246 | AV5: =IF(AF5<0,0,IF(AN5>4,ROUND((1+((AN5-4)/4*0.25))*AF5,0),AF5)) -> 243 | AW5: =IF(AG5<0,0,IF(AO5>4,ROUND((1+((AO5-4)/4*0.25))*AG5,0),AG5)) -> 241 | AX5: =IF(AH5<0,0,IF(AP5>4,ROUND((1+((AP5-4)/4*0.25))*AH5,0),AH5)) -> 242 | AY5: =IF(AA5<0,0,IF(K5="-",MIN((MAX(J5, AA5)+((MAX(J5, AA5))*0.4)),AQ5),MIN(K5+(K5*0.4),AQ5))) -> 247.86667 | AZ5: =IF(AB5<0,0,IF(L5="-",MIN((MAX(J5, AB5)+((MAX(J5, AB5))*0.4)),AR5),MIN(L5+(L5*0.4),AR5))) -> 247.86667 | BA5: =IF(AC5<0,0,IF(M5="-",MIN((MAX(J5, AC5)+((MAX(J5, AC5))*0.4)),AS5),MIN(M5+(M5*0.4),AS5))) -> 247.86667 | BB5: =IF(AD5<0,0,IF(N5="-",MIN((MAX(J5, AD5)+((MAX(J5, AD5))*0.4)),AT5),MIN(N5+(N5*0.4),AT5))) -> 228 | BC5: =IF(AE5<0,0,IF(O5="-",MIN((MAX(J5, AE5)+((MAX(J5, AE5))*0.4)),AU5),MIN(O5+(O5*0.4),AU5))) -> 246 | BD5: =IF(AF5<0,0,IF(P5="-",MIN((MAX(J5, AF5)+((MAX(J5, AF5))*0.4)),AV5),MIN(P5+(P5*0.4),AV5))) -> 243 | BE5: =IF(AG5<0,0,IF(Q5="-",MIN((MAX(J5, AG5)+((MAX(J5, AG5))*0.4)),AW5),MIN(Q5+(Q5*0.4),AW5))) -> 241 | BF5: =IF(AH5<0,0,IF(R5="-",MIN((MAX(J5, AH5)+((MAX(J5, AH5))*0.4)),AX5),MIN(R5+(R5*0.4),AX5))) -> 242 | BG5: =AY5*VLOOKUP($B5,'Major Cities & Towns'!$A$28:$B$345,2,FALSE) -> 247.86667 | BH5: =AZ5*VLOOKUP($B5,'Major Cities & Towns'!$A$28:$B$345,2,FALSE) -> 247.86667 | BI5: =BA5*VLOOKUP($B5,'Major Cities & Towns'!$A$28:$B$345,2,FALSE) -> 247.86667 | BJ5: =BB5*VLOOKUP($B5,'Major Cities & Towns'!$A$28:$B$345,2,FALSE) -> 228 | BK5: =BC5*VLOOKUP($B5,'Major Cities & Towns'!$A$28:$B$345,2,FALSE) -> 246 | BL5: =BD5*VLOOKUP($B5,'Major Cities & Towns'!$A$28:$B$345,2,FALSE) -> 243 | BM5: =BE5*VLOOKUP($B5,'Major Cities & Towns'!$A$28:$B$345,2,FALSE) -> 241 | BN5: =BF5*VLOOKUP($B5,'Major Cities & Towns'!$A$28:$B$345,2,FALSE) -> 242 | BO5: =IFERROR(IF(AND(S5<365,S5>0),SUM(((S5/365)*(MIN(K5,BG5)))+(((365-S5)/365)*AQ5)),(MIN(K5,AQ5))),AQ5) -> 177.04762 | BP5: =IFERROR(IF(AND(T5<365,T5>0),SUM(((T5/365)*(MIN(L5,BH5)))+(((365-T5)/365)*AR5)),(MIN(L5,AR5))),AR5) -> 177.04762 | BQ5: =IFERROR(IF(AND(U5<365,U5>0),SUM(((U5/365)*(MIN(M5,BI5)))+(((365-U5)/365)*AS5)),(MIN(M5,AS5))),AS5) -> 177.04762 | BR5: =IFERROR(IF(AND(V5<365,V5>0),SUM(((V5/365)*(MIN(N5,BJ5)))+(((365-V5)/365)*AT5)),(MIN(N5,AT5))),AT5) -> 177.04762 | BS5: =IFERROR(IF(AND(W5<365,W5>0),SUM(((W5/365)*(MIN(O5,BK5)))+(((365-W5)/365)*AU5)),(MIN(O5,AU5))),AU5) -> 197.44997 | BT5: =IFERROR(IF(AND(X5<365,X5>0),SUM(((X5/365)*(MIN(P5,BL5)))+(((365-X5)/365)*AV5)),(MIN(P5,AV5))),AV5) -> 243 | BU5: =IFERROR(IF(AND(Y5<365,Y5>0),SUM(((Y5/365)*(MIN(Q5,BM5)))+(((365-Y5)/365)*AW5)),(MIN(Q5,AW5))),AW5) -> 241 | BV5: =IFERROR(IF(AND(Z5<365,Z5>0),SUM(((Z5/365)*(MIN(R5,BN5)))+(((365-Z5)/365)*AX5)),(MIN(R5,AX5))),AX5) -> 242 | BW5: =VLOOKUP($A5,NetAdditions!$A$2:$H$336,6,FALSE) -> 113 | BX5: =VLOOKUP($A5,NetAdditions!$A$2:$H$336,7,FALSE) -> 13 | BY5: =IF((VLOOKUP($C5,NetAdditions!$A$2:$H$336,8,FALSE))="",(AVERAGE(VLOOKUP($C5,NetAdditions!$A$2:$H$336,5,FALSE),VLOOKUP($C5,NetAdditions!$A$2:$H$336,6,FALSE),VLOOKUP($C5,NetAdditions!$A$2:$H$336,7,FALSE))),VLOOKUP($C5,NetAdditions!$A$2:$H$336,8,FALSE)) -> 209 | BZ5: =AVERAGE(BW5:BY5) -> 111.66667 | CA5: =AVERAGE(BX5:BZ5) -> 111.22222 | CB5: =AVERAGE(BY5:CA5) -> 143.96296 | CC5: =AVERAGE(BZ5:CB5) -> 122.28395 | CD5: =AVERAGE(CA5:CC5) -> 125.82305 | CE5: =SUM(BO5:BQ5) -> 531.14286 | CF5: =SUM(BP5:BR5) -> 531.14286 | CG5: =SUM(BQ5:BS5) -> 551.54521 | CH5: =SUM(BR5:BT5) -> 617.49759 | CI5: =SUM(BS5:BU5) -> 681.44997 | CJ5: =SUM(BT5:BV5) -> 726 | CK5: =CE5*((24+7)/36) -> 457.37302 | CL5: =CF5*((24+7)/36) -> 457.37302 | CM5: =CG5*((24+7)/36) -> 474.9417 | CN5: =CH5 -> 617.49759 | CO5: =CI5 -> 681.44997 | CP5: =CJ5 -> 726 | CQ5: =SUM(BW5:BY5) -> 335 | CR5: =SUM(BX5:BZ5) -> 333.66667 | CS5: =SUM(BY5:CA5) -> 431.88889 | CT5: =SUM(BZ5:CB5) -> 366.85185 | CU5: =SUM(CA5:CC5) -> 377.46914 | CV5: =SUM(CB5:CD5) -> 392.06996 | CW5: =IFERROR(CQ5/CK5,"-") -> 0.73244373 | CX5: =IF(CW5<0.25, "Presumption", IF(CW5<0.85, "Buffer and Action Plan", IF(CW5<0.95, "Action Plan", "Pass"))) -> Buffer and Action Plan | CY5: =IFERROR(CR5/CL5,"-") -> 0.72952854 | CZ5: =IF(CY5<0.45, "Presumption", IF(CY5<0.85, "Buffer and Action Plan", IF(CY5<0.95, "Action Plan", "Pass"))) -> Buffer and Action Plan | DA5: =IFERROR(CS5/CM5,"-") -> 0.90935137 | DB5: =IF(DA5<0.75, "Presumption", IF(DA5<0.85, "Buffer and Action Plan", IF(DA5<0.95, "Action Plan", "Pass"))) -> Action Plan | DC5: =IFERROR(CT5/CN5,"-") -> 0.59409439 | DD5: =IF(DC5<0.75, "Presumption", IF(DC5<0.85, "Buffer and Action Plan", IF(DC5<0.95, "Action Plan", "Pass"))) -> Presumption | DE5: =IFERROR(CU5/CO5,"-") -> 0.55392054 | DF5: =IF(DE5<0.75, "Presumption", IF(DE5<0.85, "Buffer and Action Plan", IF(DE5<0.95, "Action Plan", "Pass"))) -> Presumption | DG5: =IFERROR(CV5/CP5,"-") -> 0.54004127 | DH5: =IF(DG5<0.75, "Presumption", IF(DG5<0.85, "Buffer and Action Plan", IF(DG5<0.95, "Action Plan", "Pass"))) -> Presumption
A6: E07000026 | B6: Allerdale | C6: E07000026 | D6: NW | E6: =VLOOKUP(C6,PoliticalControl!A:K,11,FALSE) -> NOC | F6: =VLOOKUP(C6,UrbanRuralClassification!A:N,13,FALSE) -> Mainly Rural (rural including hub towns >=80%) | G6: =VLOOKUP(C6,UrbanRuralClassification!A:N,14,FALSE) -> Predominantly Rural | H6: =IF(ISBLANK((VLOOKUP($A6,'local-plan-data'!$C$1:$AD$566,27,FALSE)))=TRUE,"",VLOOKUP($A6,'local-plan-data'!$C$1:$AD$566,27,FALSE)) -> 41836 | I6: =VLOOKUP($A6,'local-plan-data'!$C$1:$AD$566,28,FALSE) -> 304 | J6: =IFERROR(IF(ISNUMBER(I6),I6,VALUE(LEFT(I6,FIND("-",I6)-1))),"-") -> 304 | K6: =IF(AND(ISNUMBER($H6),ISNUMBER($J6)),IF(($H6-K$1>0),$J6,IF(DATEDIF($H6,K$1,"y")<5,$J6,"-")),"-") -> 304 | L6: =IF(AND(ISNUMBER($H6),ISNUMBER($J6)),IF(($H6-L$1>0),$J6,IF(DATEDIF($H6,L$1,"y")<5,$J6,"-")),"-") -> 304 | M6: =IF(AND(ISNUMBER($H6),ISNUMBER($J6)),IF(($H6-M$1>0),$J6,IF(DATEDIF($H6,M$1,"y")<5,$J6,"-")),"-") -> - | N6: =IF(AND(ISNUMBER($H6),ISNUMBER($J6)),IF(($H6-N$1>0),$J6,IF(DATEDIF($H6,N$1,"y")<5,$J6,"-")),"-") -> - | O6: =IF(AND(ISNUMBER($H6),ISNUMBER($J6)),IF(($H6-O$1>0),$J6,IF(DATEDIF($H6,O$1,"y")<5,$J6,"-")),"-") -> - | P6: =IF(AND(ISNUMBER($H6),ISNUMBER($J6)),IF(($H6-P$1>0),$J6,IF(DATEDIF($H6,P$1,"y")<5,$J6,"-")),"-") -> - | Q6: =IF(AND(ISNUMBER($H6),ISNUMBER($J6)),IF(($H6-Q$1>0),$J6,IF(DATEDIF($H6,Q$1,"y")<5,$J6,"-")),"-") -> - | R6: =IF(AND(ISNUMBER($H6),ISNUMBER($J6)),IF(($H6-R$1>0),$J6,IF(DATEDIF($H6,R$1,"y")<5,$J6,"-")),"-") -> - | S6: =IFERROR((EDATE($H6,60))-S$1,"-") -> 471 | T6: =IFERROR((EDATE($H6,60))-T$1,"-") -> 106 | U6: =IFERROR((EDATE($H6,60))-U$1,"-") -> -260 | V6: =IFERROR((EDATE($H6,60))-V$1,"-") -> -625 | W6: =IFERROR((EDATE($H6,60))-W$1,"-") -> -990 | X6: =IFERROR((EDATE($H6,60))-X$1,"-") -> -1355 | Y6: =IFERROR((EDATE($H6,60))-Y$1,"-") -> -1721 | Z6: =IFERROR((EDATE($H6,60))-Z$1,"-") -> -2086 | AA6: =(VLOOKUP(A6,Hshldprojections2014!$A$2:$AW$319,40, FALSE)-VLOOKUP(A6,Hshldprojections2014!$A$2:$AW$319,30, FALSE))/10 -> 102.5 | AB6: =(VLOOKUP(A6,Hshldprojections2014!$A$2:$AW$319,41, FALSE)-VLOOKUP(A6,Hshldprojections2014!$A$2:$AW$319,31, FALSE))/10 -> 95.3 | AC6: =(VLOOKUP(A6,Hshldprojections2014!$A$2:$AW$319,42, FALSE)-VLOOKUP(A6,Hshldprojections2014!$A$2:$AW$319,32, FALSE))/10 -> 90.7 | AD6: =IF(IndividualLATest!$J$7=2014,(VLOOKUP($A6,Hshldprojections2014!$A$2:$AY$326,43,FALSE)-VLOOKUP($A6,Hshldprojections2014!$A$2:$AY$326,33,FALSE))/10,IF(IndividualLATest!$J$7=2016,(VLOOKUP($A6,Hshldprojections2016!$A$1:$AQ$322,33,FALSE)-VLOOKUP($A6,Hshldprojections2016!$A$1:$AQ$322,23,FALSE))/10,(VLOOKUP($A6,Hshldprojections2018!$A$1:$AQ$327,33,FALSE)-VLOOKUP($A6,Hshldprojections2018!$A$1:$AQ$327,23,FALSE))/10)) -> 110.8 | AE6: =IF(IndividualLATest!$J$7=2014,(VLOOKUP($A6,Hshldprojections2014!$A$2:$AY$326,44,FALSE)-VLOOKUP($A6,Hshldprojections2014!$A$2:$AY$326,34,FALSE))/10,IF(IndividualLATest!$J$7=2016,(VLOOKUP($A6,Hshldprojections2016!$A$1:$AQ$322,34,FALSE)-VLOOKUP($A6,Hshldprojections2016!$A$1:$AQ$322,24,FALSE))/10,(VLOOKUP($A6,Hshldprojections2018!$A$1:$AQ$327,34,FALSE)-VLOOKUP($A6,Hshldprojections2018!$A$1:$AQ$327,24,FALSE))/10)) -> 100.8 | AF6: =IF(IndividualLATest!$J$7=2014,(VLOOKUP($A6,Hshldprojections2014!$A$2:$AY$326,45,FALSE)-VLOOKUP($A6,Hshldprojections2014!$A$2:$AY$326,35,FALSE))/10,IF(IndividualLATest!$J$7=2016,(VLOOKUP($A6,Hshldprojections2016!$A$1:$AQ$322,35,FALSE)-VLOOKUP($A6,Hshldprojections2016!$A$1:$AQ$322,25,FALSE))/10,(VLOOKUP($A6,Hshldprojections2018!$A$1:$AQ$327,35,FALSE)-VLOOKUP($A6,Hshldprojections2018!$A$1:$AQ$327,25,FALSE))/10)) -> 94.1 | AG6: =IF(IndividualLATest!$J$7=2014,(VLOOKUP($A6,Hshldprojections2014!$A$2:$AY$326,46,FALSE)-VLOOKUP($A6,Hshldprojections2014!$A$2:$AY$326,36,FALSE))/10,IF(IndividualLATest!$J$7=2016,(VLOOKUP($A6,Hshldprojections2016!$A$1:$AQ$322,36,FALSE)-VLOOKUP($A6,Hshldprojections2016!$A$1:$AQ$322,26,FALSE))/10,(VLOOKUP($A6,Hshldprojections2018!$A$1:$AQ$327,36,FALSE)-VLOOKUP($A6,Hshldprojections2018!$A$1:$AQ$327,26,FALSE))/10)) -> 89.8 | AH6: =IF(IndividualLATest!$J$7=2014,(VLOOKUP($A6,Hshldprojections2014!$A$2:$AY$326,47,FALSE)-VLOOKUP($A6,Hshldprojections2014!$A$2:$AY$326,37,FALSE))/10,IF(IndividualLATest!$J$7=2016,(VLOOKUP($A6,Hshldprojections2016!$A$1:$AQ$322,37,FALSE)-VLOOKUP($A6,Hshldprojections2016!$A$1:$AQ$322,27,FALSE))/10,(VLOOKUP($A6,Hshldprojections2018!$A$1:$AQ$327,37,FALSE)-VLOOKUP($A6,Hshldprojections2018!$A$1:$AQ$327,27,FALSE))/10)) -> 87.7 | AI6: =VLOOKUP($A6,AffordabilityRatio!$A$2:$I$321,5,FALSE) -> 6.47 | AJ6: =VLOOKUP($A6,AffordabilityRatio!$A$2:$I$321,6,FALSE) -> 6.65 | AK6: =VLOOKUP($A6,AffordabilityRatio!$A$2:$I$321,7,FALSE) -> 6.69 | AL6: =IF((VLOOKUP($A6,AffordabilityRatio!$A$2:$I$321,8,FALSE))="",AK6,VLOOKUP($A6,AffordabilityRatio!$A$2:$I$321,8,FALSE)) -> 6.09 | AM6: =IF((VLOOKUP($A6,AffordabilityRatio!$A$2:$I$321,9,FALSE))="",AL6,VLOOKUP($A6,AffordabilityRatio!$A$2:$I$321,9,FALSE)) -> 6.6 | AN6: =IF((VLOOKUP($A6,AffordabilityRatio!$A$2:$I$321,9,FALSE))="",AM6,VLOOKUP($A6,AffordabilityRatio!$A$2:$I$321,9,FALSE)) -> 6.6 | AO6: =IF((VLOOKUP($A6,AffordabilityRatio!$A$2:$I$321,9,FALSE))="",AN6,VLOOKUP($A6,AffordabilityRatio!$A$2:$I$321,9,FALSE)) -> 6.6 | AP6: =IF((VLOOKUP($A6,AffordabilityRatio!$A$2:$I$321,9,FALSE))="",AO6,VLOOKUP($A6,AffordabilityRatio!$A$2:$I$321,9,FALSE)) -> 6.6 | AQ6: =IF(AA6<0,0,IF(AI6>4,ROUND((1+((AI6-4)/4*0.25))*AA6,0),AA6)) -> 118 | AR6: =IF(AB6<0,0,IF(AJ6>4,ROUND((1+((AJ6-4)/4*0.25))*AB6,0),AB6)) -> 111 | AS6: =IF(AC6<0,0,IF(AK6>4,ROUND((1+((AK6-4)/4*0.25))*AC6,0),AC6)) -> 106 | AT6: =IF(AD6<0,0,IF(AL6>4,ROUND((1+((AL6-4)/4*0.25))*AD6,0),AD6)) -> 125 | AU6: =IF(AE6<0,0,IF(AM6>4,ROUND((1+((AM6-4)/4*0.25))*AE6,0),AE6)) -> 117 | AV6: =IF(AF6<0,0,IF(AN6>4,ROUND((1+((AN6-4)/4*0.25))*AF6,0),AF6)) -> 109 | AW6: =IF(AG6<0,0,IF(AO6>4,ROUND((1+((AO6-4)/4*0.25))*AG6,0),AG6)) -> 104 | AX6: =IF(AH6<0,0,IF(AP6>4,ROUND((1+((AP6-4)/4*0.25))*AH6,0),AH6)) -> 102 | AY6: =IF(AA6<0,0,IF(K6="-",MIN((MAX(J6, AA6)+((MAX(J6, AA6))*0.4)),AQ6),MIN(K6+(K6*0.4),AQ6))) -> 118 | AZ6: =IF(AB6<0,0,IF(L6="-",MIN((MAX(J6, AB6)+((MAX(J6, AB6))*0.4)),AR6),MIN(L6+(L6*0.4),AR6))) -> 111 | BA6: =IF(AC6<0,0,IF(M6="-",MIN((MAX(J6, AC6)+((MAX(J6, AC6))*0.4)),AS6),MIN(M6+(M6*0.4),AS6))) -> 106 | BB6: =IF(AD6<0,0,IF(N6="-",MIN((MAX(J6, AD6)+((MAX(J6, AD6))*0.4)),AT6),MIN(N6+(N6*0.4),AT6))) -> 125 | BC6: =IF(AE6<0,0,IF(O6="-",MIN((MAX(J6, AE6)+((MAX(J6, AE6))*0.4)),AU6),MIN(O6+(O6*0.4),AU6))) -> 117 | BD6: =IF(AF6<0,0,IF(P6="-",MIN((MAX(J6, AF6)+((MAX(J6, AF6))*0.4)),AV6),MIN(P6+(P6*0.4),AV6))) -> 109 | BE6: =IF(AG6<0,0,IF(Q6="-",MIN((MAX(J6, AG6)+((MAX(J6, AG6))*0.4)),AW6),MIN(Q6+(Q6*0.4),AW6))) -> 104 | BF6: =IF(AH6<0,0,IF(R6="-",MIN((MAX(J6, AH6)+((MAX(J6, AH6))*0.4)),AX6),MIN(R6+(R6*0.4),AX6))) -> 102 | BG6: =AY6*VLOOKUP($B6,'Major Cities & Towns'!$A$28:$B$345,2,FALSE) -> 118 | BH6: =AZ6*VLOOKUP($B6,'Major Cities & Towns'!$A$28:$B$345,2,FALSE) -> 111 | BI6: =BA6*VLOOKUP($B6,'Major Cities & Towns'!$A$28:$B$345,2,FALSE) -> 106 | BJ6: =BB6*VLOOKUP($B6,'Major Cities & Towns'!$A$28:$B$345,2,FALSE) -> 125 | BK6: =BC6*VLOOKUP($B6,'Major Cities & Towns'!$A$28:$B$345,2,FALSE) -> 117 | BL6: =BD6*VLOOKUP($B6,'Major Cities & Towns'!$A$28:$B$345,2,FALSE) -> 109 | BM6: =BE6*VLOOKUP($B6,'Major Cities & Towns'!$A$28:$B$345,2,FALSE) -> 104 | BN6: =BF6*VLOOKUP($B6,'Major Cities & Towns'!$A$28:$B$345,2,FALSE) -> 102 | BO6: =IFERROR(IF(AND(S6<365,S6>0),SUM(((S6/365)*(MIN(K6,BG6)))+(((365-S6)/365)*AQ6)),(MIN(K6,AQ6))),AQ6) -> 118 | BP6: =IFERROR(IF(AND(T6<365,T6>0),SUM(((T6/365)*(MIN(L6,BH6)))+(((365-T6)/365)*AR6)),(MIN(L6,AR6))),AR6) -> 111 | BQ6: =IFERROR(IF(AND(U6<365,U6>0),SUM(((U6/365)*(MIN(M6,BI6)))+(((365-U6)/365)*AS6)),(MIN(M6,AS6))),AS6) -> 106 | BR6: =IFERROR(IF(AND(V6<365,V6>0),SUM(((V6/365)*(MIN(N6,BJ6)))+(((365-V6)/365)*AT6)),(MIN(N6,AT6))),AT6) -> 125 | BS6: =IFERROR(IF(AND(W6<365,W6>0),SUM(((W6/365)*(MIN(O6,BK6)))+(((365-W6)/365)*AU6)),(MIN(O6,AU6))),AU6) -> 117 | BT6: =IFERROR(IF(AND(X6<365,X6>0),SUM(((X6/365)*(MIN(P6,BL6)))+(((365-X6)/365)*AV6)),(MIN(P6,AV6))),AV6) -> 109 | BU6: =IFERROR(IF(AND(Y6<365,Y6>0),SUM(((Y6/365)*(MIN(Q6,BM6)))+(((365-Y6)/365)*AW6)),(MIN(Q6,AW6))),AW6) -> 104 | BV6: =IFERROR(IF(AND(Z6<365,Z6>0),SUM(((Z6/365)*(MIN(R6,BN6)))+(((365-Z6)/365)*AX6)),(MIN(R6,AX6))),AX6) -> 102 | BW6: =VLOOKUP($A6,NetAdditions!$A$2:$H$336,6,FALSE) -> 337 | BX6: =VLOOKUP($A6,NetAdditions!$A$2:$H$336,7,FALSE) -> 256 | BY6: =IF((VLOOKUP($C6,NetAdditions!$A$2:$H$336,8,FALSE))="",(AVERAGE(VLOOKUP($C6,NetAdditions!$A$2:$H$336,5,FALSE),VLOOKUP($C6,NetAdditions!$A$2:$H$336,6,FALSE),VLOOKUP($C6,NetAdditions!$A$2:$H$336,7,FALSE))),VLOOKUP($C6,NetAdditions!$A$2:$H$336,8,FALSE)) -> 300 | BZ6: =AVERAGE(BW6:BY6) -> 297.66667 | CA6: =AVERAGE(BX6:BZ6) -> 284.55556 | CB6: =AVERAGE(BY6:CA6) -> 294.07407 | CC6: =AVERAGE(BZ6:CB6) -> 292.09877 | CD6: =AVERAGE(CA6:CC6) -> 290.2428 | CE6: =SUM(BO6:BQ6) -> 335 | CF6: =SUM(BP6:BR6) -> 342 | CG6: =SUM(BQ6:BS6) -> 348 | CH6: =SUM(BR6:BT6) -> 351 | CI6: =SUM(BS6:BU6) -> 330 | CJ6: =SUM(BT6:BV6) -> 315 | CK6: =CE6*((24+7)/36) -> 288.47222 | CL6: =CF6*((24+7)/36) -> 294.5 | CM6: =CG6*((24+9)/36) -> 319 | CN6: =CH6 -> 351 | CO6: =CI6 -> 330 | CP6: =CJ6 -> 315 | CQ6: =SUM(BW6:BY6) -> 893 | CR6: =SUM(BX6:BZ6) -> 853.66667 | CS6: =SUM(BY6:CA6) -> 882.22222 | CT6: =SUM(BZ6:CB6) -> 876.2963 | CU6: =SUM(CA6:CC6) -> 870.7284 | CV6: =SUM(CB6:CD6) -> 876.41564 | CW6: =IFERROR(CQ6/CK6,"-") -> 3.0956187 | CX6: =IF(CW6<0.25, "Presumption", IF(CW6<0.85, "Buffer and Action Plan", IF(CW6<0.95, "Action Plan", "Pass"))) -> Pass | CY6: =IFERROR(CR6/CL6,"-") -> 2.8986984 | CZ6: =IF(CY6<0.45, "Presumption", IF(CY6<0.85, "Buffer and Action Plan", IF(CY6<0.95, "Action Plan", "Pass"))) -> Pass | DA6: =IFERROR(CS6/CM6,"-") -> 2.7655869 | DB6: =IF(DA6<0.75, "Presumption", IF(DA6<0.85, "Buffer and Action Plan", IF(DA6<0.95, "Action Plan", "Pass"))) -> Pass | DC6: =IFERROR(CT6/CN6,"-") -> 2.4965706 | DD6: =IF(DC6<0.75, "Presumption", IF(DC6<0.85, "Buffer and Action Plan", IF(DC6<0.95, "Action Plan", "Pass"))) -> Pass | DE6: =IFERROR(CU6/CO6,"-") -> 2.6385709 | DF6: =IF(DE6<0.75, "Presumption", IF(DE6<0.85, "Buffer and Action Plan", IF(DE6<0.95, "Action Plan", "Pass"))) -> Pass | DG6: =IFERROR(CV6/CP6,"-") -> 2.7822719 | DH6: =IF(DG6<0.75, "Presumption", IF(DG6<0.85, "Buffer and Action Plan", IF(DG6<0.95, "Action Plan", "Pass"))) -> Pass
A7: E07000032 | B7: Amber Valley | C7: E07000032 | D7: EM | E7: =VLOOKUP(C7,PoliticalControl!A:K,11,FALSE) -> CON | F7: =VLOOKUP(C7,UrbanRuralClassification!A:N,13,FALSE) -> Urban with Minor Conurbation | G7: =VLOOKUP(C7,UrbanRuralClassification!A:N,14,FALSE) -> Predominantly Urban | H7: =IF(ISBLANK((VLOOKUP($A7,'local-plan-data'!$C$1:$AD$566,27,FALSE)))=TRUE,"",VLOOKUP($A7,'local-plan-data'!$C$1:$AD$566,27,FALSE)) | I7: =VLOOKUP($A7,'local-plan-data'!$C$1:$AD$566,28,FALSE) -> 574.70588 | J7: =IFERROR(IF(ISNUMBER(I7),I7,VALUE(LEFT(I7,FIND("-",I7)-1))),"-") -> 574.70588 | K7: =IF(AND(ISNUMBER($H7),ISNUMBER($J7)),IF(($H7-K$1>0),$J7,IF(DATEDIF($H7,K$1,"y")<5,$J7,"-")),"-") -> - | L7: =IF(AND(ISNUMBER($H7),ISNUMBER($J7)),IF(($H7-L$1>0),$J7,IF(DATEDIF($H7,L$1,"y")<5,$J7,"-")),"-") -> - | M7: =IF(AND(ISNUMBER($H7),ISNUMBER($J7)),IF(($H7-M$1>0),$J7,IF(DATEDIF($H7,M$1,"y")<5,$J7,"-")),"-") -> - | N7: =IF(AND(ISNUMBER($H7),ISNUMBER($J7)),IF(($H7-N$1>0),$J7,IF(DATEDIF($H7,N$1,"y")<5,$J7,"-")),"-") -> - | O7: =IF(AND(ISNUMBER($H7),ISNUMBER($J7)),IF(($H7-O$1>0),$J7,IF(DATEDIF($H7,O$1,"y")<5,$J7,"-")),"-") -> - | P7: =IF(AND(ISNUMBER($H7),ISNUMBER($J7)),IF(($H7-P$1>0),$J7,IF(DATEDIF($H7,P$1,"y")<5,$J7,"-")),"-") -> - | Q7: =IF(AND(ISNUMBER($H7),ISNUMBER($J7)),IF(($H7-Q$1>0),$J7,IF(DATEDIF($H7,Q$1,"y")<5,$J7,"-")),"-") -> - | R7: =IF(AND(ISNUMBER($H7),ISNUMBER($J7)),IF(($H7-R$1>0),$J7,IF(DATEDIF($H7,R$1,"y")<5,$J7,"-")),"-") -> - | S7: =IFERROR((EDATE($H7,60))-S$1,"-") -> - | T7: =IFERROR((EDATE($H7,60))-T$1,"-") -> - | U7: =IFERROR((EDATE($H7,60))-U$1,"-") -> - | V7: =IFERROR((EDATE($H7,60))-V$1,"-") -> - | W7: =IFERROR((EDATE($H7,60))-W$1,"-") -> - | X7: =IFERROR((EDATE($H7,60))-X$1,"-") -> - | Y7: =IFERROR((EDATE($H7,60))-Y$1,"-") -> - | Z7: =IFERROR((EDATE($H7,60))-Z$1,"-") -> - | AA7: =(VLOOKUP(A7,Hshldprojections2014!$A$2:$AW$319,40, FALSE)-VLOOKUP(A7,Hshldprojections2014!$A$2:$AW$319,30, FALSE))/10 -> 355.6 | AB7: =(VLOOKUP(A7,Hshldprojections2014!$A$2:$AW$319,41, FALSE)-VLOOKUP(A7,Hshldprojections2014!$A$2:$AW$319,31, FALSE))/10 -> 346.8 | AC7: =(VLOOKUP(A7,Hshldprojections2014!$A$2:$AW$319,42, FALSE)-VLOOKUP(A7,Hshldprojections2014!$A$2:$AW$319,32, FALSE))/10 -> 339.2 | AD7: =IF(IndividualLATest!$J$7=2014,(VLOOKUP($A7,Hshldprojections2014!$A$2:$AY$326,43,FALSE)-VLOOKUP($A7,Hshldprojections2014!$A$2:$AY$326,33,FALSE))/10,IF(IndividualLATest!$J$7=2016,(VLOOKUP($A7,Hshldprojections2016!$A$1:$AQ$322,33,FALSE)-VLOOKUP($A7,Hshldprojections2016!$A$1:$AQ$322,23,FALSE))/10,(VLOOKUP($A7,Hshldprojections2018!$A$1:$AQ$327,33,FALSE)-VLOOKUP($A7,Hshldprojections2018!$A$1:$AQ$327,23,FALSE))/10)) -> 479.5 | AE7: =IF(IndividualLATest!$J$7=2014,(VLOOKUP($A7,Hshldprojections2014!$A$2:$AY$326,44,FALSE)-VLOOKUP($A7,Hshldprojections2014!$A$2:$AY$326,34,FALSE))/10,IF(IndividualLATest!$J$7=2016,(VLOOKUP($A7,Hshldprojections2016!$A$1:$AQ$322,34,FALSE)-VLOOKUP($A7,Hshldprojections2016!$A$1:$AQ$322,24,FALSE))/10,(VLOOKUP($A7,Hshldprojections2018!$A$1:$AQ$327,34,FALSE)-VLOOKUP($A7,Hshldprojections2018!$A$1:$AQ$327,24,FALSE))/10)) -> 460.6 | AF7: =IF(IndividualLATest!$J$7=2014,(VLOOKUP($A7,Hshldprojections2014!$A$2:$AY$326,45,FALSE)-VLOOKUP($A7,Hshldprojections2014!$A$2:$AY$326,35,FALSE))/10,IF(IndividualLATest!$J$7=2016,(VLOOKUP($A7,Hshldprojections2016!$A$1:$AQ$322,35,FALSE)-VLOOKUP($A7,Hshldprojections2016!$A$1:$AQ$322,25,FALSE))/10,(VLOOKUP($A7,Hshldprojections2018!$A$1:$AQ$327,35,FALSE)-VLOOKUP($A7,Hshldprojections2018!$A$1:$AQ$327,25,FALSE))/10)) -> 447.4 | AG7: =IF(IndividualLATest!$J$7=2014,(VLOOKUP($A7,Hshldprojections2014!$A$2:$AY$326,46,FALSE)-VLOOKUP($A7,Hshldprojections2014!$A$2:$AY$326,36,FALSE))/10,IF(IndividualLATest!$J$7=2016,(VLOOKUP($A7,Hshldprojections2016!$A$1:$AQ$322,36,FALSE)-VLOOKUP($A7,Hshldprojections2016!$A$1:$AQ$322,26,FALSE))/10,(VLOOKUP($A7,Hshldprojections2018!$A$1:$AQ$327,36,FALSE)-VLOOKUP($A7,Hshldprojections2018!$A$1:$AQ$327,26,FALSE))/10)) -> 433.5 | AH7: =IF(IndividualLATest!$J$7=2014,(VLOOKUP($A7,Hshldprojections2014!$A$2:$AY$326,47,FALSE)-VLOOKUP($A7,Hshldprojections2014!$A$2:$AY$326,37,FALSE))/10,IF(IndividualLATest!$J$7=2016,(VLOOKUP($A7,Hshldprojections2016!$A$1:$AQ$322,37,FALSE)-VLOOKUP($A7,Hshldprojections2016!$A$1:$AQ$322,27,FALSE))/10,(VLOOKUP($A7,Hshldprojections2018!$A$1:$AQ$327,37,FALSE)-VLOOKUP($A7,Hshldprojections2018!$A$1:$AQ$327,27,FALSE))/10)) -> 423.4 | AI7: =VLOOKUP($A7,AffordabilityRatio!$A$2:$I$321,5,FALSE) -> 5.39 | AJ7: =VLOOKUP($A7,AffordabilityRatio!$A$2:$I$321,6,FALSE) -> 5.94 | AK7: =VLOOKUP($A7,AffordabilityRatio!$A$2:$I$321,7,FALSE) -> 5.95 | AL7: =IF((VLOOKUP($A7,AffordabilityRatio!$A$2:$I$321,8,FALSE))="",AK7,VLOOKUP($A7,AffordabilityRatio!$A$2:$I$321,8,FALSE)) -> 5.97 | AM7: =IF((VLOOKUP($A7,AffordabilityRatio!$A$2:$I$321,9,FALSE))="",AL7,VLOOKUP($A7,AffordabilityRatio!$A$2:$I$321,9,FALSE)) -> 6.69 | AN7: =IF((VLOOKUP($A7,AffordabilityRatio!$A$2:$I$321,9,FALSE))="",AM7,VLOOKUP($A7,AffordabilityRatio!$A$2:$I$321,9,FALSE)) -> 6.69 | AO7: =IF((VLOOKUP($A7,AffordabilityRatio!$A$2:$I$321,9,FALSE))="",AN7,VLOOKUP($A7,AffordabilityRatio!$A$2:$I$321,9,FALSE)) -> 6.69 | AP7: =IF((VLOOKUP($A7,AffordabilityRatio!$A$2:$I$321,9,FALSE))="",AO7,VLOOKUP($A7,AffordabilityRatio!$A$2:$I$321,9,FALSE)) -> 6.69 | AQ7: =IF(AA7<0,0,IF(AI7>4,ROUND((1+((AI7-4)/4*0.25))*AA7,0),AA7)) -> 386 | AR7: =IF(AB7<0,0,IF(AJ7>4,ROUND((1+((AJ7-4)/4*0.25))*AB7,0),AB7)) -> 389 | AS7: =IF(AC7<0,0,IF(AK7>4,ROUND((1+((AK7-4)/4*0.25))*AC7,0),AC7)) -> 381 | AT7: =IF(AD7<0,0,IF(AL7>4,ROUND((1+((AL7-4)/4*0.25))*AD7,0),AD7)) -> 539 | AU7: =IF(AE7<0,0,IF(AM7>4,ROUND((1+((AM7-4)/4*0.25))*AE7,0),AE7)) -> 538 | AV7: =IF(AF7<0,0,IF(AN7>4,ROUND((1+((AN7-4)/4*0.25))*AF7,0),AF7)) -> 523 | AW7: =IF(AG7<0,0,IF(AO7>4,ROUND((1+((AO7-4)/4*0.25))*AG7,0),AG7)) -> 506 | AX7: =IF(AH7<0,0,IF(AP7>4,ROUND((1+((AP7-4)/4*0.25))*AH7,0),AH7)) -> 495 | AY7: =IF(AA7<0,0,IF(K7="-",MIN((MAX(J7, AA7)+((MAX(J7, AA7))*0.4)),AQ7),MIN(K7+(K7*0.4),AQ7))) -> 386 | AZ7: =IF(AB7<0,0,IF(L7="-",MIN((MAX(J7, AB7)+((MAX(J7, AB7))*0.4)),AR7),MIN(L7+(L7*0.4),AR7))) -> 389 | BA7: =IF(AC7<0,0,IF(M7="-",MIN((MAX(J7, AC7)+((MAX(J7, AC7))*0.4)),AS7),MIN(M7+(M7*0.4),AS7))) -> 381 | BB7: =IF(AD7<0,0,IF(N7="-",MIN((MAX(J7, AD7)+((MAX(J7, AD7))*0.4)),AT7),MIN(N7+(N7*0.4),AT7))) -> 539 | BC7: =IF(AE7<0,0,IF(O7="-",MIN((MAX(J7, AE7)+((MAX(J7, AE7))*0.4)),AU7),MIN(O7+(O7*0.4),AU7))) -> 538 | BD7: =IF(AF7<0,0,IF(P7="-",MIN((MAX(J7, AF7)+((MAX(J7, AF7))*0.4)),AV7),MIN(P7+(P7*0.4),AV7))) -> 523 | BE7: =IF(AG7<0,0,IF(Q7="-",MIN((MAX(J7, AG7)+((MAX(J7, AG7))*0.4)),AW7),MIN(Q7+(Q7*0.4),AW7))) -> 506 | BF7: =IF(AH7<0,0,IF(R7="-",MIN((MAX(J7, AH7)+((MAX(J7, AH7))*0.4)),AX7),MIN(R7+(R7*0.4),AX7))) -> 495 | BG7: =AY7*VLOOKUP($B7,'Major Cities & Towns'!$A$28:$B$345,2,FALSE) -> 386 | BH7: =AZ7*VLOOKUP($B7,'Major Cities & Towns'!$A$28:$B$345,2,FALSE) -> 389 | BI7: =BA7*VLOOKUP($B7,'Major Cities & Towns'!$A$28:$B$345,2,FALSE) -> 381 | BJ7: =BB7*VLOOKUP($B7,'Major Cities & Towns'!$A$28:$B$345,2,FALSE) -> 539 | BK7: =BC7*VLOOKUP($B7,'Major Cities & Towns'!$A$28:$B$345,2,FALSE) -> 538 | BL7: =BD7*VLOOKUP($B7,'Major Cities & Towns'!$A$28:$B$345,2,FALSE) -> 523 | BM7: =BE7*VLOOKUP($B7,'Major Cities & Towns'!$A$28:$B$345,2,FALSE) -> 506 | BN7: =BF7*VLOOKUP($B7,'Major Cities & Towns'!$A$28:$B$345,2,FALSE) -> 495 | BO7: =IFERROR(IF(AND(S7<365,S7>0),SUM(((S7/365)*(MIN(K7,BG7)))+(((365-S7)/365)*AQ7)),(MIN(K7,AQ7))),AQ7) -> 386 | BP7: =IFERROR(IF(AND(T7<365,T7>0),SUM(((T7/365)*(MIN(L7,BH7)))+(((365-T7)/365)*AR7)),(MIN(L7,AR7))),AR7) -> 389 | BQ7: =IFERROR(IF(AND(U7<365,U7>0),SUM(((U7/365)*(MIN(M7,BI7)))+(((365-U7)/365)*AS7)),(MIN(M7,AS7))),AS7) -> 381 | BR7: =IFERROR(IF(AND(V7<365,V7>0),SUM(((V7/365)*(MIN(N7,BJ7)))+(((365-V7)/365)*AT7)),(MIN(N7,AT7))),AT7) -> 539 | BS7: =IFERROR(IF(AND(W7<365,W7>0),SUM(((W7/365)*(MIN(O7,BK7)))+(((365-W7)/365)*AU7)),(MIN(O7,AU7))),AU7) -> 538 | BT7: =IFERROR(IF(AND(X7<365,X7>0),SUM(((X7/365)*(MIN(P7,BL7)))+(((365-X7)/365)*AV7)),(MIN(P7,AV7))),AV7) -> 523 | BU7: =IFERROR(IF(AND(Y7<365,Y7>0),SUM(((Y7/365)*(MIN(Q7,BM7)))+(((365-Y7)/365)*AW7)),(MIN(Q7,AW7))),AW7) -> 506 | BV7: =IFERROR(IF(AND(Z7<365,Z7>0),SUM(((Z7/365)*(MIN(R7,BN7)))+(((365-Z7)/365)*AX7)),(MIN(R7,AX7))),AX7) -> 495 | BW7: =VLOOKUP($A7,NetAdditions!$A$2:$H$336,6,FALSE) -> 594 | BX7: =VLOOKUP($A7,NetAdditions!$A$2:$H$336,7,FALSE) -> 458 | BY7: =IF((VLOOKUP($C7,NetAdditions!$A$2:$H$336,8,FALSE))="",(AVERAGE(VLOOKUP($C7,NetAdditions!$A$2:$H$336,5,FALSE),VLOOKUP($C7,NetAdditions!$A$2:$H$336,6,FALSE),VLOOKUP($C7,NetAdditions!$A$2:$H$336,7,FALSE))),VLOOKUP($C7,NetAdditions!$A$2:$H$336,8,FALSE)) -> 509 | BZ7: =AVERAGE(BW7:BY7) -> 520.33333 | CA7: =AVERAGE(BX7:BZ7) -> 495.77778 | CB7: =AVERAGE(BY7:CA7) -> 508.37037 | CC7: =AVERAGE(BZ7:CB7) -> 508.16049 | CD7: =AVERAGE(CA7:CC7) -> 504.10288 | CE7: =SUM(BO7:BQ7) -> 1156 | CF7: =SUM(BP7:BR7) -> 1309 | CG7: =SUM(BQ7:BS7) -> 1458 | CH7: =SUM(BR7:BT7) -> 1600 | CI7: =SUM(BS7:BU7) -> 1567 | CJ7: =SUM(BT7:BV7) -> 1524 | CK7: =CE7*((24+7)/36) -> 995.44444 | CL7: =CF7*((24+7)/36) -> 1127.1944 | CM7: =CG7*((24+9)/36) -> 1336.5 | CN7: =CH7 -> 1600 | CO7: =CI7 -> 1567 | CP7: =CJ7 -> 1524 | CQ7: =SUM(BW7:BY7) -> 1561 | CR7: =SUM(BX7:BZ7) -> 1487.3333 | CS7: =SUM(BY7:CA7) -> 1525.1111 | CT7: =SUM(BZ7:CB7) -> 1524.4815 | CU7: =SUM(CA7:CC7) -> 1512.3086 | CV7: =SUM(CB7:CD7) -> 1520.6337 | CW7: =IFERROR(CQ7/CK7,"-") -> 1.5681438 | CX7: =IF(CW7<0.25, "Presumption", IF(CW7<0.85, "Buffer and Action Plan", IF(CW7<0.95, "Action Plan", "Pass"))) -> Pass | CY7: =IFERROR(CR7/CL7,"-") -> 1.3195002 | CZ7: =IF(CY7<0.45, "Presumption", IF(CY7<0.85, "Buffer and Action Plan", IF(CY7<0.95, "Action Plan", "Pass"))) -> Pass | DA7: =IFERROR(CS7/CM7,"-") -> 1.1411232 | DB7: =IF(DA7<0.75, "Presumption", IF(DA7<0.85, "Buffer and Action Plan", IF(DA7<0.95, "Action Plan", "Pass"))) -> Pass | DC7: =IFERROR(CT7/CN7,"-") -> 0.95280093 | DD7: =IF(DC7<0.75, "Presumption", IF(DC7<0.85, "Buffer and Action Plan", IF(DC7<0.95, "Action Plan", "Pass"))) -> Pass | DE7: =IFERROR(CU7/CO7,"-") -> 0.96509805 | DF7: =IF(DE7<0.75, "Presumption", IF(DE7<0.85, "Buffer and Action Plan", IF(DE7<0.95, "Action Plan", "Pass"))) -> Pass | DG7: =IFERROR(CV7/CP7,"-") -> 0.99779117 | DH7: =IF(DG7<0.75, "Presumption", IF(DG7<0.85, "Buffer and Action Plan", IF(DG7<0.95, "Action Plan", "Pass"))) -> Pass
A8: E07000224 | B8: Arun | C8: E07000224 | D8: SE | E8: =VLOOKUP(C8,PoliticalControl!A:K,11,FALSE) -> NOC | F8: =VLOOKUP(C8,UrbanRuralClassification!A:N,13,FALSE) -> Urban with City and Town | G8: =VLOOKUP(C8,UrbanRuralClassification!A:N,14,FALSE) -> Predominantly Urban | H8: =IF(ISBLANK((VLOOKUP($A8,'local-plan-data'!$C$1:$AD$566,27,FALSE)))=TRUE,"",VLOOKUP($A8,'local-plan-data'!$C$1:$AD$566,27,FALSE)) -> 43299 | I8: =VLOOKUP($A8,'local-plan-data'!$C$1:$AD$566,28,FALSE) -> 1000 | J8: =IFERROR(IF(ISNUMBER(I8),I8,VALUE(LEFT(I8,FIND("-",I8)-1))),"-") -> 1000 | K8: =IF(AND(ISNUMBER($H8),ISNUMBER($J8)),IF(($H8-K$1>0),$J8,IF(DATEDIF($H8,K$1,"y")<5,$J8,"-")),"-") -> 1000 | L8: =IF(AND(ISNUMBER($H8),ISNUMBER($J8)),IF(($H8-L$1>0),$J8,IF(DATEDIF($H8,L$1,"y")<5,$J8,"-")),"-") -> 1000 | M8: =IF(AND(ISNUMBER($H8),ISNUMBER($J8)),IF(($H8-M$1>0),$J8,IF(DATEDIF($H8,M$1,"y")<5,$J8,"-")),"-") -> 1000 | N8: =IF(AND(ISNUMBER($H8),ISNUMBER($J8)),IF(($H8-N$1>0),$J8,IF(DATEDIF($H8,N$1,"y")<5,$J8,"-")),"-") -> 1000 | O8: =IF(AND(ISNUMBER($H8),ISNUMBER($J8)),IF(($H8-O$1>0),$J8,IF(DATEDIF($H8,O$1,"y")<5,$J8,"-")),"-") -> 1000 | P8: =IF(AND(ISNUMBER($H8),ISNUMBER($J8)),IF(($H8-P$1>0),$J8,IF(DATEDIF($H8,P$1,"y")<5,$J8,"-")),"-") -> 1000 | Q8: =IF(AND(ISNUMBER($H8),ISNUMBER($J8)),IF(($H8-Q$1>0),$J8,IF(DATEDIF($H8,Q$1,"y")<5,$J8,"-")),"-") -> - | R8: =IF(AND(ISNUMBER($H8),ISNUMBER($J8)),IF(($H8-R$1>0),$J8,IF(DATEDIF($H8,R$1,"y")<5,$J8,"-")),"-") -> - | S8: =IFERROR((EDATE($H8,60))-S$1,"-") -> 1934 | T8: =IFERROR((EDATE($H8,60))-T$1,"-") -> 1569 | U8: =IFERROR((EDATE($H8,60))-U$1,"-") -> 1203 | V8: =IFERROR((EDATE($H8,60))-V$1,"-") -> 838 | W8: =IFERROR((EDATE($H8,60))-W$1,"-") -> 473 | X8: =IFERROR((EDATE($H8,60))-X$1,"-") -> 108 | Y8: =IFERROR((EDATE($H8,60))-Y$1,"-") -> -258 | Z8: =IFERROR((EDATE($H8,60))-Z$1,"-") -> -623 | AA8: =(VLOOKUP(A8,Hshldprojections2014!$A$2:$AW$319,40, FALSE)-VLOOKUP(A8,Hshldprojections2014!$A$2:$AW$319,30, FALSE))/10 -> 871.7 | AB8: =(VLOOKUP(A8,Hshldprojections2014!$A$2:$AW$319,41, FALSE)-VLOOKUP(A8,Hshldprojections2014!$A$2:$AW$319,31, FALSE))/10 -> 879.1 | AC8: =(VLOOKUP(A8,Hshldprojections2014!$A$2:$AW$319,42, FALSE)-VLOOKUP(A8,Hshldprojections2014!$A$2:$AW$319,32, FALSE))/10 -> 885.5 | AD8: =IF(IndividualLATest!$J$7=2014,(VLOOKUP($A8,Hshldprojections2014!$A$2:$AY$326,43,FALSE)-VLOOKUP($A8,Hshldprojections2014!$A$2:$AY$326,33,FALSE))/10,IF(IndividualLATest!$J$7=2016,(VLOOKUP($A8,Hshldprojections2016!$A$1:$AQ$322,33,FALSE)-VLOOKUP($A8,Hshldprojections2016!$A$1:$AQ$322,23,FALSE))/10,(VLOOKUP($A8,Hshldprojections2018!$A$1:$AQ$327,33,FALSE)-VLOOKUP($A8,Hshldprojections2018!$A$1:$AQ$327,23,FALSE))/10)) -> 792.6 | AE8: =IF(IndividualLATest!$J$7=2014,(VLOOKUP($A8,Hshldprojections2014!$A$2:$AY$326,44,FALSE)-VLOOKUP($A8,Hshldprojections2014!$A$2:$AY$326,34,FALSE))/10,IF(IndividualLATest!$J$7=2016,(VLOOKUP($A8,Hshldprojections2016!$A$1:$AQ$322,34,FALSE)-VLOOKUP($A8,Hshldprojections2016!$A$1:$AQ$322,24,FALSE))/10,(VLOOKUP($A8,Hshldprojections2018!$A$1:$AQ$327,34,FALSE)-VLOOKUP($A8,Hshldprojections2018!$A$1:$AQ$327,24,FALSE))/10)) -> 784 | AF8: =IF(IndividualLATest!$J$7=2014,(VLOOKUP($A8,Hshldprojections2014!$A$2:$AY$326,45,FALSE)-VLOOKUP($A8,Hshldprojections2014!$A$2:$AY$326,35,FALSE))/10,IF(IndividualLATest!$J$7=2016,(VLOOKUP($A8,Hshldprojections2016!$A$1:$AQ$322,35,FALSE)-VLOOKUP($A8,Hshldprojections2016!$A$1:$AQ$322,25,FALSE))/10,(VLOOKUP($A8,Hshldprojections2018!$A$1:$AQ$327,35,FALSE)-VLOOKUP($A8,Hshldprojections2018!$A$1:$AQ$327,25,FALSE))/10)) -> 772.4 | AG8: =IF(IndividualLATest!$J$7=2014,(VLOOKUP($A8,Hshldprojections2014!$A$2:$AY$326,46,FALSE)-VLOOKUP($A8,Hshldprojections2014!$A$2:$AY$326,36,FALSE))/10,IF(IndividualLATest!$J$7=2016,(VLOOKUP($A8,Hshldprojections2016!$A$1:$AQ$322,36,FALSE)-VLOOKUP($A8,Hshldprojections2016!$A$1:$AQ$322,26,FALSE))/10,(VLOOKUP($A8,Hshldprojections2018!$A$1:$AQ$327,36,FALSE)-VLOOKUP($A8,Hshldprojections2018!$A$1:$AQ$327,26,FALSE))/10)) -> 763.3 | AH8: =IF(IndividualLATest!$J$7=2014,(VLOOKUP($A8,Hshldprojections2014!$A$2:$AY$326,47,FALSE)-VLOOKUP($A8,Hshldprojections2014!$A$2:$AY$326,37,FALSE))/10,IF(IndividualLATest!$J$7=2016,(VLOOKUP($A8,Hshldprojections2016!$A$1:$AQ$322,37,FALSE)-VLOOKUP($A8,Hshldprojections2016!$A$1:$AQ$322,27,FALSE))/10,(VLOOKUP($A8,Hshldprojections2018!$A$1:$AQ$327,37,FALSE)-VLOOKUP($A8,Hshldprojections2018!$A$1:$AQ$327,27,FALSE))/10)) -> 755.6 | AI8: =VLOOKUP($A8,AffordabilityRatio!$A$2:$I$321,5,FALSE) -> 12.26 | AJ8: =VLOOKUP($A8,AffordabilityRatio!$A$2:$I$321,6,FALSE) -> 12.12 | AK8: =VLOOKUP($A8,AffordabilityRatio!$A$2:$I$321,7,FALSE) -> 12.16 | AL8: =IF((VLOOKUP($A8,AffordabilityRatio!$A$2:$I$321,8,FALSE))="",AK8,VLOOKUP($A8,AffordabilityRatio!$A$2:$I$321,8,FALSE)) -> 11.45 | AM8: =IF((VLOOKUP($A8,AffordabilityRatio!$A$2:$I$321,9,FALSE))="",AL8,VLOOKUP($A8,AffordabilityRatio!$A$2:$I$321,9,FALSE)) -> 12.16 | AN8: =IF((VLOOKUP($A8,AffordabilityRatio!$A$2:$I$321,9,FALSE))="",AM8,VLOOKUP($A8,AffordabilityRatio!$A$2:$I$321,9,FALSE)) -> 12.16 | AO8: =IF((VLOOKUP($A8,AffordabilityRatio!$A$2:$I$321,9,FALSE))="",AN8,VLOOKUP($A8,AffordabilityRatio!$A$2:$I$321,9,FALSE)) -> 12.16 | AP8: =IF((VLOOKUP($A8,AffordabilityRatio!$A$2:$I$321,9,FALSE))="",AO8,VLOOKUP($A8,AffordabilityRatio!$A$2:$I$321,9,FALSE)) -> 12.16 | AQ8: =IF(AA8<0,0,IF(AI8>4,ROUND((1+((AI8-4)/4*0.25))*AA8,0),AA8)) -> 1322 | AR8: =IF(AB8<0,0,IF(AJ8>4,ROUND((1+((AJ8-4)/4*0.25))*AB8,0),AB8)) -> 1325 | AS8: =IF(AC8<0,0,IF(AK8>4,ROUND((1+((AK8-4)/4*0.25))*AC8,0),AC8)) -> 1337 | AT8: =IF(AD8<0,0,IF(AL8>4,ROUND((1+((AL8-4)/4*0.25))*AD8,0),AD8)) -> 1162 | AU8: =IF(AE8<0,0,IF(AM8>4,ROUND((1+((AM8-4)/4*0.25))*AE8,0),AE8)) -> 1184 | AV8: =IF(AF8<0,0,IF(AN8>4,ROUND((1+((AN8-4)/4*0.25))*AF8,0),AF8)) -> 1166 | AW8: =IF(AG8<0,0,IF(AO8>4,ROUND((1+((AO8-4)/4*0.25))*AG8,0),AG8)) -> 1153 | AX8: =IF(AH8<0,0,IF(AP8>4,ROUND((1+((AP8-4)/4*0.25))*AH8,0),AH8)) -> 1141 | AY8: =IF(AA8<0,0,IF(K8="-",MIN((MAX(J8, AA8)+((MAX(J8, AA8))*0.4)),AQ8),MIN(K8+(K8*0.4),AQ8))) -> 1322 | AZ8: =IF(AB8<0,0,IF(L8="-",MIN((MAX(J8, AB8)+((MAX(J8, AB8))*0.4)),AR8),MIN(L8+(L8*0.4),AR8))) -> 1325 | BA8: =IF(AC8<0,0,IF(M8="-",MIN((MAX(J8, AC8)+((MAX(J8, AC8))*0.4)),AS8),MIN(M8+(M8*0.4),AS8))) -> 1337 | BB8: =IF(AD8<0,0,IF(N8="-",MIN((MAX(J8, AD8)+((MAX(J8, AD8))*0.4)),AT8),MIN(N8+(N8*0.4),AT8))) -> 1162 | BC8: =IF(AE8<0,0,IF(O8="-",MIN((MAX(J8, AE8)+((MAX(J8, AE8))*0.4)),AU8),MIN(O8+(O8*0.4),AU8))) -> 1184 | BD8: =IF(AF8<0,0,IF(P8="-",MIN((MAX(J8, AF8)+((MAX(J8, AF8))*0.4)),AV8),MIN(P8+(P8*0.4),AV8))) -> 1166 | BE8: =IF(AG8<0,0,IF(Q8="-",MIN((MAX(J8, AG8)+((MAX(J8, AG8))*0.4)),AW8),MIN(Q8+(Q8*0.4),AW8))) -> 1153 | BF8: =IF(AH8<0,0,IF(R8="-",MIN((MAX(J8, AH8)+((MAX(J8, AH8))*0.4)),AX8),MIN(R8+(R8*0.4),AX8))) -> 1141 | BG8: =AY8*VLOOKUP($B8,'Major Cities & Towns'!$A$28:$B$345,2,FALSE) -> 1322 | BH8: =AZ8*VLOOKUP($B8,'Major Cities & Towns'!$A$28:$B$345,2,FALSE) -> 1325 | BI8: =BA8*VLOOKUP($B8,'Major Cities & Towns'!$A$28:$B$345,2,FALSE) -> 1337 | BJ8: =BB8*VLOOKUP($B8,'Major Cities & Towns'!$A$28:$B$345,2,FALSE) -> 1162 | BK8: =BC8*VLOOKUP($B8,'Major Cities & Towns'!$A$28:$B$345,2,FALSE) -> 1184 | BL8: =BD8*VLOOKUP($B8,'Major Cities & Towns'!$A$28:$B$345,2,FALSE) -> 1166 | BM8: =BE8*VLOOKUP($B8,'Major Cities & Towns'!$A$28:$B$345,2,FALSE) -> 1153 | BN8: =BF8*VLOOKUP($B8,'Major Cities & Towns'!$A$28:$B$345,2,FALSE) -> 1141 | BO8: =IFERROR(IF(AND(S8<365,S8>0),SUM(((S8/365)*(MIN(K8,BG8)))+(((365-S8)/365)*AQ8)),(MIN(K8,AQ8))),AQ8) -> 1000 | BP8: =IFERROR(IF(AND(T8<365,T8>0),SUM(((T8/365)*(MIN(L8,BH8)))+(((365-T8)/365)*AR8)),(MIN(L8,AR8))),AR8) -> 1000 | BQ8: =IFERROR(IF(AND(U8<365,U8>0),SUM(((U8/365)*(MIN(M8,BI8)))+(((365-U8)/365)*AS8)),(MIN(M8,AS8))),AS8) -> 1000 | BR8: =IFERROR(IF(AND(V8<365,V8>0),SUM(((V8/365)*(MIN(N8,BJ8)))+(((365-V8)/365)*AT8)),(MIN(N8,AT8))),AT8) -> 1000 | BS8: =IFERROR(IF(AND(W8<365,W8>0),SUM(((W8/365)*(MIN(O8,BK8)))+(((365-W8)/365)*AU8)),(MIN(O8,AU8))),AU8) -> 1000 | BT8: =IFERROR(IF(AND(X8<365,X8>0),SUM(((X8/365)*(MIN(P8,BL8)))+(((365-X8)/365)*AV8)),(MIN(P8,AV8))),AV8) -> 1116.8822 | BU8: =IFERROR(IF(AND(Y8<365,Y8>0),SUM(((Y8/365)*(MIN(Q8,BM8)))+(((365-Y8)/365)*AW8)),(MIN(Q8,AW8))),AW8) -> 1153 | BV8: =IFERROR(IF(AND(Z8<365,Z8>0),SUM(((Z8/365)*(MIN(R8,BN8)))+(((365-Z8)/365)*AX8)),(MIN(R8,AX8))),AX8) -> 1141 | BW8: =VLOOKUP($A8,NetAdditions!$A$2:$H$336,6,FALSE) -> 609 | BX8: =VLOOKUP($A8,NetAdditions!$A$2:$H$336,7,FALSE) -> 512 | BY8: =IF((VLOOKUP($C8,NetAdditions!$A$2:$H$336,8,FALSE))="",(AVERAGE(VLOOKUP($C8,NetAdditions!$A$2:$H$336,5,FALSE),VLOOKUP($C8,NetAdditions!$A$2:$H$336,6,FALSE),VLOOKUP($C8,NetAdditions!$A$2:$H$336,7,FALSE))),VLOOKUP($C8,NetAdditions!$A$2:$H$336,8,FALSE)) -> 691 | BZ8: =AVERAGE(BW8:BY8) -> 604 | CA8: =AVERAGE(BX8:BZ8) -> 602.33333 | CB8: =AVERAGE(BY8:CA8) -> 632.44444 | CC8: =AVERAGE(BZ8:CB8) -> 612.92593 | CD8: =AVERAGE(CA8:CC8) -> 615.90123 | CE8: =SUM(BO8:BQ8) -> 3000 | CF8: =SUM(BP8:BR8) -> 3000 | CG8: =SUM(BQ8:BS8) -> 3000 | CH8: =SUM(BR8:BT8) -> 3116.8822 | CI8: =SUM(BS8:BU8) -> 3269.8822 | CJ8: =SUM(BT8:BV8) -> 3410.8822 | CK8: =CE8*((24+7)/36) -> 2583.3333 | CL8: =CF8*((24+7)/36) -> 2583.3333 | CM8: =CG8*((24+9)/36) -> 2750 | CN8: =CH8 -> 3116.8822 | CO8: =CI8 -> 3269.8822 | CP8: =CJ8 -> 3410.8822 | CQ8: =SUM(BW8:BY8) -> 1812 | CR8: =SUM(BX8:BZ8) -> 1807 | CS8: =SUM(BY8:CA8) -> 1897.3333 | CT8: =SUM(BZ8:CB8) -> 1838.7778 | CU8: =SUM(CA8:CC8) -> 1847.7037 | CV8: =SUM(CB8:CD8) -> 1861.2716 | CW8: =IFERROR(CQ8/CK8,"-") -> 0.70141935 | CX8: =IF(CW8<0.25, "Presumption", IF(CW8<0.85, "Buffer and Action Plan", IF(CW8<0.95, "Action Plan", "Pass"))) -> Buffer and Action Plan | CY8: =IFERROR(CR8/CL8,"-") -> 0.69948387 | CZ8: =IF(CY8<0.45, "Presumption", IF(CY8<0.85, "Buffer and Action Plan", IF(CY8<0.95, "Action Plan", "Pass"))) -> Buffer and Action Plan | DA8: =IFERROR(CS8/CM8,"-") -> 0.68993939 | DB8: =IF(DA8<0.75, "Presumption", IF(DA8<0.85, "Buffer and Action Plan", IF(DA8<0.95, "Action Plan", "Pass"))) -> Presumption | DC8: =IFERROR(CT8/CN8,"-") -> 0.58994138 | DD8: =IF(DC8<0.75, "Presumption", IF(DC8<0.85, "Buffer and Action Plan", IF(DC8<0.95, "Action Plan", "Pass"))) -> Presumption | DE8: =IFERROR(CU8/CO8,"-") -> 0.56506736 | DF8: =IF(DE8<0.75, "Presumption", IF(DE8<0.85, "Buffer and Action Plan", IF(DE8<0.95, "Action Plan", "Pass"))) -> Presumption | DG8: =IFERROR(CV8/CP8,"-") -> 0.54568628 | DH8: =IF(DG8<0.75, "Presumption", IF(DG8<0.85, "Buffer and Action Plan", IF(DG8<0.95, "Action Plan", "Pass"))) -> Presumption
A9: E07000170 | B9: Ashfield | C9: E07000170 | D9: EM | E9: =VLOOKUP(C9,PoliticalControl!A:K,11,FALSE) -> IND/OTHER | F9: =VLOOKUP(C9,UrbanRuralClassification!A:N,13,FALSE) -> Urban with City and Town | G9: =VLOOKUP(C9,UrbanRuralClassification!A:N,14,FALSE) -> Predominantly Urban | H9: =IF(ISBLANK((VLOOKUP($A9,'local-plan-data'!$C$1:$AD$566,27,FALSE)))=TRUE,"",VLOOKUP($A9,'local-plan-data'!$C$1:$AD$566,27,FALSE)) | I9: =VLOOKUP($A9,'local-plan-data'!$C$1:$AD$566,28,FALSE) | J9: =IFERROR(IF(ISNUMBER(I9),I9,VALUE(LEFT(I9,FIND("-",I9)-1))),"-") -> - | K9: =IF(AND(ISNUMBER($H9),ISNUMBER($J9)),IF(($H9-K$1>0),$J9,IF(DATEDIF($H9,K$1,"y")<5,$J9,"-")),"-") -> - | L9: =IF(AND(ISNUMBER($H9),ISNUMBER($J9)),IF(($H9-L$1>0),$J9,IF(DATEDIF($H9,L$1,"y")<5,$J9,"-")),"-") -> - | M9: =IF(AND(ISNUMBER($H9),ISNUMBER($J9)),IF(($H9-M$1>0),$J9,IF(DATEDIF($H9,M$1,"y")<5,$J9,"-")),"-") -> - | N9: =IF(AND(ISNUMBER($H9),ISNUMBER($J9)),IF(($H9-N$1>0),$J9,IF(DATEDIF($H9,N$1,"y")<5,$J9,"-")),"-") -> - | O9: =IF(AND(ISNUMBER($H9),ISNUMBER($J9)),IF(($H9-O$1>0),$J9,IF(DATEDIF($H9,O$1,"y")<5,$J9,"-")),"-") -> - | P9: =IF(AND(ISNUMBER($H9),ISNUMBER($J9)),IF(($H9-P$1>0),$J9,IF(DATEDIF($H9,P$1,"y")<5,$J9,"-")),"-") -> - | Q9: =IF(AND(ISNUMBER($H9),ISNUMBER($J9)),IF(($H9-Q$1>0),$J9,IF(DATEDIF($H9,Q$1,"y")<5,$J9,"-")),"-") -> - | R9: =IF(AND(ISNUMBER($H9),ISNUMBER($J9)),IF(($H9-R$1>0),$J9,IF(DATEDIF($H9,R$1,"y")<5,$J9,"-")),"-") -> - | S9: =IFERROR((EDATE($H9,60))-S$1,"-") -> - | T9: =IFERROR((EDATE($H9,60))-T$1,"-") -> - | U9: =IFERROR((EDATE($H9,60))-U$1,"-") -> - | V9: =IFERROR((EDATE($H9,60))-V$1,"-") -> - | W9: =IFERROR((EDATE($H9,60))-W$1,"-") -> - | X9: =IFERROR((EDATE($H9,60))-X$1,"-") -> - | Y9: =IFERROR((EDATE($H9,60))-Y$1,"-") -> - | Z9: =IFERROR((EDATE($H9,60))-Z$1,"-") -> - | AA9: =(VLOOKUP(A9,Hshldprojections2014!$A$2:$AW$319,40, FALSE)-VLOOKUP(A9,Hshldprojections2014!$A$2:$AW$319,30, FALSE))/10 -> 458.3 | AB9: =(VLOOKUP(A9,Hshldprojections2014!$A$2:$AW$319,41, FALSE)-VLOOKUP(A9,Hshldprojections2014!$A$2:$AW$319,31, FALSE))/10 -> 445.7 | AC9: =(VLOOKUP(A9,Hshldprojections2014!$A$2:$AW$319,42, FALSE)-VLOOKUP(A9,Hshldprojections2014!$A$2:$AW$319,32, FALSE))/10 -> 434.2 | AD9: =IF(IndividualLATest!$J$7=2014,(VLOOKUP($A9,Hshldprojections2014!$A$2:$AY$326,43,FALSE)-VLOOKUP($A9,Hshldprojections2014!$A$2:$AY$326,33,FALSE))/10,IF(IndividualLATest!$J$7=2016,(VLOOKUP($A9,Hshldprojections2016!$A$1:$AQ$322,33,FALSE)-VLOOKUP($A9,Hshldprojections2016!$A$1:$AQ$322,23,FALSE))/10,(VLOOKUP($A9,Hshldprojections2018!$A$1:$AQ$327,33,FALSE)-VLOOKUP($A9,Hshldprojections2018!$A$1:$AQ$327,23,FALSE))/10)) -> 553 | AE9: =IF(IndividualLATest!$J$7=2014,(VLOOKUP($A9,Hshldprojections2014!$A$2:$AY$326,44,FALSE)-VLOOKUP($A9,Hshldprojections2014!$A$2:$AY$326,34,FALSE))/10,IF(IndividualLATest!$J$7=2016,(VLOOKUP($A9,Hshldprojections2016!$A$1:$AQ$322,34,FALSE)-VLOOKUP($A9,Hshldprojections2016!$A$1:$AQ$322,24,FALSE))/10,(VLOOKUP($A9,Hshldprojections2018!$A$1:$AQ$327,34,FALSE)-VLOOKUP($A9,Hshldprojections2018!$A$1:$AQ$327,24,FALSE))/10)) -> 540.8 | AF9: =IF(IndividualLATest!$J$7=2014,(VLOOKUP($A9,Hshldprojections2014!$A$2:$AY$326,45,FALSE)-VLOOKUP($A9,Hshldprojections2014!$A$2:$AY$326,35,FALSE))/10,IF(IndividualLATest!$J$7=2016,(VLOOKUP($A9,Hshldprojections2016!$A$1:$AQ$322,35,FALSE)-VLOOKUP($A9,Hshldprojections2016!$A$1:$AQ$322,25,FALSE))/10,(VLOOKUP($A9,Hshldprojections2018!$A$1:$AQ$327,35,FALSE)-VLOOKUP($A9,Hshldprojections2018!$A$1:$AQ$327,25,FALSE))/10)) -> 530.2 | AG9: =IF(IndividualLATest!$J$7=2014,(VLOOKUP($A9,Hshldprojections2014!$A$2:$AY$326,46,FALSE)-VLOOKUP($A9,Hshldprojections2014!$A$2:$AY$326,36,FALSE))/10,IF(IndividualLATest!$J$7=2016,(VLOOKUP($A9,Hshldprojections2016!$A$1:$AQ$322,36,FALSE)-VLOOKUP($A9,Hshldprojections2016!$A$1:$AQ$322,26,FALSE))/10,(VLOOKUP($A9,Hshldprojections2018!$A$1:$AQ$327,36,FALSE)-VLOOKUP($A9,Hshldprojections2018!$A$1:$AQ$327,26,FALSE))/10)) -> 523.8 | AH9: =IF(IndividualLATest!$J$7=2014,(VLOOKUP($A9,Hshldprojections2014!$A$2:$AY$326,47,FALSE)-VLOOKUP($A9,Hshldprojections2014!$A$2:$AY$326,37,FALSE))/10,IF(IndividualLATest!$J$7=2016,(VLOOKUP($A9,Hshldprojections2016!$A$1:$AQ$322,37,FALSE)-VLOOKUP($A9,Hshldprojections2016!$A$1:$AQ$322,27,FALSE))/10,(VLOOKUP($A9,Hshldprojections2018!$A$1:$AQ$327,37,FALSE)-VLOOKUP($A9,Hshldprojections2018!$A$1:$AQ$327,27,FALSE))/10)) -> 520.7 | AI9: =VLOOKUP($A9,AffordabilityRatio!$A$2:$I$321,5,FALSE) -> 5.56 | AJ9: =VLOOKUP($A9,AffordabilityRatio!$A$2:$I$321,6,FALSE) -> 5.04 | AK9: =VLOOKUP($A9,AffordabilityRatio!$A$2:$I$321,7,FALSE) -> 5.76 | AL9: =IF((VLOOKUP($A9,AffordabilityRatio!$A$2:$I$321,8,FALSE))="",AK9,VLOOKUP($A9,AffordabilityRatio!$A$2:$I$321,8,FALSE)) -> 5.28 | AM9: =IF((VLOOKUP($A9,AffordabilityRatio!$A$2:$I$321,9,FALSE))="",AL9,VLOOKUP($A9,AffordabilityRatio!$A$2:$I$321,9,FALSE)) -> 6.15 | AN9: =IF((VLOOKUP($A9,AffordabilityRatio!$A$2:$I$321,9,FALSE))="",AM9,VLOOKUP($A9,AffordabilityRatio!$A$2:$I$321,9,FALSE)) -> 6.15 | AO9: =IF((VLOOKUP($A9,AffordabilityRatio!$A$2:$I$321,9,FALSE))="",AN9,VLOOKUP($A9,AffordabilityRatio!$A$2:$I$321,9,FALSE)) -> 6.15 | AP9: =IF((VLOOKUP($A9,AffordabilityRatio!$A$2:$I$321,9,FALSE))="",AO9,VLOOKUP($A9,AffordabilityRatio!$A$2:$I$321,9,FALSE)) -> 6.15 | AQ9: =IF(AA9<0,0,IF(AI9>4,ROUND((1+((AI9-4)/4*0.25))*AA9,0),AA9)) -> 503 | AR9: =IF(AB9<0,0,IF(AJ9>4,ROUND((1+((AJ9-4)/4*0.25))*AB9,0),AB9)) -> 475 | AS9: =IF(AC9<0,0,IF(AK9>4,ROUND((1+((AK9-4)/4*0.25))*AC9,0),AC9)) -> 482 | AT9: =IF(AD9<0,0,IF(AL9>4,ROUND((1+((AL9-4)/4*0.25))*AD9,0),AD9)) -> 597 | AU9: =IF(AE9<0,0,IF(AM9>4,ROUND((1+((AM9-4)/4*0.25))*AE9,0),AE9)) -> 613 | AV9: =IF(AF9<0,0,IF(AN9>4,ROUND((1+((AN9-4)/4*0.25))*AF9,0),AF9)) -> 601 | AW9: =IF(AG9<0,0,IF(AO9>4,ROUND((1+((AO9-4)/4*0.25))*AG9,0),AG9)) -> 594 | AX9: =IF(AH9<0,0,IF(AP9>4,ROUND((1+((AP9-4)/4*0.25))*AH9,0),AH9)) -> 591 | AY9: =IF(AA9<0,0,IF(K9="-",MIN((MAX(J9, AA9)+((MAX(J9, AA9))*0.4)),AQ9),MIN(K9+(K9*0.4),AQ9))) -> 503 | AZ9: =IF(AB9<0,0,IF(L9="-",MIN((MAX(J9, AB9)+((MAX(J9, AB9))*0.4)),AR9),MIN(L9+(L9*0.4),AR9))) -> 475 | BA9: =IF(AC9<0,0,IF(M9="-",MIN((MAX(J9, AC9)+((MAX(J9, AC9))*0.4)),AS9),MIN(M9+(M9*0.4),AS9))) -> 482 | BB9: =IF(AD9<0,0,IF(N9="-",MIN((MAX(J9, AD9)+((MAX(J9, AD9))*0.4)),AT9),MIN(N9+(N9*0.4),AT9))) -> 597 | BC9: =IF(AE9<0,0,IF(O9="-",MIN((MAX(J9, AE9)+((MAX(J9, AE9))*0.4)),AU9),MIN(O9+(O9*0.4),AU9))) -> 613 | BD9: =IF(AF9<0,0,IF(P9="-",MIN((MAX(J9, AF9)+((MAX(J9, AF9))*0.4)),AV9),MIN(P9+(P9*0.4),AV9))) -> 601 | BE9: =IF(AG9<0,0,IF(Q9="-",MIN((MAX(J9, AG9)+((MAX(J9, AG9))*0.4)),AW9),MIN(Q9+(Q9*0.4),AW9))) -> 594 | BF9: =IF(AH9<0,0,IF(R9="-",MIN((MAX(J9, AH9)+((MAX(J9, AH9))*0.4)),AX9),MIN(R9+(R9*0.4),AX9))) -> 591 | BG9: =AY9*VLOOKUP($B9,'Major Cities & Towns'!$A$28:$B$345,2,FALSE) -> 503 | BH9: =AZ9*VLOOKUP($B9,'Major Cities & Towns'!$A$28:$B$345,2,FALSE) -> 475 | BI9: =BA9*VLOOKUP($B9,'Major Cities & Towns'!$A$28:$B$345,2,FALSE) -> 482 | BJ9: =BB9*VLOOKUP($B9,'Major Cities & Towns'!$A$28:$B$345,2,FALSE) -> 597 | BK9: =BC9*VLOOKUP($B9,'Major Cities & Towns'!$A$28:$B$345,2,FALSE) -> 613 | BL9: =BD9*VLOOKUP($B9,'Major Cities & Towns'!$A$28:$B$345,2,FALSE) -> 601 | BM9: =BE9*VLOOKUP($B9,'Major Cities & Towns'!$A$28:$B$345,2,FALSE) -> 594 | BN9: =BF9*VLOOKUP($B9,'Major Cities & Towns'!$A$28:$B$345,2,FALSE) -> 591 | BO9: =IFERROR(IF(AND(S9<365,S9>0),SUM(((S9/365)*(MIN(K9,BG9)))+(((365-S9)/365)*AQ9)),(MIN(K9,AQ9))),AQ9) -> 503 | BP9: =IFERROR(IF(AND(T9<365,T9>0),SUM(((T9/365)*(MIN(L9,BH9)))+(((365-T9)/365)*AR9)),(MIN(L9,AR9))),AR9) -> 475 | BQ9: =IFERROR(IF(AND(U9<365,U9>0),SUM(((U9/365)*(MIN(M9,BI9)))+(((365-U9)/365)*AS9)),(MIN(M9,AS9))),AS9) -> 482 | BR9: =IFERROR(IF(AND(V9<365,V9>0),SUM(((V9/365)*(MIN(N9,BJ9)))+(((365-V9)/365)*AT9)),(MIN(N9,AT9))),AT9) -> 597 | BS9: =IFERROR(IF(AND(W9<365,W9>0),SUM(((W9/365)*(MIN(O9,BK9)))+(((365-W9)/365)*AU9)),(MIN(O9,AU9))),AU9) -> 613 | BT9: =IFERROR(IF(AND(X9<365,X9>0),SUM(((X9/365)*(MIN(P9,BL9)))+(((365-X9)/365)*AV9)),(MIN(P9,AV9))),AV9) -> 601 | BU9: =IFERROR(IF(AND(Y9<365,Y9>0),SUM(((Y9/365)*(MIN(Q9,BM9)))+(((365-Y9)/365)*AW9)),(MIN(Q9,AW9))),AW9) -> 594 | BV9: =IFERROR(IF(AND(Z9<365,Z9>0),SUM(((Z9/365)*(MIN(R9,BN9)))+(((365-Z9)/365)*AX9)),(MIN(R9,AX9))),AX9) -> 591 | BW9: =VLOOKUP($A9,NetAdditions!$A$2:$H$336,6,FALSE) -> 300 | BX9: =VLOOKUP($A9,NetAdditions!$A$2:$H$336,7,FALSE) -> 173 | BY9: =IF((VLOOKUP($C9,NetAdditions!$A$2:$H$336,8,FALSE))="",(AVERAGE(VLOOKUP($C9,NetAdditions!$A$2:$H$336,5,FALSE),VLOOKUP($C9,NetAdditions!$A$2:$H$336,6,FALSE),VLOOKUP($C9,NetAdditions!$A$2:$H$336,7,FALSE))),VLOOKUP($C9,NetAdditions!$A$2:$H$336,8,FALSE)) -> 265 | BZ9: =AVERAGE(BW9:BY9) -> 246 | CA9: =AVERAGE(BX9:BZ9) -> 228 | CB9: =AVERAGE(BY9:CA9) -> 246.33333 | CC9: =AVERAGE(BZ9:CB9) -> 240.11111 | CD9: =AVERAGE(CA9:CC9) -> 238.14815 | CE9: =SUM(BO9:BQ9) -> 1460 | CF9: =SUM(BP9:BR9) -> 1554 | CG9: =SUM(BQ9:BS9) -> 1692 | CH9: =SUM(BR9:BT9) -> 1811 | CI9: =SUM(BS9:BU9) -> 1808 | CJ9: =SUM(BT9:BV9) -> 1786 | CK9: =CE9*((24+7)/36) -> 1257.2222 | CL9: =CF9*((24+7)/36) -> 1338.1667 | CM9: =CG9*((24+9)/36) -> 1551 | CN9: =CH9 -> 1811 | CO9: =CI9 -> 1808 | CP9: =CJ9 -> 1786 | CQ9: =SUM(BW9:BY9) -> 738 | CR9: =SUM(BX9:BZ9) -> 684 | CS9: =SUM(BY9:CA9) -> 739 | CT9: =SUM(BZ9:CB9) -> 720.33333 | CU9: =SUM(CA9:CC9) -> 714.44444 | CV9: =SUM(CB9:CD9) -> 724.59259 | CW9: =IFERROR(CQ9/CK9,"-") -> 0.5870084 | CX9: =IF(CW9<0.25, "Presumption", IF(CW9<0.85, "Buffer and Action Plan", IF(CW9<0.95, "Action Plan", "Pass"))) -> Buffer and Action Plan | CY9: =IFERROR(CR9/CL9,"-") -> 0.51114709 | CZ9: =IF(CY9<0.45, "Presumption", IF(CY9<0.85, "Buffer and Action Plan", IF(CY9<0.95, "Action Plan", "Pass"))) -> Buffer and Action Plan | DA9: =IFERROR(CS9/CM9,"-") -> 0.4764668 | DB9: =IF(DA9<0.75, "Presumption", IF(DA9<0.85, "Buffer and Action Plan", IF(DA9<0.95, "Action Plan", "Pass"))) -> Presumption | DC9: =IFERROR(CT9/CN9,"-") -> 0.39775446 | DD9: =IF(DC9<0.75, "Presumption", IF(DC9<0.85, "Buffer and Action Plan", IF(DC9<0.95, "Action Plan", "Pass"))) -> Presumption | DE9: =IFERROR(CU9/CO9,"-") -> 0.39515733 | DF9: =IF(DE9<0.75, "Presumption", IF(DE9<0.85, "Buffer and Action Plan", IF(DE9<0.95, "Action Plan", "Pass"))) -> Presumption | DG9: =IFERROR(CV9/CP9,"-") -> 0.40570694 | DH9: =IF(DG9<0.75, "Presumption", IF(DG9<0.85, "Buffer and Action Plan", IF(DG9<0.95, "Action Plan", "Pass"))) -> Presumption
A10: E07000105 | B10: Ashford | C10: E07000105 | D10: SE | E10: =VLOOKUP(C10,PoliticalControl!A:K,11,FALSE) -> CON | F10: =VLOOKUP(C10,UrbanRuralClassification!A:N,13,FALSE) -> Urban with Significant Rural (rural including hub towns 26-49%) | G10: =VLOOKUP(C10,UrbanRuralClassification!A:N,14,FALSE) -> Urban with Significant Rural | H10: =IF(ISBLANK((VLOOKUP($A10,'local-plan-data'!$C$1:$AD$566,27,FALSE)))=TRUE,"",VLOOKUP($A10,'local-plan-data'!$C$1:$AD$566,27,FALSE)) -> 43517 | I10: =VLOOKUP($A10,'local-plan-data'!$C$1:$AD$566,28,FALSE) -> 888 | J10: =IFERROR(IF(ISNUMBER(I10),I10,VALUE(LEFT(I10,FIND("-",I10)-1))),"-") -> 888 | K10: =IF(AND(ISNUMBER($H10),ISNUMBER($J10)),IF(($H10-K$1>0),$J10,IF(DATEDIF($H10,K$1,"y")<5,$J10,"-")),"-") -> 888 | L10: =IF(AND(ISNUMBER($H10),ISNUMBER($J10)),IF(($H10-L$1>0),$J10,IF(DATEDIF($H10,L$1,"y")<5,$J10,"-")),"-") -> 888 | M10: =IF(AND(ISNUMBER($H10),ISNUMBER($J10)),IF(($H10-M$1>0),$J10,IF(DATEDIF($H10,M$1,"y")<5,$J10,"-")),"-") -> 888 | N10: =IF(AND(ISNUMBER($H10),ISNUMBER($J10)),IF(($H10-N$1>0),$J10,IF(DATEDIF($H10,N$1,"y")<5,$J10,"-")),"-") -> 888 | O10: =IF(AND(ISNUMBER($H10),ISNUMBER($J10)),IF(($H10-O$1>0),$J10,IF(DATEDIF($H10,O$1,"y")<5,$J10,"-")),"-") -> 888 | P10: =IF(AND(ISNUMBER($H10),ISNUMBER($J10)),IF(($H10-P$1>0),$J10,IF(DATEDIF($H10,P$1,"y")<5,$J10,"-")),"-") -> 888 | Q10: =IF(AND(ISNUMBER($H10),ISNUMBER($J10)),IF(($H10-Q$1>0),$J10,IF(DATEDIF($H10,Q$1,"y")<5,$J10,"-")),"-") -> - | R10: =IF(AND(ISNUMBER($H10),ISNUMBER($J10)),IF(($H10-R$1>0),$J10,IF(DATEDIF($H10,R$1,"y")<5,$J10,"-")),"-") -> - | S10: =IFERROR((EDATE($H10,60))-S$1,"-") -> 2152 | T10: =IFERROR((EDATE($H10,60))-T$1,"-") -> 1787 | U10: =IFERROR((EDATE($H10,60))-U$1,"-") -> 1421 | V10: =IFERROR((EDATE($H10,60))-V$1,"-") -> 1056 | W10: =IFERROR((EDATE($H10,60))-W$1,"-") -> 691 | X10: =IFERROR((EDATE($H10,60))-X$1,"-") -> 326 | Y10: =IFERROR((EDATE($H10,60))-Y$1,"-") -> -40 | Z10: =IFERROR((EDATE($H10,60))-Z$1,"-") -> -405 | AA10: =(VLOOKUP(A10,Hshldprojections2014!$A$2:$AW$319,40, FALSE)-VLOOKUP(A10,Hshldprojections2014!$A$2:$AW$319,30, FALSE))/10 -> 744.3 | AB10: =(VLOOKUP(A10,Hshldprojections2014!$A$2:$AW$319,41, FALSE)-VLOOKUP(A10,Hshldprojections2014!$A$2:$AW$319,31, FALSE))/10 -> 735.5 | AC10: =(VLOOKUP(A10,Hshldprojections2014!$A$2:$AW$319,42, FALSE)-VLOOKUP(A10,Hshldprojections2014!$A$2:$AW$319,32, FALSE))/10 -> 725.7 | AD10: =IF(IndividualLATest!$J$7=2014,(VLOOKUP($A10,Hshldprojections2014!$A$2:$AY$326,43,FALSE)-VLOOKUP($A10,Hshldprojections2014!$A$2:$AY$326,33,FALSE))/10,IF(IndividualLATest!$J$7=2016,(VLOOKUP($A10,Hshldprojections2016!$A$1:$AQ$322,33,FALSE)-VLOOKUP($A10,Hshldprojections2016!$A$1:$AQ$322,23,FALSE))/10,(VLOOKUP($A10,Hshldprojections2018!$A$1:$AQ$327,33,FALSE)-VLOOKUP($A10,Hshldprojections2018!$A$1:$AQ$327,23,FALSE))/10)) -> 660.7 | AE10: =IF(IndividualLATest!$J$7=2014,(VLOOKUP($A10,Hshldprojections2014!$A$2:$AY$326,44,FALSE)-VLOOKUP($A10,Hshldprojections2014!$A$2:$AY$326,34,FALSE))/10,IF(IndividualLATest!$J$7=2016,(VLOOKUP($A10,Hshldprojections2016!$A$1:$AQ$322,34,FALSE)-VLOOKUP($A10,Hshldprojections2016!$A$1:$AQ$322,24,FALSE))/10,(VLOOKUP($A10,Hshldprojections2018!$A$1:$AQ$327,34,FALSE)-VLOOKUP($A10,Hshldprojections2018!$A$1:$AQ$327,24,FALSE))/10)) -> 642.1 | AF10: =IF(IndividualLATest!$J$7=2014,(VLOOKUP($A10,Hshldprojections2014!$A$2:$AY$326,45,FALSE)-VLOOKUP($A10,Hshldprojections2014!$A$2:$AY$326,35,FALSE))/10,IF(IndividualLATest!$J$7=2016,(VLOOKUP($A10,Hshldprojections2016!$A$1:$AQ$322,35,FALSE)-VLOOKUP($A10,Hshldprojections2016!$A$1:$AQ$322,25,FALSE))/10,(VLOOKUP($A10,Hshldprojections2018!$A$1:$AQ$327,35,FALSE)-VLOOKUP($A10,Hshldprojections2018!$A$1:$AQ$327,25,FALSE))/10)) -> 626.6 | AG10: =IF(IndividualLATest!$J$7=2014,(VLOOKUP($A10,Hshldprojections2014!$A$2:$AY$326,46,FALSE)-VLOOKUP($A10,Hshldprojections2014!$A$2:$AY$326,36,FALSE))/10,IF(IndividualLATest!$J$7=2016,(VLOOKUP($A10,Hshldprojections2016!$A$1:$AQ$322,36,FALSE)-VLOOKUP($A10,Hshldprojections2016!$A$1:$AQ$322,26,FALSE))/10,(VLOOKUP($A10,Hshldprojections2018!$A$1:$AQ$327,36,FALSE)-VLOOKUP($A10,Hshldprojections2018!$A$1:$AQ$327,26,FALSE))/10)) -> 612.5 | AH10: =IF(IndividualLATest!$J$7=2014,(VLOOKUP($A10,Hshldprojections2014!$A$2:$AY$326,47,FALSE)-VLOOKUP($A10,Hshldprojections2014!$A$2:$AY$326,37,FALSE))/10,IF(IndividualLATest!$J$7=2016,(VLOOKUP($A10,Hshldprojections2016!$A$1:$AQ$322,37,FALSE)-VLOOKUP($A10,Hshldprojections2016!$A$1:$AQ$322,27,FALSE))/10,(VLOOKUP($A10,Hshldprojections2018!$A$1:$AQ$327,37,FALSE)-VLOOKUP($A10,Hshldprojections2018!$A$1:$AQ$327,27,FALSE))/10)) -> 600.6 | AI10: =VLOOKUP($A10,AffordabilityRatio!$A$2:$I$321,5,FALSE) -> 9.62 | AJ10: =VLOOKUP($A10,AffordabilityRatio!$A$2:$I$321,6,FALSE) -> 10.61 | AK10: =VLOOKUP($A10,AffordabilityRatio!$A$2:$I$321,7,FALSE) -> 9.33 | AL10: =IF((VLOOKUP($A10,AffordabilityRatio!$A$2:$I$321,8,FALSE))="",AK10,VLOOKUP($A10,AffordabilityRatio!$A$2:$I$321,8,FALSE)) -> 10.38 | AM10: =IF((VLOOKUP($A10,AffordabilityRatio!$A$2:$I$321,9,FALSE))="",AL10,VLOOKUP($A10,AffordabilityRatio!$A$2:$I$321,9,FALSE)) -> 10.45 | AN10: =IF((VLOOKUP($A10,AffordabilityRatio!$A$2:$I$321,9,FALSE))="",AM10,VLOOKUP($A10,AffordabilityRatio!$A$2:$I$321,9,FALSE)) -> 10.45 | AO10: =IF((VLOOKUP($A10,AffordabilityRatio!$A$2:$I$321,9,FALSE))="",AN10,VLOOKUP($A10,AffordabilityRatio!$A$2:$I$321,9,FALSE)) -> 10.45 | AP10: =IF((VLOOKUP($A10,AffordabilityRatio!$A$2:$I$321,9,FALSE))="",AO10,VLOOKUP($A10,AffordabilityRatio!$A$2:$I$321,9,FALSE)) -> 10.45 | AQ10: =IF(AA10<0,0,IF(AI10>4,ROUND((1+((AI10-4)/4*0.25))*AA10,0),AA10)) -> 1006 | AR10: =IF(AB10<0,0,IF(AJ10>4,ROUND((1+((AJ10-4)/4*0.25))*AB10,0),AB10)) -> 1039 | AS10: =IF(AC10<0,0,IF(AK10>4,ROUND((1+((AK10-4)/4*0.25))*AC10,0),AC10)) -> 967 | AT10: =IF(AD10<0,0,IF(AL10>4,ROUND((1+((AL10-4)/4*0.25))*AD10,0),AD10)) -> 924 | AU10: =IF(AE10<0,0,IF(AM10>4,ROUND((1+((AM10-4)/4*0.25))*AE10,0),AE10)) -> 901 | AV10: =IF(AF10<0,0,IF(AN10>4,ROUND((1+((AN10-4)/4*0.25))*AF10,0),AF10)) -> 879 | AW10: =IF(AG10<0,0,IF(AO10>4,ROUND((1+((AO10-4)/4*0.25))*AG10,0),AG10)) -> 859 | AX10: =IF(AH10<0,0,IF(AP10>4,ROUND((1+((AP10-4)/4*0.25))*AH10,0),AH10)) -> 843 | AY10: =IF(AA10<0,0,IF(K10="-",MIN((MAX(J10, AA10)+((MAX(J10, AA10))*0.4)),AQ10),MIN(K10+(K10*0.4),AQ10))) -> 1006 | AZ10: =IF(AB10<0,0,IF(L10="-",MIN((MAX(J10, AB10)+((MAX(J10, AB10))*0.4)),AR10),MIN(L10+(L10*0.4),AR10))) -> 1039 | BA10: =IF(AC10<0,0,IF(M10="-",MIN((MAX(J10, AC10)+((MAX(J10, AC10))*0.4)),AS10),MIN(M10+(M10*0.4),AS10))) -> 967 | BB10: =IF(AD10<0,0,IF(N10="-",MIN((MAX(J10, AD10)+((MAX(J10, AD10))*0.4)),AT10),MIN(N10+(N10*0.4),AT10))) -> 924 | BC10: =IF(AE10<0,0,IF(O10="-",MIN((MAX(J10, AE10)+((MAX(J10, AE10))*0.4)),AU10),MIN(O10+(O10*0.4),AU10))) -> 901 | BD10: =IF(AF10<0,0,IF(P10="-",MIN((MAX(J10, AF10)+((MAX(J10, AF10))*0.4)),AV10),MIN(P10+(P10*0.4),AV10))) -> 879 | BE10: =IF(AG10<0,0,IF(Q10="-",MIN((MAX(J10, AG10)+((MAX(J10, AG10))*0.4)),AW10),MIN(Q10+(Q10*0.4),AW10))) -> 859 | BF10: =IF(AH10<0,0,IF(R10="-",MIN((MAX(J10, AH10)+((MAX(J10, AH10))*0.4)),AX10),MIN(R10+(R10*0.4),AX10))) -> 843 | BG10: =AY10*VLOOKUP($B10,'Major Cities & Towns'!$A$28:$B$345,2,FALSE) -> 1006 | BH10: =AZ10*VLOOKUP($B10,'Major Cities & Towns'!$A$28:$B$345,2,FALSE) -> 1039 | BI10: =BA10*VLOOKUP($B10,'Major Cities & Towns'!$A$28:$B$345,2,FALSE) -> 967 | BJ10: =BB10*VLOOKUP($B10,'Major Cities & Towns'!$A$28:$B$345,2,FALSE) -> 924 | BK10: =BC10*VLOOKUP($B10,'Major Cities & Towns'!$A$28:$B$345,2,FALSE) -> 901 | BL10: =BD10*VLOOKUP($B10,'Major Cities & Towns'!$A$28:$B$345,2,FALSE) -> 879 | BM10: =BE10*VLOOKUP($B10,'Major Cities & Towns'!$A$28:$B$345,2,FALSE) -> 859 | BN10: =BF10*VLOOKUP($B10,'Major Cities & Towns'!$A$28:$B$345,2,FALSE) -> 843 | BO10: =IFERROR(IF(AND(S10<365,S10>0),SUM(((S10/365)*(MIN(K10,BG10)))+(((365-S10)/365)*AQ10)),(MIN(K10,AQ10))),AQ10) -> 888 | BP10: =IFERROR(IF(AND(T10<365,T10>0),SUM(((T10/365)*(MIN(L10,BH10)))+(((365-T10)/365)*AR10)),(MIN(L10,AR10))),AR10) -> 888 | BQ10: =IFERROR(IF(AND(U10<365,U10>0),SUM(((U10/365)*(MIN(M10,BI10)))+(((365-U10)/365)*AS10)),(MIN(M10,AS10))),AS10) -> 888 | BR10: =IFERROR(IF(AND(V10<365,V10>0),SUM(((V10/365)*(MIN(N10,BJ10)))+(((365-V10)/365)*AT10)),(MIN(N10,AT10))),AT10) -> 888 | BS10: =IFERROR(IF(AND(W10<365,W10>0),SUM(((W10/365)*(MIN(O10,BK10)))+(((365-W10)/365)*AU10)),(MIN(O10,AU10))),AU10) -> 888 | BT10: =IFERROR(IF(AND(X10<365,X10>0),SUM(((X10/365)*(MIN(P10,BL10)))+(((365-X10)/365)*AV10)),(MIN(P10,AV10))),AV10) -> 879 | BU10: =IFERROR(IF(AND(Y10<365,Y10>0),SUM(((Y10/365)*(MIN(Q10,BM10)))+(((365-Y10)/365)*AW10)),(MIN(Q10,AW10))),AW10) -> 859 | BV10: =IFERROR(IF(AND(Z10<365,Z10>0),SUM(((Z10/365)*(MIN(R10,BN10)))+(((365-Z10)/365)*AX10)),(MIN(R10,AX10))),AX10) -> 843 | BW10: =VLOOKUP($A10,NetAdditions!$A$2:$H$336,6,FALSE) -> 878 | BX10: =VLOOKUP($A10,NetAdditions!$A$2:$H$336,7,FALSE) -> 708 | BY10: =IF((VLOOKUP($C10,NetAdditions!$A$2:$H$336,8,FALSE))="",(AVERAGE(VLOOKUP($C10,NetAdditions!$A$2:$H$336,5,FALSE),VLOOKUP($C10,NetAdditions!$A$2:$H$336,6,FALSE),VLOOKUP($C10,NetAdditions!$A$2:$H$336,7,FALSE))),VLOOKUP($C10,NetAdditions!$A$2:$H$336,8,FALSE)) -> 1099 | BZ10: =AVERAGE(BW10:BY10) -> 895 | CA10: =AVERAGE(BX10:BZ10) -> 900.66667 | CB10: =AVERAGE(BY10:CA10) -> 964.88889 | CC10: =AVERAGE(BZ10:CB10) -> 920.18519 | CD10: =AVERAGE(CA10:CC10) -> 928.58025 | CE10: =SUM(BO10:BQ10) -> 2664 | CF10: =SUM(BP10:BR10) -> 2664 | CG10: =SUM(BQ10:BS10) -> 2664 | CH10: =SUM(BR10:BT10) -> 2655 | CI10: =SUM(BS10:BU10) -> 2626 | CJ10: =SUM(BT10:BV10) -> 2581 | CK10: =CE10*((24+7)/36) -> 2294 | CL10: =CF10*((24+7)/36) -> 2294 | CM10: =CG10*((24+9)/36) -> 2442 | CN10: =CH10 -> 2655 | CO10: =CI10 -> 2626 | CP10: =CJ10 -> 2581 | CQ10: =SUM(BW10:BY10) -> 2685 | CR10: =SUM(BX10:BZ10) -> 2702 | CS10: =SUM(BY10:CA10) -> 2894.6667 | CT10: =SUM(BZ10:CB10) -> 2760.5556 | CU10: =SUM(CA10:CC10) -> 2785.7407 | CV10: =SUM(CB10:CD10) -> 2813.6543 | CW10: =IFERROR(CQ10/CK10,"-") -> 1.1704446 | CX10: =IF(CW10<0.25, "Presumption", IF(CW10<0.85, "Buffer and Action Plan", IF(CW10<0.95, "Action Plan", "Pass"))) -> Pass | CY10: =IFERROR(CR10/CL10,"-") -> 1.1778553 | CZ10: =IF(CY10<0.45, "Presumption", IF(CY10<0.85, "Buffer and Action Plan", IF(CY10<0.95, "Action Plan", "Pass"))) -> Pass | DA10: =IFERROR(CS10/CM10,"-") -> 1.1853672 | DB10: =IF(DA10<0.75, "Presumption", IF(DA10<0.85, "Buffer and Action Plan", IF(DA10<0.95, "Action Plan", "Pass"))) -> Pass | DC10: =IFERROR(CT10/CN10,"-") -> 1.0397573 | DD10: =IF(DC10<0.75, "Presumption", IF(DC10<0.85, "Buffer and Action Plan", IF(DC10<0.95, "Action Plan", "Pass"))) -> Pass | DE10: =IFERROR(CU10/CO10,"-") -> 1.0608304 | DF10: =IF(DE10<0.75, "Presumption", IF(DE10<0.85, "Buffer and Action Plan", IF(DE10<0.95, "Action Plan", "Pass"))) -> Pass | DG10: =IFERROR(CV10/CP10,"-") -> 1.0901412 | DH10: =IF(DG10<0.75, "Presumption", IF(DG10<0.85, "Buffer and Action Plan", IF(DG10<0.95, "Action Plan", "Pass"))) -> Pass
A11: E07000200 | B11: Babergh | C11: E07000200 | D11: E | E11: =VLOOKUP(C11,PoliticalControl!A:K,11,FALSE) -> NOC | F11: =VLOOKUP(C11,UrbanRuralClassification!A:N,13,FALSE) -> Mainly Rural (rural including hub towns >=80%) | G11: =VLOOKUP(C11,UrbanRuralClassification!A:N,14,FALSE) -> Predominantly Rural | H11: =IF(ISBLANK((VLOOKUP($A11,'local-plan-data'!$C$1:$AD$566,27,FALSE)))=TRUE,"",VLOOKUP($A11,'local-plan-data'!$C$1:$AD$566,27,FALSE)) -> 41695 | I11: =VLOOKUP($A11,'local-plan-data'!$C$1:$AD$566,28,FALSE) -> 298.75 | J11: =IFERROR(IF(ISNUMBER(I11),I11,VALUE(LEFT(I11,FIND("-",I11)-1))),"-") -> 298.75 | K11: =IF(AND(ISNUMBER($H11),ISNUMBER($J11)),IF(($H11-K$1>0),$J11,IF(DATEDIF($H11,K$1,"y")<5,$J11,"-")),"-") -> 298.75 | L11: =IF(AND(ISNUMBER($H11),ISNUMBER($J11)),IF(($H11-L$1>0),$J11,IF(DATEDIF($H11,L$1,"y")<5,$J11,"-")),"-") -> - | M11: =IF(AND(ISNUMBER($H11),ISNUMBER($J11)),IF(($H11-M$1>0),$J11,IF(DATEDIF($H11,M$1,"y")<5,$J11,"-")),"-") -> - | N11: =IF(AND(ISNUMBER($H11),ISNUMBER($J11)),IF(($H11-N$1>0),$J11,IF(DATEDIF($H11,N$1,"y")<5,$J11,"-")),"-") -> - | O11: =IF(AND(ISNUMBER($H11),ISNUMBER($J11)),IF(($H11-O$1>0),$J11,IF(DATEDIF($H11,O$1,"y")<5,$J11,"-")),"-") -> - | P11: =IF(AND(ISNUMBER($H11),ISNUMBER($J11)),IF(($H11-P$1>0),$J11,IF(DATEDIF($H11,P$1,"y")<5,$J11,"-")),"-") -> - | Q11: =IF(AND(ISNUMBER($H11),ISNUMBER($J11)),IF(($H11-Q$1>0),$J11,IF(DATEDIF($H11,Q$1,"y")<5,$J11,"-")),"-") -> - | R11: =IF(AND(ISNUMBER($H11),ISNUMBER($J11)),IF(($H11-R$1>0),$J11,IF(DATEDIF($H11,R$1,"y")<5,$J11,"-")),"-") -> - | S11: =IFERROR((EDATE($H11,60))-S$1,"-") -> 330 | T11: =IFERROR((EDATE($H11,60))-T$1,"-") -> -35 | U11: =IFERROR((EDATE($H11,60))-U$1,"-") -> -401 | V11: =IFERROR((EDATE($H11,60))-V$1,"-") -> -766 | W11: =IFERROR((EDATE($H11,60))-W$1,"-") -> -1131 | X11: =IFERROR((EDATE($H11,60))-X$1,"-") -> -1496 | Y11: =IFERROR((EDATE($H11,60))-Y$1,"-") -> -1862 | Z11: =IFERROR((EDATE($H11,60))-Z$1,"-") -> -2227 | AA11: =(VLOOKUP(A11,Hshldprojections2014!$A$2:$AW$319,40, FALSE)-VLOOKUP(A11,Hshldprojections2014!$A$2:$AW$319,30, FALSE))/10 -> 298 | AB11: =(VLOOKUP(A11,Hshldprojections2014!$A$2:$AW$319,41, FALSE)-VLOOKUP(A11,Hshldprojections2014!$A$2:$AW$319,31, FALSE))/10 -> 293.2 | AC11: =(VLOOKUP(A11,Hshldprojections2014!$A$2:$AW$319,42, FALSE)-VLOOKUP(A11,Hshldprojections2014!$A$2:$AW$319,32, FALSE))/10 -> 290 | AD11: =IF(IndividualLATest!$J$7=2014,(VLOOKUP($A11,Hshldprojections2014!$A$2:$AY$326,43,FALSE)-VLOOKUP($A11,Hshldprojections2014!$A$2:$AY$326,33,FALSE))/10,IF(IndividualLATest!$J$7=2016,(VLOOKUP($A11,Hshldprojections2016!$A$1:$AQ$322,33,FALSE)-VLOOKUP($A11,Hshldprojections2016!$A$1:$AQ$322,23,FALSE))/10,(VLOOKUP($A11,Hshldprojections2018!$A$1:$AQ$327,33,FALSE)-VLOOKUP($A11,Hshldprojections2018!$A$1:$AQ$327,23,FALSE))/10)) -> 338.9 | AE11: =IF(IndividualLATest!$J$7=2014,(VLOOKUP($A11,Hshldprojections2014!$A$2:$AY$326,44,FALSE)-VLOOKUP($A11,Hshldprojections2014!$A$2:$AY$326,34,FALSE))/10,IF(IndividualLATest!$J$7=2016,(VLOOKUP($A11,Hshldprojections2016!$A$1:$AQ$322,34,FALSE)-VLOOKUP($A11,Hshldprojections2016!$A$1:$AQ$322,24,FALSE))/10,(VLOOKUP($A11,Hshldprojections2018!$A$1:$AQ$327,34,FALSE)-VLOOKUP($A11,Hshldprojections2018!$A$1:$AQ$327,24,FALSE))/10)) -> 326.3 | AF11: =IF(IndividualLATest!$J$7=2014,(VLOOKUP($A11,Hshldprojections2014!$A$2:$AY$326,45,FALSE)-VLOOKUP($A11,Hshldprojections2014!$A$2:$AY$326,35,FALSE))/10,IF(IndividualLATest!$J$7=2016,(VLOOKUP($A11,Hshldprojections2016!$A$1:$AQ$322,35,FALSE)-VLOOKUP($A11,Hshldprojections2016!$A$1:$AQ$322,25,FALSE))/10,(VLOOKUP($A11,Hshldprojections2018!$A$1:$AQ$327,35,FALSE)-VLOOKUP($A11,Hshldprojections2018!$A$1:$AQ$327,25,FALSE))/10)) -> 315.5 | AG11: =IF(IndividualLATest!$J$7=2014,(VLOOKUP($A11,Hshldprojections2014!$A$2:$AY$326,46,FALSE)-VLOOKUP($A11,Hshldprojections2014!$A$2:$AY$326,36,FALSE))/10,IF(IndividualLATest!$J$7=2016,(VLOOKUP($A11,Hshldprojections2016!$A$1:$AQ$322,36,FALSE)-VLOOKUP($A11,Hshldprojections2016!$A$1:$AQ$322,26,FALSE))/10,(VLOOKUP($A11,Hshldprojections2018!$A$1:$AQ$327,36,FALSE)-VLOOKUP($A11,Hshldprojections2018!$A$1:$AQ$327,26,FALSE))/10)) -> 304.3 | AH11: =IF(IndividualLATest!$J$7=2014,(VLOOKUP($A11,Hshldprojections2014!$A$2:$AY$326,47,FALSE)-VLOOKUP($A11,Hshldprojections2014!$A$2:$AY$326,37,FALSE))/10,IF(IndividualLATest!$J$7=2016,(VLOOKUP($A11,Hshldprojections2016!$A$1:$AQ$322,37,FALSE)-VLOOKUP($A11,Hshldprojections2016!$A$1:$AQ$322,27,FALSE))/10,(VLOOKUP($A11,Hshldprojections2018!$A$1:$AQ$327,37,FALSE)-VLOOKUP($A11,Hshldprojections2018!$A$1:$AQ$327,27,FALSE))/10)) -> 294.9 | AI11: =VLOOKUP($A11,AffordabilityRatio!$A$2:$I$321,5,FALSE) -> 10.74 | AJ11: =VLOOKUP($A11,AffordabilityRatio!$A$2:$I$321,6,FALSE) -> 11.48 | AK11: =VLOOKUP($A11,AffordabilityRatio!$A$2:$I$321,7,FALSE) -> 10.87 | AL11: =IF((VLOOKUP($A11,AffordabilityRatio!$A$2:$I$321,8,FALSE))="",AK11,VLOOKUP($A11,AffordabilityRatio!$A$2:$I$321,8,FALSE)) -> 10.68 | AM11: =IF((VLOOKUP($A11,AffordabilityRatio!$A$2:$I$321,9,FALSE))="",AL11,VLOOKUP($A11,AffordabilityRatio!$A$2:$I$321,9,FALSE)) -> 11.84 | AN11: =IF((VLOOKUP($A11,AffordabilityRatio!$A$2:$I$321,9,FALSE))="",AM11,VLOOKUP($A11,AffordabilityRatio!$A$2:$I$321,9,FALSE)) -> 11.84 | AO11: =IF((VLOOKUP($A11,AffordabilityRatio!$A$2:$I$321,9,FALSE))="",AN11,VLOOKUP($A11,AffordabilityRatio!$A$2:$I$321,9,FALSE)) -> 11.84 | AP11: =IF((VLOOKUP($A11,AffordabilityRatio!$A$2:$I$321,9,FALSE))="",AO11,VLOOKUP($A11,AffordabilityRatio!$A$2:$I$321,9,FALSE)) -> 11.84 | AQ11: =IF(AA11<0,0,IF(AI11>4,ROUND((1+((AI11-4)/4*0.25))*AA11,0),AA11)) -> 424 | AR11: =IF(AB11<0,0,IF(AJ11>4,ROUND((1+((AJ11-4)/4*0.25))*AB11,0),AB11)) -> 430 | AS11: =IF(AC11<0,0,IF(AK11>4,ROUND((1+((AK11-4)/4*0.25))*AC11,0),AC11)) -> 415 | AT11: =IF(AD11<0,0,IF(AL11>4,ROUND((1+((AL11-4)/4*0.25))*AD11,0),AD11)) -> 480 | AU11: =IF(AE11<0,0,IF(AM11>4,ROUND((1+((AM11-4)/4*0.25))*AE11,0),AE11)) -> 486 | AV11: =IF(AF11<0,0,IF(AN11>4,ROUND((1+((AN11-4)/4*0.25))*AF11,0),AF11)) -> 470 | AW11: =IF(AG11<0,0,IF(AO11>4,ROUND((1+((AO11-4)/4*0.25))*AG11,0),AG11)) -> 453 | AX11: =IF(AH11<0,0,IF(AP11>4,ROUND((1+((AP11-4)/4*0.25))*AH11,0),AH11)) -> 439 | AY11: =IF(AA11<0,0,IF(K11="-",MIN((MAX(J11, AA11)+((MAX(J11, AA11))*0.4)),AQ11),MIN(K11+(K11*0.4),AQ11))) -> 418.25 | AZ11: =IF(AB11<0,0,IF(L11="-",MIN((MAX(J11, AB11)+((MAX(J11, AB11))*0.4)),AR11),MIN(L11+(L11*0.4),AR11))) -> 418.25 | BA11: =IF(AC11<0,0,IF(M11="-",MIN((MAX(J11, AC11)+((MAX(J11, AC11))*0.4)),AS11),MIN(M11+(M11*0.4),AS11))) -> 415 | BB11: =IF(AD11<0,0,IF(N11="-",MIN((MAX(J11, AD11)+((MAX(J11, AD11))*0.4)),AT11),MIN(N11+(N11*0.4),AT11))) -> 474.46 | BC11: =IF(AE11<0,0,IF(O11="-",MIN((MAX(J11, AE11)+((MAX(J11, AE11))*0.4)),AU11),MIN(O11+(O11*0.4),AU11))) -> 456.82 | BD11: =IF(AF11<0,0,IF(P11="-",MIN((MAX(J11, AF11)+((MAX(J11, AF11))*0.4)),AV11),MIN(P11+(P11*0.4),AV11))) -> 441.7 | BE11: =IF(AG11<0,0,IF(Q11="-",MIN((MAX(J11, AG11)+((MAX(J11, AG11))*0.4)),AW11),MIN(Q11+(Q11*0.4),AW11))) -> 426.02 | BF11: =IF(AH11<0,0,IF(R11="-",MIN((MAX(J11, AH11)+((MAX(J11, AH11))*0.4)),AX11),MIN(R11+(R11*0.4),AX11))) -> 418.25 | BG11: =AY11*VLOOKUP($B11,'Major Cities & Towns'!$A$28:$B$345,2,FALSE) -> 418.25 | BH11: =AZ11*VLOOKUP($B11,'Major Cities & Towns'!$A$28:$B$345,2,FALSE) -> 418.25 | BI11: =BA11*VLOOKUP($B11,'Major Cities & Towns'!$A$28:$B$345,2,FALSE) -> 415 | BJ11: =BB11*VLOOKUP($B11,'Major Cities & Towns'!$A$28:$B$345,2,FALSE) -> 474.46 | BK11: =BC11*VLOOKUP($B11,'Major Cities & Towns'!$A$28:$B$345,2,FALSE) -> 456.82 | BL11: =BD11*VLOOKUP($B11,'Major Cities & Towns'!$A$28:$B$345,2,FALSE) -> 441.7 | BM11: =BE11*VLOOKUP($B11,'Major Cities & Towns'!$A$28:$B$345,2,FALSE) -> 426.02 | BN11: =BF11*VLOOKUP($B11,'Major Cities & Towns'!$A$28:$B$345,2,FALSE) -> 418.25 | BO11: =IFERROR(IF(AND(S11<365,S11>0),SUM(((S11/365)*(MIN(K11,BG11)))+(((365-S11)/365)*AQ11)),(MIN(K11,AQ11))),AQ11) -> 310.76027 | BP11: =IFERROR(IF(AND(T11<365,T11>0),SUM(((T11/365)*(MIN(L11,BH11)))+(((365-T11)/365)*AR11)),(MIN(L11,AR11))),AR11) -> 430 | BQ11: =IFERROR(IF(AND(U11<365,U11>0),SUM(((U11/365)*(MIN(M11,BI11)))+(((365-U11)/365)*AS11)),(MIN(M11,AS11))),AS11) -> 415 | BR11: =IFERROR(IF(AND(V11<365,V11>0),SUM(((V11/365)*(MIN(N11,BJ11)))+(((365-V11)/365)*AT11)),(MIN(N11,AT11))),AT11) -> 480 | BS11: =IFERROR(IF(AND(W11<365,W11>0),SUM(((W11/365)*(MIN(O11,BK11)))+(((365-W11)/365)*AU11)),(MIN(O11,AU11))),AU11) -> 486 | BT11: =IFERROR(IF(AND(X11<365,X11>0),SUM(((X11/365)*(MIN(P11,BL11)))+(((365-X11)/365)*AV11)),(MIN(P11,AV11))),AV11) -> 470 | BU11: =IFERROR(IF(AND(Y11<365,Y11>0),SUM(((Y11/365)*(MIN(Q11,BM11)))+(((365-Y11)/365)*AW11)),(MIN(Q11,AW11))),AW11) -> 453 | BV11: =IFERROR(IF(AND(Z11<365,Z11>0),SUM(((Z11/365)*(MIN(R11,BN11)))+(((365-Z11)/365)*AX11)),(MIN(R11,AX11))),AX11) -> 439 | BW11: =VLOOKUP($A11,NetAdditions!$A$2:$H$336,6,FALSE) -> 579 | BX11: =VLOOKUP($A11,NetAdditions!$A$2:$H$336,7,FALSE) -> 293 | BY11: =IF((VLOOKUP($C11,NetAdditions!$A$2:$H$336,8,FALSE))="",(AVERAGE(VLOOKUP($C11,NetAdditions!$A$2:$H$336,5,FALSE),VLOOKUP($C11,NetAdditions!$A$2:$H$336,6,FALSE),VLOOKUP($C11,NetAdditions!$A$2:$H$336,7,FALSE))),VLOOKUP($C11,NetAdditions!$A$2:$H$336,8,FALSE)) -> 527 | BZ11: =AVERAGE(BW11:BY11) -> 466.33333 | CA11: =AVERAGE(BX11:BZ11) -> 428.77778 | CB11: =AVERAGE(BY11:CA11) -> 474.03704 | CC11: =AVERAGE(BZ11:CB11) -> 456.38272 | CD11: =AVERAGE(CA11:CC11) -> 453.06584 | CE11: =SUM(BO11:BQ11) -> 1155.7603 | CF11: =SUM(BP11:BR11) -> 1325 | CG11: =SUM(BQ11:BS11) -> 1381 | CH11: =SUM(BR11:BT11) -> 1436 | CI11: =SUM(BS11:BU11) -> 1409 | CJ11: =SUM(BT11:BV11) -> 1362 | CK11: =CE11*((24+7)/36) -> 995.23801 | CL11: =CF11*((24+7)/36) -> 1140.9722 | CM11: =CG11*((24+9)/36) -> 1265.9167 | CN11: =CH11 -> 1436 | CO11: =CI11 -> 1409 | CP11: =CJ11 -> 1362 | CQ11: =SUM(BW11:BY11) -> 1399 | CR11: =SUM(BX11:BZ11) -> 1286.3333 | CS11: =SUM(BY11:CA11) -> 1422.1111 | CT11: =SUM(BZ11:CB11) -> 1369.1481 | CU11: =SUM(CA11:CC11) -> 1359.1975 | CV11: =SUM(CB11:CD11) -> 1383.4856 | CW11: =IFERROR(CQ11/CK11,"-") -> 1.4056939 | CX11: =IF(CW11<0.25, "Presumption", IF(CW11<0.85, "Buffer and Action Plan", IF(CW11<0.95, "Action Plan", "Pass"))) -> Pass | CY11: =IFERROR(CR11/CL11,"-") -> 1.1274011 | CZ11: =IF(CY11<0.45, "Presumption", IF(CY11<0.85, "Buffer and Action Plan", IF(CY11<0.95, "Action Plan", "Pass"))) -> Pass | DA11: =IFERROR(CS11/CM11,"-") -> 1.1233845 | DB11: =IF(DA11<0.75, "Presumption", IF(DA11<0.85, "Buffer and Action Plan", IF(DA11<0.95, "Action Plan", "Pass"))) -> Pass | DC11: =IFERROR(CT11/CN11,"-") -> 0.95344579 | DD11: =IF(DC11<0.75, "Presumption", IF(DC11<0.85, "Buffer and Action Plan", IF(DC11<0.95, "Action Plan", "Pass"))) -> Pass | DE11: =IFERROR(CU11/CO11,"-") -> 0.96465403 | DF11: =IF(DE11<0.75, "Presumption", IF(DE11<0.85, "Buffer and Action Plan", IF(DE11<0.95, "Action Plan", "Pass"))) -> Pass | DG11: =IFERROR(CV11/CP11,"-") -> 1.015775 | DH11: =IF(DG11<0.75, "Presumption", IF(DG11<0.85, "Buffer and Action Plan", IF(DG11<0.95, "Action Plan", "Pass"))) -> Pass
A12: E09000002 | B12: Barking and Dagenham | C12: E09000002 | D12: GL | E12: =VLOOKUP(C12,PoliticalControl!A:K,11,FALSE) -> LAB | F12: =VLOOKUP(C12,UrbanRuralClassification!A:N,13,FALSE) -> Urban with Major Conurbation | G12: =VLOOKUP(C12,UrbanRuralClassification!A:N,14,FALSE) -> Predominantly Urban | H12: =IF(ISBLANK((VLOOKUP($A12,'local-plan-data'!$C$1:$AD$566,27,FALSE)))=TRUE,"",VLOOKUP($A12,'local-plan-data'!$C$1:$AD$566,27,FALSE)) -> 40380 | I12: =VLOOKUP($A12,'local-plan-data'!$C$1:$AD$566,28,FALSE) -> 1190 | J12: =IFERROR(IF(ISNUMBER(I12),I12,VALUE(LEFT(I12,FIND("-",I12)-1))),"-") -> 1190 | K12: =IF(AND(ISNUMBER($H12),ISNUMBER($J12)),IF(($H12-K$1>0),$J12,IF(DATEDIF($H12,K$1,"y")<5,$J12,"-")),"-") -> - | L12: =IF(AND(ISNUMBER($H12),ISNUMBER($J12)),IF(($H12-L$1>0),$J12,IF(DATEDIF($H12,L$1,"y")<5,$J12,"-")),"-") -> - | M12: =IF(AND(ISNUMBER($H12),ISNUMBER($J12)),IF(($H12-M$1>0),$J12,IF(DATEDIF($H12,M$1,"y")<5,$J12,"-")),"-") -> - | N12: =IF(AND(ISNUMBER($H12),ISNUMBER($J12)),IF(($H12-N$1>0),$J12,IF(DATEDIF($H12,N$1,"y")<5,$J12,"-")),"-") -> - | O12: =IF(AND(ISNUMBER($H12),ISNUMBER($J12)),IF(($H12-O$1>0),$J12,IF(DATEDIF($H12,O$1,"y")<5,$J12,"-")),"-") -> - | P12: =IF(AND(ISNUMBER($H12),ISNUMBER($J12)),IF(($H12-P$1>0),$J12,IF(DATEDIF($H12,P$1,"y")<5,$J12,"-")),"-") -> - | Q12: =IF(AND(ISNUMBER($H12),ISNUMBER($J12)),IF(($H12-Q$1>0),$J12,IF(DATEDIF($H12,Q$1,"y")<5,$J12,"-")),"-") -> - | R12: =IF(AND(ISNUMBER($H12),ISNUMBER($J12)),IF(($H12-R$1>0),$J12,IF(DATEDIF($H12,R$1,"y")<5,$J12,"-")),"-") -> - | S12: =IFERROR((EDATE($H12,60))-S$1,"-") -> -985 | T12: =IFERROR((EDATE($H12,60))-T$1,"-") -> -1350 | U12: =IFERROR((EDATE($H12,60))-U$1,"-") -> -1716 | V12: =IFERROR((EDATE($H12,60))-V$1,"-") -> -2081 | W12: =IFERROR((EDATE($H12,60))-W$1,"-") -> -2446 | X12: =IFERROR((EDATE($H12,60))-X$1,"-") -> -2811 | Y12: =IFERROR((EDATE($H12,60))-Y$1,"-") -> -3177 | Z12: =IFERROR((EDATE($H12,60))-Z$1,"-") -> -3542 | AA12: =(VLOOKUP(A12,Hshldprojections2014!$A$2:$AW$319,40, FALSE)-VLOOKUP(A12,Hshldprojections2014!$A$2:$AW$319,30, FALSE))/10 -> 1597.7 | AB12: =(VLOOKUP(A12,Hshldprojections2014!$A$2:$AW$319,41, FALSE)-VLOOKUP(A12,Hshldprojections2014!$A$2:$AW$319,31, FALSE))/10 -> 1589.4 | AC12: =(VLOOKUP(A12,Hshldprojections2014!$A$2:$AW$319,42, FALSE)-VLOOKUP(A12,Hshldprojections2014!$A$2:$AW$319,32, FALSE))/10 -> 1578.4 | AD12: =IF(IndividualLATest!$J$7=2014,(VLOOKUP($A12,Hshldprojections2014!$A$2:$AY$326,43,FALSE)-VLOOKUP($A12,Hshldprojections2014!$A$2:$AY$326,33,FALSE))/10,IF(IndividualLATest!$J$7=2016,(VLOOKUP($A12,Hshldprojections2016!$A$1:$AQ$322,33,FALSE)-VLOOKUP($A12,Hshldprojections2016!$A$1:$AQ$322,23,FALSE))/10,(VLOOKUP($A12,Hshldprojections2018!$A$1:$AQ$327,33,FALSE)-VLOOKUP($A12,Hshldprojections2018!$A$1:$AQ$327,23,FALSE))/10)) -> 574.2 | AE12: =IF(IndividualLATest!$J$7=2014,(VLOOKUP($A12,Hshldprojections2014!$A$2:$AY$326,44,FALSE)-VLOOKUP($A12,Hshldprojections2014!$A$2:$AY$326,34,FALSE))/10,IF(IndividualLATest!$J$7=2016,(VLOOKUP($A12,Hshldprojections2016!$A$1:$AQ$322,34,FALSE)-VLOOKUP($A12,Hshldprojections2016!$A$1:$AQ$322,24,FALSE))/10,(VLOOKUP($A12,Hshldprojections2018!$A$1:$AQ$327,34,FALSE)-VLOOKUP($A12,Hshldprojections2018!$A$1:$AQ$327,24,FALSE))/10)) -> 557.1 | AF12: =IF(IndividualLATest!$J$7=2014,(VLOOKUP($A12,Hshldprojections2014!$A$2:$AY$326,45,FALSE)-VLOOKUP($A12,Hshldprojections2014!$A$2:$AY$326,35,FALSE))/10,IF(IndividualLATest!$J$7=2016,(VLOOKUP($A12,Hshldprojections2016!$A$1:$AQ$322,35,FALSE)-VLOOKUP($A12,Hshldprojections2016!$A$1:$AQ$322,25,FALSE))/10,(VLOOKUP($A12,Hshldprojections2018!$A$1:$AQ$327,35,FALSE)-VLOOKUP($A12,Hshldprojections2018!$A$1:$AQ$327,25,FALSE))/10)) -> 540.1 | AG12: =IF(IndividualLATest!$J$7=2014,(VLOOKUP($A12,Hshldprojections2014!$A$2:$AY$326,46,FALSE)-VLOOKUP($A12,Hshldprojections2014!$A$2:$AY$326,36,FALSE))/10,IF(IndividualLATest!$J$7=2016,(VLOOKUP($A12,Hshldprojections2016!$A$1:$AQ$322,36,FALSE)-VLOOKUP($A12,Hshldprojections2016!$A$1:$AQ$322,26,FALSE))/10,(VLOOKUP($A12,Hshldprojections2018!$A$1:$AQ$327,36,FALSE)-VLOOKUP($A12,Hshldprojections2018!$A$1:$AQ$327,26,FALSE))/10)) -> 527.9 | AH12: =IF(IndividualLATest!$J$7=2014,(VLOOKUP($A12,Hshldprojections2014!$A$2:$AY$326,47,FALSE)-VLOOKUP($A12,Hshldprojections2014!$A$2:$AY$326,37,FALSE))/10,IF(IndividualLATest!$J$7=2016,(VLOOKUP($A12,Hshldprojections2016!$A$1:$AQ$322,37,FALSE)-VLOOKUP($A12,Hshldprojections2016!$A$1:$AQ$322,27,FALSE))/10,(VLOOKUP($A12,Hshldprojections2018!$A$1:$AQ$327,37,FALSE)-VLOOKUP($A12,Hshldprojections2018!$A$1:$AQ$327,27,FALSE))/10)) -> 514.5 | AI12: =VLOOKUP($A12,AffordabilityRatio!$A$2:$I$321,5,FALSE) -> 10.58 | AJ12: =VLOOKUP($A12,AffordabilityRatio!$A$2:$I$321,6,FALSE) -> 10.17 | AK12: =VLOOKUP($A12,AffordabilityRatio!$A$2:$I$321,7,FALSE) -> 10.98 | AL12: =IF((VLOOKUP($A12,AffordabilityRatio!$A$2:$I$321,8,FALSE))="",AK12,VLOOKUP($A12,AffordabilityRatio!$A$2:$I$321,8,FALSE)) -> 9.86 | AM12: =IF((VLOOKUP($A12,AffordabilityRatio!$A$2:$I$321,9,FALSE))="",AL12,VLOOKUP($A12,AffordabilityRatio!$A$2:$I$321,9,FALSE)) -> 10.3 | AN12: =IF((VLOOKUP($A12,AffordabilityRatio!$A$2:$I$321,9,FALSE))="",AM12,VLOOKUP($A12,AffordabilityRatio!$A$2:$I$321,9,FALSE)) -> 10.3 | AO12: =IF((VLOOKUP($A12,AffordabilityRatio!$A$2:$I$321,9,FALSE))="",AN12,VLOOKUP($A12,AffordabilityRatio!$A$2:$I$321,9,FALSE)) -> 10.3 | AP12: =IF((VLOOKUP($A12,AffordabilityRatio!$A$2:$I$321,9,FALSE))="",AO12,VLOOKUP($A12,AffordabilityRatio!$A$2:$I$321,9,FALSE)) -> 10.3 | AQ12: =IF(AA12<0,0,IF(AI12>4,ROUND((1+((AI12-4)/4*0.25))*AA12,0),AA12)) -> 2255 | AR12: =IF(AB12<0,0,IF(AJ12>4,ROUND((1+((AJ12-4)/4*0.25))*AB12,0),AB12)) -> 2202 | AS12: =IF(AC12<0,0,IF(AK12>4,ROUND((1+((AK12-4)/4*0.25))*AC12,0),AC12)) -> 2267 | AT12: =IF(AD12<0,0,IF(AL12>4,ROUND((1+((AL12-4)/4*0.25))*AD12,0),AD12)) -> 785 | AU12: =IF(AE12<0,0,IF(AM12>4,ROUND((1+((AM12-4)/4*0.25))*AE12,0),AE12)) -> 776 | AV12: =IF(AF12<0,0,IF(AN12>4,ROUND((1+((AN12-4)/4*0.25))*AF12,0),AF12)) -> 753 | AW12: =IF(AG12<0,0,IF(AO12>4,ROUND((1+((AO12-4)/4*0.25))*AG12,0),AG12)) -> 736 | AX12: =IF(AH12<0,0,IF(AP12>4,ROUND((1+((AP12-4)/4*0.25))*AH12,0),AH12)) -> 717 | AY12: =IF(AA12<0,0,IF(K12="-",MIN((MAX(J12, AA12)+((MAX(J12, AA12))*0.4)),AQ12),MIN(K12+(K12*0.4),AQ12))) -> 2236.78 | AZ12: =IF(AB12<0,0,IF(L12="-",MIN((MAX(J12, AB12)+((MAX(J12, AB12))*0.4)),AR12),MIN(L12+(L12*0.4),AR12))) -> 2202 | BA12: =IF(AC12<0,0,IF(M12="-",MIN((MAX(J12, AC12)+((MAX(J12, AC12))*0.4)),AS12),MIN(M12+(M12*0.4),AS12))) -> 2209.76 | BB12: =IF(AD12<0,0,IF(N12="-",MIN((MAX(J12, AD12)+((MAX(J12, AD12))*0.4)),AT12),MIN(N12+(N12*0.4),AT12))) -> 785 | BC12: =IF(AE12<0,0,IF(O12="-",MIN((MAX(J12, AE12)+((MAX(J12, AE12))*0.4)),AU12),MIN(O12+(O12*0.4),AU12))) -> 776 | BD12: =IF(AF12<0,0,IF(P12="-",MIN((MAX(J12, AF12)+((MAX(J12, AF12))*0.4)),AV12),MIN(P12+(P12*0.4),AV12))) -> 753 | BE12: =IF(AG12<0,0,IF(Q12="-",MIN((MAX(J12, AG12)+((MAX(J12, AG12))*0.4)),AW12),MIN(Q12+(Q12*0.4),AW12))) -> 736 | BF12: =IF(AH12<0,0,IF(R12="-",MIN((MAX(J12, AH12)+((MAX(J12, AH12))*0.4)),AX12),MIN(R12+(R12*0.4),AX12))) -> 717 | BG12: =AY12*VLOOKUP($B12,'Major Cities & Towns'!$A$28:$B$345,2,FALSE) -> 3019.653 | BH12: =AZ12*VLOOKUP($B12,'Major Cities & Towns'!$A$28:$B$345,2,FALSE) -> 2972.7 | BI12: =BA12*VLOOKUP($B12,'Major Cities & Towns'!$A$28:$B$345,2,FALSE) -> 2983.176 | BJ12: =BB12*VLOOKUP($B12,'Major Cities & Towns'!$A$28:$B$345,2,FALSE) -> 1059.75 | BK12: =BC12*VLOOKUP($B12,'Major Cities & Towns'!$A$28:$B$345,2,FALSE) -> 1047.6 | BL12: =BD12*VLOOKUP($B12,'Major Cities & Towns'!$A$28:$B$345,2,FALSE) -> 1016.55 | BM12: =BE12*VLOOKUP($B12,'Major Cities & Towns'!$A$28:$B$345,2,FALSE) -> 993.6 | BN12: =BF12*VLOOKUP($B12,'Major Cities & Towns'!$A$28:$B$345,2,FALSE) -> 967.95 | BO12: =IFERROR(IF(AND(S12<365,S12>0),SUM(((S12/365)*(MIN(K12,BG12)))+(((365-S12)/365)*AQ12)),(MIN(K12,AQ12))),AQ12) -> 2255 | BP12: =IFERROR(IF(AND(T12<365,T12>0),SUM(((T12/365)*(MIN(L12,BH12)))+(((365-T12)/365)*AR12)),(MIN(L12,AR12))),AR12) -> 2202 | BQ12: =IFERROR(IF(AND(U12<365,U12>0),SUM(((U12/365)*(MIN(M12,BI12)))+(((365-U12)/365)*AS12)),(MIN(M12,AS12))),AS12) -> 2267 | BR12: =IFERROR(IF(AND(V12<365,V12>0),SUM(((V12/365)*(MIN(N12,BJ12)))+(((365-V12)/365)*AT12)),(MIN(N12,AT12))),AT12) -> 785 | BS12: =IFERROR(IF(AND(W12<365,W12>0),SUM(((W12/365)*(MIN(O12,BK12)))+(((365-W12)/365)*AU12)),(MIN(O12,AU12))),AU12) -> 776 | BT12: =IFERROR(IF(AND(X12<365,X12>0),SUM(((X12/365)*(MIN(P12,BL12)))+(((365-X12)/365)*AV12)),(MIN(P12,AV12))),AV12) -> 753 | BU12: =IFERROR(IF(AND(Y12<365,Y12>0),SUM(((Y12/365)*(MIN(Q12,BM12)))+(((365-Y12)/365)*AW12)),(MIN(Q12,AW12))),AW12) -> 736 | BV12: =IFERROR(IF(AND(Z12<365,Z12>0),SUM(((Z12/365)*(MIN(R12,BN12)))+(((365-Z12)/365)*AX12)),(MIN(R12,AX12))),AX12) -> 717 | BW12: =VLOOKUP($A12,NetAdditions!$A$2:$H$336,6,FALSE) -> 906 | BX12: =VLOOKUP($A12,NetAdditions!$A$2:$H$336,7,FALSE) -> 741 | BY12: =IF((VLOOKUP($C12,NetAdditions!$A$2:$H$336,8,FALSE))="",(AVERAGE(VLOOKUP($C12,NetAdditions!$A$2:$H$336,5,FALSE),VLOOKUP($C12,NetAdditions!$A$2:$H$336,6,FALSE),VLOOKUP($C12,NetAdditions!$A$2:$H$336,7,FALSE))),VLOOKUP($C12,NetAdditions!$A$2:$H$336,8,FALSE)) -> 1048 | BZ12: =AVERAGE(BW12:BY12) -> 898.33333 | CA12: =AVERAGE(BX12:BZ12) -> 895.77778 | CB12: =AVERAGE(BY12:CA12) -> 947.37037 | CC12: =AVERAGE(BZ12:CB12) -> 913.82716 | CD12: =AVERAGE(CA12:CC12) -> 918.99177 | CE12: =SUM(BO12:BQ12) -> 6724 | CF12: =SUM(BP12:BR12) -> 5254 | CG12: =SUM(BQ12:BS12) -> 3828 | CH12: =SUM(BR12:BT12) -> 2314 | CI12: =SUM(BS12:BU12) -> 2265 | CJ12: =SUM(BT12:BV12) -> 2206 | CK12: =CE12*((24+7)/36) -> 5790.1111 | CL12: =CF12*((24+7)/36) -> 4524.2778 | CM12: =CG12*((24+9)/36) -> 3509 | CN12: =CH12 -> 2314 | CO12: =CI12 -> 2265 | CP12: =CJ12 -> 2206 | CQ12: =SUM(BW12:BY12) -> 2695 | CR12: =SUM(BX12:BZ12) -> 2687.3333 | CS12: =SUM(BY12:CA12) -> 2842.1111 | CT12: =SUM(BZ12:CB12) -> 2741.4815 | CU12: =SUM(CA12:CC12) -> 2756.9753 | CV12: =SUM(CB12:CD12) -> 2780.1893 | CW12: =IFERROR(CQ12/CK12,"-") -> 0.46544875 | CX12: =IF(CW12<0.25, "Presumption", IF(CW12<0.85, "Buffer and Action Plan", IF(CW12<0.95, "Action Plan", "Pass"))) -> Buffer and Action Plan | CY12: =IFERROR(CR12/CL12,"-") -> 0.59398062 | CZ12: =IF(CY12<0.45, "Presumption", IF(CY12<0.85, "Buffer and Action Plan", IF(CY12<0.95, "Action Plan", "Pass"))) -> Buffer and Action Plan | DA12: =IFERROR(CS12/CM12,"-") -> 0.80994902 | DB12: =IF(DA12<0.75, "Presumption", IF(DA12<0.85, "Buffer and Action Plan", IF(DA12<0.95, "Action Plan", "Pass"))) -> Buffer and Action Plan | DC12: =IFERROR(CT12/CN12,"-") -> 1.184737 | DD12: =IF(DC12<0.75, "Presumption", IF(DC12<0.85, "Buffer and Action Plan", IF(DC12<0.95, "Action Plan", "Pass"))) -> Pass | DE12: =IFERROR(CU12/CO12,"-") -> 1.2172076 | DF12: =IF(DE12<0.75, "Presumption", IF(DE12<0.85, "Buffer and Action Plan", IF(DE12<0.95, "Action Plan", "Pass"))) -> Pass | DG12: =IFERROR(CV12/CP12,"-") -> 1.2602853 | DH12: =IF(DG12<0.75, "Presumption", IF(DG12<0.85, "Buffer and Action Plan", IF(DG12<0.95, "Action Plan", "Pass"))) -> Pass
A13: E09000003 | B13: Barnet | C13: E09000003 | D13: GL | E13: =VLOOKUP(C13,PoliticalControl!A:K,11,FALSE) -> CON | F13: =VLOOKUP(C13,UrbanRuralClassification!A:N,13,FALSE) -> Urban with Major Conurbation | G13: =VLOOKUP(C13,UrbanRuralClassification!A:N,14,FALSE) -> Predominantly Urban | H13: =IF(ISBLANK((VLOOKUP($A13,'local-plan-data'!$C$1:$AD$566,27,FALSE)))=TRUE,"",VLOOKUP($A13,'local-plan-data'!$C$1:$AD$566,27,FALSE)) -> 41163 | I13: =VLOOKUP($A13,'local-plan-data'!$C$1:$AD$566,28,FALSE) -> 1866.6667 | J13: =IFERROR(IF(ISNUMBER(I13),I13,VALUE(LEFT(I13,FIND("-",I13)-1))),"-") -> 1866.6667 | K13: =IF(AND(ISNUMBER($H13),ISNUMBER($J13)),IF(($H13-K$1>0),$J13,IF(DATEDIF($H13,K$1,"y")<5,$J13,"-")),"-") -> - | L13: =IF(AND(ISNUMBER($H13),ISNUMBER($J13)),IF(($H13-L$1>0),$J13,IF(DATEDIF($H13,L$1,"y")<5,$J13,"-")),"-") -> - | M13: =IF(AND(ISNUMBER($H13),ISNUMBER($J13)),IF(($H13-M$1>0),$J13,IF(DATEDIF($H13,M$1,"y")<5,$J13,"-")),"-") -> - | N13: =IF(AND(ISNUMBER($H13),ISNUMBER($J13)),IF(($H13-N$1>0),$J13,IF(DATEDIF($H13,N$1,"y")<5,$J13,"-")),"-") -> - | O13: =IF(AND(ISNUMBER($H13),ISNUMBER($J13)),IF(($H13-O$1>0),$J13,IF(DATEDIF($H13,O$1,"y")<5,$J13,"-")),"-") -> - | P13: =IF(AND(ISNUMBER($H13),ISNUMBER($J13)),IF(($H13-P$1>0),$J13,IF(DATEDIF($H13,P$1,"y")<5,$J13,"-")),"-") -> - | Q13: =IF(AND(ISNUMBER($H13),ISNUMBER($J13)),IF(($H13-Q$1>0),$J13,IF(DATEDIF($H13,Q$1,"y")<5,$J13,"-")),"-") -> - | R13: =IF(AND(ISNUMBER($H13),ISNUMBER($J13)),IF(($H13-R$1>0),$J13,IF(DATEDIF($H13,R$1,"y")<5,$J13,"-")),"-") -> - | S13: =IFERROR((EDATE($H13,60))-S$1,"-") -> -202 | T13: =IFERROR((EDATE($H13,60))-T$1,"-") -> -567 | U13: =IFERROR((EDATE($H13,60))-U$1,"-") -> -933 | V13: =IFERROR((EDATE($H13,60))-V$1,"-") -> -1298 | W13: =IFERROR((EDATE($H13,60))-W$1,"-") -> -1663 | X13: =IFERROR((EDATE($H13,60))-X$1,"-") -> -2028 | Y13: =IFERROR((EDATE($H13,60))-Y$1,"-") -> -2394 | Z13: =IFERROR((EDATE($H13,60))-Z$1,"-") -> -2759 | AA13: =(VLOOKUP(A13,Hshldprojections2014!$A$2:$AW$319,40, FALSE)-VLOOKUP(A13,Hshldprojections2014!$A$2:$AW$319,30, FALSE))/10 -> 2891.5 | AB13: =(VLOOKUP(A13,Hshldprojections2014!$A$2:$AW$319,41, FALSE)-VLOOKUP(A13,Hshldprojections2014!$A$2:$AW$319,31, FALSE))/10 -> 2863.2 | AC13: =(VLOOKUP(A13,Hshldprojections2014!$A$2:$AW$319,42, FALSE)-VLOOKUP(A13,Hshldprojections2014!$A$2:$AW$319,32, FALSE))/10 -> 2836.3 | AD13: =IF(IndividualLATest!$J$7=2014,(VLOOKUP($A13,Hshldprojections2014!$A$2:$AY$326,43,FALSE)-VLOOKUP($A13,Hshldprojections2014!$A$2:$AY$326,33,FALSE))/10,IF(IndividualLATest!$J$7=2016,(VLOOKUP($A13,Hshldprojections2016!$A$1:$AQ$322,33,FALSE)-VLOOKUP($A13,Hshldprojections2016!$A$1:$AQ$322,23,FALSE))/10,(VLOOKUP($A13,Hshldprojections2018!$A$1:$AQ$327,33,FALSE)-VLOOKUP($A13,Hshldprojections2018!$A$1:$AQ$327,23,FALSE))/10)) -> 1629.4 | AE13: =IF(IndividualLATest!$J$7=2014,(VLOOKUP($A13,Hshldprojections2014!$A$2:$AY$326,44,FALSE)-VLOOKUP($A13,Hshldprojections2014!$A$2:$AY$326,34,FALSE))/10,IF(IndividualLATest!$J$7=2016,(VLOOKUP($A13,Hshldprojections2016!$A$1:$AQ$322,34,FALSE)-VLOOKUP($A13,Hshldprojections2016!$A$1:$AQ$322,24,FALSE))/10,(VLOOKUP($A13,Hshldprojections2018!$A$1:$AQ$327,34,FALSE)-VLOOKUP($A13,Hshldprojections2018!$A$1:$AQ$327,24,FALSE))/10)) -> 1572.6 | AF13: =IF(IndividualLATest!$J$7=2014,(VLOOKUP($A13,Hshldprojections2014!$A$2:$AY$326,45,FALSE)-VLOOKUP($A13,Hshldprojections2014!$A$2:$AY$326,35,FALSE))/10,IF(IndividualLATest!$J$7=2016,(VLOOKUP($A13,Hshldprojections2016!$A$1:$AQ$322,35,FALSE)-VLOOKUP($A13,Hshldprojections2016!$A$1:$AQ$322,25,FALSE))/10,(VLOOKUP($A13,Hshldprojections2018!$A$1:$AQ$327,35,FALSE)-VLOOKUP($A13,Hshldprojections2018!$A$1:$AQ$327,25,FALSE))/10)) -> 1521.9 | AG13: =IF(IndividualLATest!$J$7=2014,(VLOOKUP($A13,Hshldprojections2014!$A$2:$AY$326,46,FALSE)-VLOOKUP($A13,Hshldprojections2014!$A$2:$AY$326,36,FALSE))/10,IF(IndividualLATest!$J$7=2016,(VLOOKUP($A13,Hshldprojections2016!$A$1:$AQ$322,36,FALSE)-VLOOKUP($A13,Hshldprojections2016!$A$1:$AQ$322,26,FALSE))/10,(VLOOKUP($A13,Hshldprojections2018!$A$1:$AQ$327,36,FALSE)-VLOOKUP($A13,Hshldprojections2018!$A$1:$AQ$327,26,FALSE))/10)) -> 1479 | AH13: =IF(IndividualLATest!$J$7=2014,(VLOOKUP($A13,Hshldprojections2014!$A$2:$AY$326,47,FALSE)-VLOOKUP($A13,Hshldprojections2014!$A$2:$AY$326,37,FALSE))/10,IF(IndividualLATest!$J$7=2016,(VLOOKUP($A13,Hshldprojections2016!$A$1:$AQ$322,37,FALSE)-VLOOKUP($A13,Hshldprojections2016!$A$1:$AQ$322,27,FALSE))/10,(VLOOKUP($A13,Hshldprojections2018!$A$1:$AQ$327,37,FALSE)-VLOOKUP($A13,Hshldprojections2018!$A$1:$AQ$327,27,FALSE))/10)) -> 1437.1 | AI13: =VLOOKUP($A13,AffordabilityRatio!$A$2:$I$321,5,FALSE) -> 15.91 | AJ13: =VLOOKUP($A13,AffordabilityRatio!$A$2:$I$321,6,FALSE) -> 17.21 | AK13: =VLOOKUP($A13,AffordabilityRatio!$A$2:$I$321,7,FALSE) -> 16.28 | AL13: =IF((VLOOKUP($A13,AffordabilityRatio!$A$2:$I$321,8,FALSE))="",AK13,VLOOKUP($A13,AffordabilityRatio!$A$2:$I$321,8,FALSE)) -> 16.17 | AM13: =IF((VLOOKUP($A13,AffordabilityRatio!$A$2:$I$321,9,FALSE))="",AL13,VLOOKUP($A13,AffordabilityRatio!$A$2:$I$321,9,FALSE)) -> 16.55 | AN13: =IF((VLOOKUP($A13,AffordabilityRatio!$A$2:$I$321,9,FALSE))="",AM13,VLOOKUP($A13,AffordabilityRatio!$A$2:$I$321,9,FALSE)) -> 16.55 | AO13: =IF((VLOOKUP($A13,AffordabilityRatio!$A$2:$I$321,9,FALSE))="",AN13,VLOOKUP($A13,AffordabilityRatio!$A$2:$I$321,9,FALSE)) -> 16.55 | AP13: =IF((VLOOKUP($A13,AffordabilityRatio!$A$2:$I$321,9,FALSE))="",AO13,VLOOKUP($A13,AffordabilityRatio!$A$2:$I$321,9,FALSE)) -> 16.55 | AQ13: =IF(AA13<0,0,IF(AI13>4,ROUND((1+((AI13-4)/4*0.25))*AA13,0),AA13)) -> 5044 | AR13: =IF(AB13<0,0,IF(AJ13>4,ROUND((1+((AJ13-4)/4*0.25))*AB13,0),AB13)) -> 5227 | AS13: =IF(AC13<0,0,IF(AK13>4,ROUND((1+((AK13-4)/4*0.25))*AC13,0),AC13)) -> 5013 | AT13: =IF(AD13<0,0,IF(AL13>4,ROUND((1+((AL13-4)/4*0.25))*AD13,0),AD13)) -> 2869 | AU13: =IF(AE13<0,0,IF(AM13>4,ROUND((1+((AM13-4)/4*0.25))*AE13,0),AE13)) -> 2806 | AV13: =IF(AF13<0,0,IF(AN13>4,ROUND((1+((AN13-4)/4*0.25))*AF13,0),AF13)) -> 2716 | AW13: =IF(AG13<0,0,IF(AO13>4,ROUND((1+((AO13-4)/4*0.25))*AG13,0),AG13)) -> 2639 | AX13: =IF(AH13<0,0,IF(AP13>4,ROUND((1+((AP13-4)/4*0.25))*AH13,0),AH13)) -> 2564 | AY13: =IF(AA13<0,0,IF(K13="-",MIN((MAX(J13, AA13)+((MAX(J13, AA13))*0.4)),AQ13),MIN(K13+(K13*0.4),AQ13))) -> 4048.1 | AZ13: =IF(AB13<0,0,IF(L13="-",MIN((MAX(J13, AB13)+((MAX(J13, AB13))*0.4)),AR13),MIN(L13+(L13*0.4),AR13))) -> 4008.48 | BA13: =IF(AC13<0,0,IF(M13="-",MIN((MAX(J13, AC13)+((MAX(J13, AC13))*0.4)),AS13),MIN(M13+(M13*0.4),AS13))) -> 3970.82 | BB13: =IF(AD13<0,0,IF(N13="-",MIN((MAX(J13, AD13)+((MAX(J13, AD13))*0.4)),AT13),MIN(N13+(N13*0.4),AT13))) -> 2613.3333 | BC13: =IF(AE13<0,0,IF(O13="-",MIN((MAX(J13, AE13)+((MAX(J13, AE13))*0.4)),AU13),MIN(O13+(O13*0.4),AU13))) -> 2613.3333 | BD13: =IF(AF13<0,0,IF(P13="-",MIN((MAX(J13, AF13)+((MAX(J13, AF13))*0.4)),AV13),MIN(P13+(P13*0.4),AV13))) -> 2613.3333 | BE13: =IF(AG13<0,0,IF(Q13="-",MIN((MAX(J13, AG13)+((MAX(J13, AG13))*0.4)),AW13),MIN(Q13+(Q13*0.4),AW13))) -> 2613.3333 | BF13: =IF(AH13<0,0,IF(R13="-",MIN((MAX(J13, AH13)+((MAX(J13, AH13))*0.4)),AX13),MIN(R13+(R13*0.4),AX13))) -> 2564 | BG13: =AY13*VLOOKUP($B13,'Major Cities & Towns'!$A$28:$B$345,2,FALSE) -> 5464.935 | BH13: =AZ13*VLOOKUP($B13,'Major Cities & Towns'!$A$28:$B$345,2,FALSE) -> 5411.448 | BI13: =BA13*VLOOKUP($B13,'Major Cities & Towns'!$A$28:$B$345,2,FALSE) -> 5360.607 | BJ13: =BB13*VLOOKUP($B13,'Major Cities & Towns'!$A$28:$B$345,2,FALSE) -> 3528 | BK13: =BC13*VLOOKUP($B13,'Major Cities & Towns'!$A$28:$B$345,2,FALSE) -> 3528 | BL13: =BD13*VLOOKUP($B13,'Major Cities & Towns'!$A$28:$B$345,2,FALSE) -> 3528 | BM13: =BE13*VLOOKUP($B13,'Major Cities & Towns'!$A$28:$B$345,2,FALSE) -> 3528 | BN13: =BF13*VLOOKUP($B13,'Major Cities & Towns'!$A$28:$B$345,2,FALSE) -> 3461.4 | BO13: =IFERROR(IF(AND(S13<365,S13>0),SUM(((S13/365)*(MIN(K13,BG13)))+(((365-S13)/365)*AQ13)),(MIN(K13,AQ13))),AQ13) -> 5044 | BP13: =IFERROR(IF(AND(T13<365,T13>0),SUM(((T13/365)*(MIN(L13,BH13)))+(((365-T13)/365)*AR13)),(MIN(L13,AR13))),AR13) -> 5227 | BQ13: =IFERROR(IF(AND(U13<365,U13>0),SUM(((U13/365)*(MIN(M13,BI13)))+(((365-U13)/365)*AS13)),(MIN(M13,AS13))),AS13) -> 5013 | BR13: =IFERROR(IF(AND(V13<365,V13>0),SUM(((V13/365)*(MIN(N13,BJ13)))+(((365-V13)/365)*AT13)),(MIN(N13,AT13))),AT13) -> 2869 | BS13: =IFERROR(IF(AND(W13<365,W13>0),SUM(((W13/365)*(MIN(O13,BK13)))+(((365-W13)/365)*AU13)),(MIN(O13,AU13))),AU13) -> 2806 | BT13: =IFERROR(IF(AND(X13<365,X13>0),SUM(((X13/365)*(MIN(P13,BL13)))+(((365-X13)/365)*AV13)),(MIN(P13,AV13))),AV13) -> 2716 | BU13: =IFERROR(IF(AND(Y13<365,Y13>0),SUM(((Y13/365)*(MIN(Q13,BM13)))+(((365-Y13)/365)*AW13)),(MIN(Q13,AW13))),AW13) -> 2639 | BV13: =IFERROR(IF(AND(Z13<365,Z13>0),SUM(((Z13/365)*(MIN(R13,BN13)))+(((365-Z13)/365)*AX13)),(MIN(R13,AX13))),AX13) -> 2564 | BW13: =VLOOKUP($A13,NetAdditions!$A$2:$H$336,6,FALSE) -> 2209 | BX13: =VLOOKUP($A13,NetAdditions!$A$2:$H$336,7,FALSE) -> 1990 | BY13: =IF((VLOOKUP($C13,NetAdditions!$A$2:$H$336,8,FALSE))="",(AVERAGE(VLOOKUP($C13,NetAdditions!$A$2:$H$336,5,FALSE),VLOOKUP($C13,NetAdditions!$A$2:$H$336,6,FALSE),VLOOKUP($C13,NetAdditions!$A$2:$H$336,7,FALSE))),VLOOKUP($C13,NetAdditions!$A$2:$H$336,8,FALSE)) -> 2250 | BZ13: =AVERAGE(BW13:BY13) -> 2149.6667 | CA13: =AVERAGE(BX13:BZ13) -> 2129.8889 | CB13: =AVERAGE(BY13:CA13) -> 2176.5185 | CC13: =AVERAGE(BZ13:CB13) -> 2152.0247 | CD13: =AVERAGE(CA13:CC13) -> 2152.8107 | CE13: =SUM(BO13:BQ13) -> 15284 | CF13: =SUM(BP13:BR13) -> 13109 | CG13: =SUM(BQ13:BS13) -> 10688 | CH13: =SUM(BR13:BT13) -> 8391 | CI13: =SUM(BS13:BU13) -> 8161 | CJ13: =SUM(BT13:BV13) -> 7919 | CK13: =CE13*((24+7)/36) -> 13161.222 | CL13: =CF13*((24+7)/36) -> 11288.306 | CM13: =CG13*((24+9)/36) -> 9797.3333 | CN13: =CH13 -> 8391 | CO13: =CI13 -> 8161 | CP13: =CJ13 -> 7919 | CQ13: =SUM(BW13:BY13) -> 6449 | CR13: =SUM(BX13:BZ13) -> 6389.6667 | CS13: =SUM(BY13:CA13) -> 6529.5556 | CT13: =SUM(BZ13:CB13) -> 6456.0741 | CU13: =SUM(CA13:CC13) -> 6458.4321 | CV13: =SUM(CB13:CD13) -> 6481.3539 | CW13: =IFERROR(CQ13/CK13,"-") -> 0.49000008 | CX13: =IF(CW13<0.25, "Presumption", IF(CW13<0.85, "Buffer and Action Plan", IF(CW13<0.95, "Action Plan", "Pass"))) -> Buffer and Action Plan | CY13: =IFERROR(CR13/CL13,"-") -> 0.56604303 | CZ13: =IF(CY13<0.45, "Presumption", IF(CY13<0.85, "Buffer and Action Plan", IF(CY13<0.95, "Action Plan", "Pass"))) -> Buffer and Action Plan | DA13: =IFERROR(CS13/CM13,"-") -> 0.66646253 | DB13: =IF(DA13<0.75, "Presumption", IF(DA13<0.85, "Buffer and Action Plan", IF(DA13<0.95, "Action Plan", "Pass"))) -> Presumption | DC13: =IFERROR(CT13/CN13,"-") -> 0.76940461 | DD13: =IF(DC13<0.75, "Presumption", IF(DC13<0.85, "Buffer and Action Plan", IF(DC13<0.95, "Action Plan", "Pass"))) -> Buffer and Action Plan | DE13: =IFERROR(CU13/CO13,"-") -> 0.79137754 | DF13: =IF(DE13<0.75, "Presumption", IF(DE13<0.85, "Buffer and Action Plan", IF(DE13<0.95, "Action Plan", "Pass"))) -> Buffer and Action Plan | DG13: =IFERROR(CV13/CP13,"-") -> 0.81845611 | DH13: =IF(DG13<0.75, "Presumption", IF(DG13<0.85, "Buffer and Action Plan", IF(DG13<0.95, "Action Plan", "Pass"))) -> Buffer and Action Plan
A14: E08000016 | B14: Barnsley | C14: E08000016 | D14: YH | E14: =VLOOKUP(C14,PoliticalControl!A:K,11,FALSE) -> LAB | F14: =VLOOKUP(C14,UrbanRuralClassification!A:N,13,FALSE) -> Urban with Minor Conurbation | G14: =VLOOKUP(C14,UrbanRuralClassification!A:N,14,FALSE) -> Predominantly Urban | H14: =IF(ISBLANK((VLOOKUP($A14,'local-plan-data'!$C$1:$AD$566,27,FALSE)))=TRUE,"",VLOOKUP($A14,'local-plan-data'!$C$1:$AD$566,27,FALSE)) -> 43468 | I14: =VLOOKUP($A14,'local-plan-data'!$C$1:$AD$566,28,FALSE) -> 1134 | J14: =IFERROR(IF(ISNUMBER(I14),I14,VALUE(LEFT(I14,FIND("-",I14)-1))),"-") -> 1134 | K14: =IF(AND(ISNUMBER($H14),ISNUMBER($J14)),IF(($H14-K$1>0),$J14,IF(DATEDIF($H14,K$1,"y")<5,$J14,"-")),"-") -> 1134 | L14: =IF(AND(ISNUMBER($H14),ISNUMBER($J14)),IF(($H14-L$1>0),$J14,IF(DATEDIF($H14,L$1,"y")<5,$J14,"-")),"-") -> 1134 | M14: =IF(AND(ISNUMBER($H14),ISNUMBER($J14)),IF(($H14-M$1>0),$J14,IF(DATEDIF($H14,M$1,"y")<5,$J14,"-")),"-") -> 1134 | N14: =IF(AND(ISNUMBER($H14),ISNUMBER($J14)),IF(($H14-N$1>0),$J14,IF(DATEDIF($H14,N$1,"y")<5,$J14,"-")),"-") -> 1134 | O14: =IF(AND(ISNUMBER($H14),ISNUMBER($J14)),IF(($H14-O$1>0),$J14,IF(DATEDIF($H14,O$1,"y")<5,$J14,"-")),"-") -> 1134 | P14: =IF(AND(ISNUMBER($H14),ISNUMBER($J14)),IF(($H14-P$1>0),$J14,IF(DATEDIF($H14,P$1,"y")<5,$J14,"-")),"-") -> 1134 | Q14: =IF(AND(ISNUMBER($H14),ISNUMBER($J14)),IF(($H14-Q$1>0),$J14,IF(DATEDIF($H14,Q$1,"y")<5,$J14,"-")),"-") -> - | R14: =IF(AND(ISNUMBER($H14),ISNUMBER($J14)),IF(($H14-R$1>0),$J14,IF(DATEDIF($H14,R$1,"y")<5,$J14,"-")),"-") -> - | S14: =IFERROR((EDATE($H14,60))-S$1,"-") -> 2103 | T14: =IFERROR((EDATE($H14,60))-T$1,"-") -> 1738 | U14: =IFERROR((EDATE($H14,60))-U$1,"-") -> 1372 | V14: =IFERROR((EDATE($H14,60))-V$1,"-") -> 1007 | W14: =IFERROR((EDATE($H14,60))-W$1,"-") -> 642 | X14: =IFERROR((EDATE($H14,60))-X$1,"-") -> 277 | Y14: =IFERROR((EDATE($H14,60))-Y$1,"-") -> -89 | Z14: =IFERROR((EDATE($H14,60))-Z$1,"-") -> -454 | AA14: =(VLOOKUP(A14,Hshldprojections2014!$A$2:$AW$319,40, FALSE)-VLOOKUP(A14,Hshldprojections2014!$A$2:$AW$319,30, FALSE))/10 -> 842.5 | AB14: =(VLOOKUP(A14,Hshldprojections2014!$A$2:$AW$319,41, FALSE)-VLOOKUP(A14,Hshldprojections2014!$A$2:$AW$319,31, FALSE))/10 -> 830.6 | AC14: =(VLOOKUP(A14,Hshldprojections2014!$A$2:$AW$319,42, FALSE)-VLOOKUP(A14,Hshldprojections2014!$A$2:$AW$319,32, FALSE))/10 -> 822.9 | AD14: =IF(IndividualLATest!$J$7=2014,(VLOOKUP($A14,Hshldprojections2014!$A$2:$AY$326,43,FALSE)-VLOOKUP($A14,Hshldprojections2014!$A$2:$AY$326,33,FALSE))/10,IF(IndividualLATest!$J$7=2016,(VLOOKUP($A14,Hshldprojections2016!$A$1:$AQ$322,33,FALSE)-VLOOKUP($A14,Hshldprojections2016!$A$1:$AQ$322,23,FALSE))/10,(VLOOKUP($A14,Hshldprojections2018!$A$1:$AQ$327,33,FALSE)-VLOOKUP($A14,Hshldprojections2018!$A$1:$AQ$327,23,FALSE))/10)) -> 858.4 | AE14: =IF(IndividualLATest!$J$7=2014,(VLOOKUP($A14,Hshldprojections2014!$A$2:$AY$326,44,FALSE)-VLOOKUP($A14,Hshldprojections2014!$A$2:$AY$326,34,FALSE))/10,IF(IndividualLATest!$J$7=2016,(VLOOKUP($A14,Hshldprojections2016!$A$1:$AQ$322,34,FALSE)-VLOOKUP($A14,Hshldprojections2016!$A$1:$AQ$322,24,FALSE))/10,(VLOOKUP($A14,Hshldprojections2018!$A$1:$AQ$327,34,FALSE)-VLOOKUP($A14,Hshldprojections2018!$A$1:$AQ$327,24,FALSE))/10)) -> 850.5 | AF14: =IF(IndividualLATest!$J$7=2014,(VLOOKUP($A14,Hshldprojections2014!$A$2:$AY$326,45,FALSE)-VLOOKUP($A14,Hshldprojections2014!$A$2:$AY$326,35,FALSE))/10,IF(IndividualLATest!$J$7=2016,(VLOOKUP($A14,Hshldprojections2016!$A$1:$AQ$322,35,FALSE)-VLOOKUP($A14,Hshldprojections2016!$A$1:$AQ$322,25,FALSE))/10,(VLOOKUP($A14,Hshldprojections2018!$A$1:$AQ$327,35,FALSE)-VLOOKUP($A14,Hshldprojections2018!$A$1:$AQ$327,25,FALSE))/10)) -> 845.5 | AG14: =IF(IndividualLATest!$J$7=2014,(VLOOKUP($A14,Hshldprojections2014!$A$2:$AY$326,46,FALSE)-VLOOKUP($A14,Hshldprojections2014!$A$2:$AY$326,36,FALSE))/10,IF(IndividualLATest!$J$7=2016,(VLOOKUP($A14,Hshldprojections2016!$A$1:$AQ$322,36,FALSE)-VLOOKUP($A14,Hshldprojections2016!$A$1:$AQ$322,26,FALSE))/10,(VLOOKUP($A14,Hshldprojections2018!$A$1:$AQ$327,36,FALSE)-VLOOKUP($A14,Hshldprojections2018!$A$1:$AQ$327,26,FALSE))/10)) -> 838 | AH14: =IF(IndividualLATest!$J$7=2014,(VLOOKUP($A14,Hshldprojections2014!$A$2:$AY$326,47,FALSE)-VLOOKUP($A14,Hshldprojections2014!$A$2:$AY$326,37,FALSE))/10,IF(IndividualLATest!$J$7=2016,(VLOOKUP($A14,Hshldprojections2016!$A$1:$AQ$322,37,FALSE)-VLOOKUP($A14,Hshldprojections2016!$A$1:$AQ$322,27,FALSE))/10,(VLOOKUP($A14,Hshldprojections2018!$A$1:$AQ$327,37,FALSE)-VLOOKUP($A14,Hshldprojections2018!$A$1:$AQ$327,27,FALSE))/10)) -> 837.2 | AI14: =VLOOKUP($A14,AffordabilityRatio!$A$2:$I$321,5,FALSE) -> 4.9 | AJ14: =VLOOKUP($A14,AffordabilityRatio!$A$2:$I$321,6,FALSE) -> 5.14 | AK14: =VLOOKUP($A14,AffordabilityRatio!$A$2:$I$321,7,FALSE) -> 4.87 | AL14: =IF((VLOOKUP($A14,AffordabilityRatio!$A$2:$I$321,8,FALSE))="",AK14,VLOOKUP($A14,AffordabilityRatio!$A$2:$I$321,8,FALSE)) -> 5.06 | AM14: =IF((VLOOKUP($A14,AffordabilityRatio!$A$2:$I$321,9,FALSE))="",AL14,VLOOKUP($A14,AffordabilityRatio!$A$2:$I$321,9,FALSE)) -> 5.02 | AN14: =IF((VLOOKUP($A14,AffordabilityRatio!$A$2:$I$321,9,FALSE))="",AM14,VLOOKUP($A14,AffordabilityRatio!$A$2:$I$321,9,FALSE)) -> 5.02 | AO14: =IF((VLOOKUP($A14,AffordabilityRatio!$A$2:$I$321,9,FALSE))="",AN14,VLOOKUP($A14,AffordabilityRatio!$A$2:$I$321,9,FALSE)) -> 5.02 | AP14: =IF((VLOOKUP($A14,AffordabilityRatio!$A$2:$I$321,9,FALSE))="",AO14,VLOOKUP($A14,AffordabilityRatio!$A$2:$I$321,9,FALSE)) -> 5.02 | AQ14: =IF(AA14<0,0,IF(AI14>4,ROUND((1+((AI14-4)/4*0.25))*AA14,0),AA14)) -> 890 | AR14: =IF(AB14<0,0,IF(AJ14>4,ROUND((1+((AJ14-4)/4*0.25))*AB14,0),AB14)) -> 890 | AS14: =IF(AC14<0,0,IF(AK14>4,ROUND((1+((AK14-4)/4*0.25))*AC14,0),AC14)) -> 868 | AT14: =IF(AD14<0,0,IF(AL14>4,ROUND((1+((AL14-4)/4*0.25))*AD14,0),AD14)) -> 915 | AU14: =IF(AE14<0,0,IF(AM14>4,ROUND((1+((AM14-4)/4*0.25))*AE14,0),AE14)) -> 905 | AV14: =IF(AF14<0,0,IF(AN14>4,ROUND((1+((AN14-4)/4*0.25))*AF14,0),AF14)) -> 899 | AW14: =IF(AG14<0,0,IF(AO14>4,ROUND((1+((AO14-4)/4*0.25))*AG14,0),AG14)) -> 891 | AX14: =IF(AH14<0,0,IF(AP14>4,ROUND((1+((AP14-4)/4*0.25))*AH14,0),AH14)) -> 891 | AY14: =IF(AA14<0,0,IF(K14="-",MIN((MAX(J14, AA14)+((MAX(J14, AA14))*0.4)),AQ14),MIN(K14+(K14*0.4),AQ14))) -> 890 | AZ14: =IF(AB14<0,0,IF(L14="-",MIN((MAX(J14, AB14)+((MAX(J14, AB14))*0.4)),AR14),MIN(L14+(L14*0.4),AR14))) -> 890 | BA14: =IF(AC14<0,0,IF(M14="-",MIN((MAX(J14, AC14)+((MAX(J14, AC14))*0.4)),AS14),MIN(M14+(M14*0.4),AS14))) -> 868 | BB14: =IF(AD14<0,0,IF(N14="-",MIN((MAX(J14, AD14)+((MAX(J14, AD14))*0.4)),AT14),MIN(N14+(N14*0.4),AT14))) -> 915 | BC14: =IF(AE14<0,0,IF(O14="-",MIN((MAX(J14, AE14)+((MAX(J14, AE14))*0.4)),AU14),MIN(O14+(O14*0.4),AU14))) -> 905 | BD14: =IF(AF14<0,0,IF(P14="-",MIN((MAX(J14, AF14)+((MAX(J14, AF14))*0.4)),AV14),MIN(P14+(P14*0.4),AV14))) -> 899 | BE14: =IF(AG14<0,0,IF(Q14="-",MIN((MAX(J14, AG14)+((MAX(J14, AG14))*0.4)),AW14),MIN(Q14+(Q14*0.4),AW14))) -> 891 | BF14: =IF(AH14<0,0,IF(R14="-",MIN((MAX(J14, AH14)+((MAX(J14, AH14))*0.4)),AX14),MIN(R14+(R14*0.4),AX14))) -> 891 | BG14: =AY14*VLOOKUP($B14,'Major Cities & Towns'!$A$28:$B$345,2,FALSE) -> 890 | BH14: =AZ14*VLOOKUP($B14,'Major Cities & Towns'!$A$28:$B$345,2,FALSE) -> 890 | BI14: =BA14*VLOOKUP($B14,'Major Cities & Towns'!$A$28:$B$345,2,FALSE) -> 868 | BJ14: =BB14*VLOOKUP($B14,'Major Cities & Towns'!$A$28:$B$345,2,FALSE) -> 915 | BK14: =BC14*VLOOKUP($B14,'Major Cities & Towns'!$A$28:$B$345,2,FALSE) -> 905 | BL14: =BD14*VLOOKUP($B14,'Major Cities & Towns'!$A$28:$B$345,2,FALSE) -> 899 | BM14: =BE14*VLOOKUP($B14,'Major Cities & Towns'!$A$28:$B$345,2,FALSE) -> 891 | BN14: =BF14*VLOOKUP($B14,'Major Cities & Towns'!$A$28:$B$345,2,FALSE) -> 891 | BO14: =IFERROR(IF(AND(S14<365,S14>0),SUM(((S14/365)*(MIN(K14,BG14)))+(((365-S14)/365)*AQ14)),(MIN(K14,AQ14))),AQ14) -> 890 | BP14: =IFERROR(IF(AND(T14<365,T14>0),SUM(((T14/365)*(MIN(L14,BH14)))+(((365-T14)/365)*AR14)),(MIN(L14,AR14))),AR14) -> 890 | BQ14: =IFERROR(IF(AND(U14<365,U14>0),SUM(((U14/365)*(MIN(M14,BI14)))+(((365-U14)/365)*AS14)),(MIN(M14,AS14))),AS14) -> 868 | BR14: =IFERROR(IF(AND(V14<365,V14>0),SUM(((V14/365)*(MIN(N14,BJ14)))+(((365-V14)/365)*AT14)),(MIN(N14,AT14))),AT14) -> 915 | BS14: =IFERROR(IF(AND(W14<365,W14>0),SUM(((W14/365)*(MIN(O14,BK14)))+(((365-W14)/365)*AU14)),(MIN(O14,AU14))),AU14) -> 905 | BT14: =IFERROR(IF(AND(X14<365,X14>0),SUM(((X14/365)*(MIN(P14,BL14)))+(((365-X14)/365)*AV14)),(MIN(P14,AV14))),AV14) -> 899 | BU14: =IFERROR(IF(AND(Y14<365,Y14>0),SUM(((Y14/365)*(MIN(Q14,BM14)))+(((365-Y14)/365)*AW14)),(MIN(Q14,AW14))),AW14) -> 891 | BV14: =IFERROR(IF(AND(Z14<365,Z14>0),SUM(((Z14/365)*(MIN(R14,BN14)))+(((365-Z14)/365)*AX14)),(MIN(R14,AX14))),AX14) -> 891 | BW14: =VLOOKUP($A14,NetAdditions!$A$2:$H$336,6,FALSE) -> 988 | BX14: =VLOOKUP($A14,NetAdditions!$A$2:$H$336,7,FALSE) -> 1052 | BY14: =IF((VLOOKUP($C14,NetAdditions!$A$2:$H$336,8,FALSE))="",(AVERAGE(VLOOKUP($C14,NetAdditions!$A$2:$H$336,5,FALSE),VLOOKUP($C14,NetAdditions!$A$2:$H$336,6,FALSE),VLOOKUP($C14,NetAdditions!$A$2:$H$336,7,FALSE))),VLOOKUP($C14,NetAdditions!$A$2:$H$336,8,FALSE)) -> 590 | BZ14: =AVERAGE(BW14:BY14) -> 876.66667 | CA14: =AVERAGE(BX14:BZ14) -> 839.55556 | CB14: =AVERAGE(BY14:CA14) -> 768.74074 | CC14: =AVERAGE(BZ14:CB14) -> 828.32099 | CD14: =AVERAGE(CA14:CC14) -> 812.20576 | CE14: =SUM(BO14:BQ14) -> 2648 | CF14: =SUM(BP14:BR14) -> 2673 | CG14: =SUM(BQ14:BS14) -> 2688 | CH14: =SUM(BR14:BT14) -> 2719 | CI14: =SUM(BS14:BU14) -> 2695 | CJ14: =SUM(BT14:BV14) -> 2681 | CK14: =CE14*((24+7)/36) -> 2280.2222 | CL14: =CF14*((24+7)/36) -> 2301.75 | CM14: =CG14*((24+9)/36) -> 2464 | CN14: =CH14 -> 2719 | CO14: =CI14 -> 2695 | CP14: =CJ14 -> 2681 | CQ14: =SUM(BW14:BY14) -> 2630 | CR14: =SUM(BX14:BZ14) -> 2518.6667 | CS14: =SUM(BY14:CA14) -> 2306.2222 | CT14: =SUM(BZ14:CB14) -> 2484.963 | CU14: =SUM(CA14:CC14) -> 2436.6173 | CV14: =SUM(CB14:CD14) -> 2409.2675 | CW14: =IFERROR(CQ14/CK14,"-") -> 1.1533964 | CX14: =IF(CW14<0.25, "Presumption", IF(CW14<0.85, "Buffer and Action Plan", IF(CW14<0.95, "Action Plan", "Pass"))) -> Pass | CY14: =IFERROR(CR14/CL14,"-") -> 1.0942399 | CZ14: =IF(CY14<0.45, "Presumption", IF(CY14<0.85, "Buffer and Action Plan", IF(CY14<0.95, "Action Plan", "Pass"))) -> Pass | DA14: =IFERROR(CS14/CM14,"-") -> 0.93596681 | DB14: =IF(DA14<0.75, "Presumption", IF(DA14<0.85, "Buffer and Action Plan", IF(DA14<0.95, "Action Plan", "Pass"))) -> Action Plan | DC14: =IFERROR(CT14/CN14,"-") -> 0.91392533 | DD14: =IF(DC14<0.75, "Presumption", IF(DC14<0.85, "Buffer and Action Plan", IF(DC14<0.95, "Action Plan", "Pass"))) -> Action Plan | DE14: =IFERROR(CU14/CO14,"-") -> 0.90412515 | DF14: =IF(DE14<0.75, "Presumption", IF(DE14<0.85, "Buffer and Action Plan", IF(DE14<0.95, "Action Plan", "Pass"))) -> Action Plan | DG14: =IFERROR(CV14/CP14,"-") -> 0.89864509 | DH14: =IF(DG14<0.75, "Presumption", IF(DG14<0.85, "Buffer and Action Plan", IF(DG14<0.95, "Action Plan", "Pass"))) -> Action Plan
A15: E07000027 | B15: Barrow-in-Furness | C15: E07000027 | D15: NW | E15: =VLOOKUP(C15,PoliticalControl!A:K,11,FALSE) -> LAB | F15: =VLOOKUP(C15,UrbanRuralClassification!A:N,13,FALSE) -> Urban with Significant Rural (rural including hub towns 26-49%) | G15: =VLOOKUP(C15,UrbanRuralClassification!A:N,14,FALSE) -> Urban with Significant Rural | H15: =IF(ISBLANK((VLOOKUP($A15,'local-plan-data'!$C$1:$AD$566,27,FALSE)))=TRUE,"",VLOOKUP($A15,'local-plan-data'!$C$1:$AD$566,27,FALSE)) -> 43620 | I15: =VLOOKUP($A15,'local-plan-data'!$C$1:$AD$566,28,FALSE) -> 119 | J15: =IFERROR(IF(ISNUMBER(I15),I15,VALUE(LEFT(I15,FIND("-",I15)-1))),"-") -> 119 | K15: =IF(AND(ISNUMBER($H15),ISNUMBER($J15)),IF(($H15-K$1>0),$J15,IF(DATEDIF($H15,K$1,"y")<5,$J15,"-")),"-") -> 119 | L15: =IF(AND(ISNUMBER($H15),ISNUMBER($J15)),IF(($H15-L$1>0),$J15,IF(DATEDIF($H15,L$1,"y")<5,$J15,"-")),"-") -> 119 | M15: =IF(AND(ISNUMBER($H15),ISNUMBER($J15)),IF(($H15-M$1>0),$J15,IF(DATEDIF($H15,M$1,"y")<5,$J15,"-")),"-") -> 119 | N15: =IF(AND(ISNUMBER($H15),ISNUMBER($J15)),IF(($H15-N$1>0),$J15,IF(DATEDIF($H15,N$1,"y")<5,$J15,"-")),"-") -> 119 | O15: =IF(AND(ISNUMBER($H15),ISNUMBER($J15)),IF(($H15-O$1>0),$J15,IF(DATEDIF($H15,O$1,"y")<5,$J15,"-")),"-") -> 119 | P15: =IF(AND(ISNUMBER($H15),ISNUMBER($J15)),IF(($H15-P$1>0),$J15,IF(DATEDIF($H15,P$1,"y")<5,$J15,"-")),"-") -> 119 | Q15: =IF(AND(ISNUMBER($H15),ISNUMBER($J15)),IF(($H15-Q$1>0),$J15,IF(DATEDIF($H15,Q$1,"y")<5,$J15,"-")),"-") -> 119 | R15: =IF(AND(ISNUMBER($H15),ISNUMBER($J15)),IF(($H15-R$1>0),$J15,IF(DATEDIF($H15,R$1,"y")<5,$J15,"-")),"-") -> - | S15: =IFERROR((EDATE($H15,60))-S$1,"-") -> 2256 | T15: =IFERROR((EDATE($H15,60))-T$1,"-") -> 1891 | U15: =IFERROR((EDATE($H15,60))-U$1,"-") -> 1525 | V15: =IFERROR((EDATE($H15,60))-V$1,"-") -> 1160 | W15: =IFERROR((EDATE($H15,60))-W$1,"-") -> 795 | X15: =IFERROR((EDATE($H15,60))-X$1,"-") -> 430 | Y15: =IFERROR((EDATE($H15,60))-Y$1,"-") -> 64 | Z15: =IFERROR((EDATE($H15,60))-Z$1,"-") -> -301 | AA15: =(VLOOKUP(A15,Hshldprojections2014!$A$2:$AW$319,40, FALSE)-VLOOKUP(A15,Hshldprojections2014!$A$2:$AW$319,30, FALSE))/10 -> -70.3 | AB15: =(VLOOKUP(A15,Hshldprojections2014!$A$2:$AW$319,41, FALSE)-VLOOKUP(A15,Hshldprojections2014!$A$2:$AW$319,31, FALSE))/10 -> -74.2 | AC15: =(VLOOKUP(A15,Hshldprojections2014!$A$2:$AW$319,42, FALSE)-VLOOKUP(A15,Hshldprojections2014!$A$2:$AW$319,32, FALSE))/10 -> -77.7 | AD15: =IF(IndividualLATest!$J$7=2014,(VLOOKUP($A15,Hshldprojections2014!$A$2:$AY$326,43,FALSE)-VLOOKUP($A15,Hshldprojections2014!$A$2:$AY$326,33,FALSE))/10,IF(IndividualLATest!$J$7=2016,(VLOOKUP($A15,Hshldprojections2016!$A$1:$AQ$322,33,FALSE)-VLOOKUP($A15,Hshldprojections2016!$A$1:$AQ$322,23,FALSE))/10,(VLOOKUP($A15,Hshldprojections2018!$A$1:$AQ$327,33,FALSE)-VLOOKUP($A15,Hshldprojections2018!$A$1:$AQ$327,23,FALSE))/10)) -> -58 | AE15: =IF(IndividualLATest!$J$7=2014,(VLOOKUP($A15,Hshldprojections2014!$A$2:$AY$326,44,FALSE)-VLOOKUP($A15,Hshldprojections2014!$A$2:$AY$326,34,FALSE))/10,IF(IndividualLATest!$J$7=2016,(VLOOKUP($A15,Hshldprojections2016!$A$1:$AQ$322,34,FALSE)-VLOOKUP($A15,Hshldprojections2016!$A$1:$AQ$322,24,FALSE))/10,(VLOOKUP($A15,Hshldprojections2018!$A$1:$AQ$327,34,FALSE)-VLOOKUP($A15,Hshldprojections2018!$A$1:$AQ$327,24,FALSE))/10)) -> -57.9 | AF15: =IF(IndividualLATest!$J$7=2014,(VLOOKUP($A15,Hshldprojections2014!$A$2:$AY$326,45,FALSE)-VLOOKUP($A15,Hshldprojections2014!$A$2:$AY$326,35,FALSE))/10,IF(IndividualLATest!$J$7=2016,(VLOOKUP($A15,Hshldprojections2016!$A$1:$AQ$322,35,FALSE)-VLOOKUP($A15,Hshldprojections2016!$A$1:$AQ$322,25,FALSE))/10,(VLOOKUP($A15,Hshldprojections2018!$A$1:$AQ$327,35,FALSE)-VLOOKUP($A15,Hshldprojections2018!$A$1:$AQ$327,25,FALSE))/10)) -> -58.5 | AG15: =IF(IndividualLATest!$J$7=2014,(VLOOKUP($A15,Hshldprojections2014!$A$2:$AY$326,46,FALSE)-VLOOKUP($A15,Hshldprojections2014!$A$2:$AY$326,36,FALSE))/10,IF(IndividualLATest!$J$7=2016,(VLOOKUP($A15,Hshldprojections2016!$A$1:$AQ$322,36,FALSE)-VLOOKUP($A15,Hshldprojections2016!$A$1:$AQ$322,26,FALSE))/10,(VLOOKUP($A15,Hshldprojections2018!$A$1:$AQ$327,36,FALSE)-VLOOKUP($A15,Hshldprojections2018!$A$1:$AQ$327,26,FALSE))/10)) -> -57.1 | AH15: =IF(IndividualLATest!$J$7=2014,(VLOOKUP($A15,Hshldprojections2014!$A$2:$AY$326,47,FALSE)-VLOOKUP($A15,Hshldprojections2014!$A$2:$AY$326,37,FALSE))/10,IF(IndividualLATest!$J$7=2016,(VLOOKUP($A15,Hshldprojections2016!$A$1:$AQ$322,37,FALSE)-VLOOKUP($A15,Hshldprojections2016!$A$1:$AQ$322,27,FALSE))/10,(VLOOKUP($A15,Hshldprojections2018!$A$1:$AQ$327,37,FALSE)-VLOOKUP($A15,Hshldprojections2018!$A$1:$AQ$327,27,FALSE))/10)) -> -53.4 | AI15: =VLOOKUP($A15,AffordabilityRatio!$A$2:$I$321,5,FALSE) -> 3.72 | AJ15: =VLOOKUP($A15,AffordabilityRatio!$A$2:$I$321,6,FALSE) -> 3.54 | AK15: =VLOOKUP($A15,AffordabilityRatio!$A$2:$I$321,7,FALSE) -> 3.59 | AL15: =IF((VLOOKUP($A15,AffordabilityRatio!$A$2:$I$321,8,FALSE))="",AK15,VLOOKUP($A15,AffordabilityRatio!$A$2:$I$321,8,FALSE)) -> 3.44 | AM15: =IF((VLOOKUP($A15,AffordabilityRatio!$A$2:$I$321,9,FALSE))="",AL15,VLOOKUP($A15,AffordabilityRatio!$A$2:$I$321,9,FALSE)) -> 3.74 | AN15: =IF((VLOOKUP($A15,AffordabilityRatio!$A$2:$I$321,9,FALSE))="",AM15,VLOOKUP($A15,AffordabilityRatio!$A$2:$I$321,9,FALSE)) -> 3.74 | AO15: =IF((VLOOKUP($A15,AffordabilityRatio!$A$2:$I$321,9,FALSE))="",AN15,VLOOKUP($A15,AffordabilityRatio!$A$2:$I$321,9,FALSE)) -> 3.74 | AP15: =IF((VLOOKUP($A15,AffordabilityRatio!$A$2:$I$321,9,FALSE))="",AO15,VLOOKUP($A15,AffordabilityRatio!$A$2:$I$321,9,FALSE)) -> 3.74 | AQ15: =IF(AA15<0,0,IF(AI15>4,ROUND((1+((AI15-4)/4*0.25))*AA15,0),AA15)) -> 0 | AR15: =IF(AB15<0,0,IF(AJ15>4,ROUND((1+((AJ15-4)/4*0.25))*AB15,0),AB15)) -> 0 | AS15: =IF(AC15<0,0,IF(AK15>4,ROUND((1+((AK15-4)/4*0.25))*AC15,0),AC15)) -> 0 | AT15: =IF(AD15<0,0,IF(AL15>4,ROUND((1+((AL15-4)/4*0.25))*AD15,0),AD15)) -> 0 | AU15: =IF(AE15<0,0,IF(AM15>4,ROUND((1+((AM15-4)/4*0.25))*AE15,0),AE15)) -> 0 | AV15: =IF(AF15<0,0,IF(AN15>4,ROUND((1+((AN15-4)/4*0.25))*AF15,0),AF15)) -> 0 | AW15: =IF(AG15<0,0,IF(AO15>4,ROUND((1+((AO15-4)/4*0.25))*AG15,0),AG15)) -> 0 | AX15: =IF(AH15<0,0,IF(AP15>4,ROUND((1+((AP15-4)/4*0.25))*AH15,0),AH15)) -> 0 | AY15: =IF(AA15<0,0,IF(K15="-",MIN((MAX(J15, AA15)+((MAX(J15, AA15))*0.4)),AQ15),MIN(K15+(K15*0.4),AQ15))) -> 0 | AZ15: =IF(AB15<0,0,IF(L15="-",MIN((MAX(J15, AB15)+((MAX(J15, AB15))*0.4)),AR15),MIN(L15+(L15*0.4),AR15))) -> 0 | BA15: =IF(AC15<0,0,IF(M15="-",MIN((MAX(J15, AC15)+((MAX(J15, AC15))*0.4)),AS15),MIN(M15+(M15*0.4),AS15))) -> 0 | BB15: =IF(AD15<0,0,IF(N15="-",MIN((MAX(J15, AD15)+((MAX(J15, AD15))*0.4)),AT15),MIN(N15+(N15*0.4),AT15))) -> 0 | BC15: =IF(AE15<0,0,IF(O15="-",MIN((MAX(J15, AE15)+((MAX(J15, AE15))*0.4)),AU15),MIN(O15+(O15*0.4),AU15))) -> 0 | BD15: =IF(AF15<0,0,IF(P15="-",MIN((MAX(J15, AF15)+((MAX(J15, AF15))*0.4)),AV15),MIN(P15+(P15*0.4),AV15))) -> 0 | BE15: =IF(AG15<0,0,IF(Q15="-",MIN((MAX(J15, AG15)+((MAX(J15, AG15))*0.4)),AW15),MIN(Q15+(Q15*0.4),AW15))) -> 0 | BF15: =IF(AH15<0,0,IF(R15="-",MIN((MAX(J15, AH15)+((MAX(J15, AH15))*0.4)),AX15),MIN(R15+(R15*0.4),AX15))) -> 0 | BG15: =AY15*VLOOKUP($B15,'Major Cities & Towns'!$A$28:$B$345,2,FALSE) -> 0 | BH15: =AZ15*VLOOKUP($B15,'Major Cities & Towns'!$A$28:$B$345,2,FALSE) -> 0 | BI15: =BA15*VLOOKUP($B15,'Major Cities & Towns'!$A$28:$B$345,2,FALSE) -> 0 | BJ15: =BB15*VLOOKUP($B15,'Major Cities & Towns'!$A$28:$B$345,2,FALSE) -> 0 | BK15: =BC15*VLOOKUP($B15,'Major Cities & Towns'!$A$28:$B$345,2,FALSE) -> 0 | BL15: =BD15*VLOOKUP($B15,'Major Cities & Towns'!$A$28:$B$345,2,FALSE) -> 0 | BM15: =BE15*VLOOKUP($B15,'Major Cities & Towns'!$A$28:$B$345,2,FALSE) -> 0 | BN15: =BF15*VLOOKUP($B15,'Major Cities & Towns'!$A$28:$B$345,2,FALSE) -> 0 | BO15: =IFERROR(IF(AND(S15<365,S15>0),SUM(((S15/365)*(MIN(K15,BG15)))+(((365-S15)/365)*AQ15)),(MIN(K15,AQ15))),AQ15) -> 0 | BP15: =IFERROR(IF(AND(T15<365,T15>0),SUM(((T15/365)*(MIN(L15,BH15)))+(((365-T15)/365)*AR15)),(MIN(L15,AR15))),AR15) -> 0 | BQ15: =IFERROR(IF(AND(U15<365,U15>0),SUM(((U15/365)*(MIN(M15,BI15)))+(((365-U15)/365)*AS15)),(MIN(M15,AS15))),AS15) -> 0 | BR15: =IFERROR(IF(AND(V15<365,V15>0),SUM(((V15/365)*(MIN(N15,BJ15)))+(((365-V15)/365)*AT15)),(MIN(N15,AT15))),AT15) -> 0 | BS15: =IFERROR(IF(AND(W15<365,W15>0),SUM(((W15/365)*(MIN(O15,BK15)))+(((365-W15)/365)*AU15)),(MIN(O15,AU15))),AU15) -> 0 | BT15: =IFERROR(IF(AND(X15<365,X15>0),SUM(((X15/365)*(MIN(P15,BL15)))+(((365-X15)/365)*AV15)),(MIN(P15,AV15))),AV15) -> 0 | BU15: =IFERROR(IF(AND(Y15<365,Y15>0),SUM(((Y15/365)*(MIN(Q15,BM15)))+(((365-Y15)/365)*AW15)),(MIN(Q15,AW15))),AW15) -> 0 | BV15: =IFERROR(IF(AND(Z15<365,Z15>0),SUM(((Z15/365)*(MIN(R15,BN15)))+(((365-Z15)/365)*AX15)),(MIN(R15,AX15))),AX15) -> 0 | BW15: =VLOOKUP($A15,NetAdditions!$A$2:$H$336,6,FALSE) -> 122 | BX15: =VLOOKUP($A15,NetAdditions!$A$2:$H$336,7,FALSE) -> 103 | BY15: =IF((VLOOKUP($C15,NetAdditions!$A$2:$H$336,8,FALSE))="",(AVERAGE(VLOOKUP($C15,NetAdditions!$A$2:$H$336,5,FALSE),VLOOKUP($C15,NetAdditions!$A$2:$H$336,6,FALSE),VLOOKUP($C15,NetAdditions!$A$2:$H$336,7,FALSE))),VLOOKUP($C15,NetAdditions!$A$2:$H$336,8,FALSE)) -> 88 | BZ15: =AVERAGE(BW15:BY15) -> 104.33333 | CA15: =AVERAGE(BX15:BZ15) -> 98.444444 | CB15: =AVERAGE(BY15:CA15) -> 96.925926 | CC15: =AVERAGE(BZ15:CB15) -> 99.901235 | CD15: =AVERAGE(CA15:CC15) -> 98.423868 | CE15: =SUM(BO15:BQ15) -> 0 | CF15: =SUM(BP15:BR15) -> 0 | CG15: =SUM(BQ15:BS15) -> 0 | CH15: =SUM(BR15:BT15) -> 0 | CI15: =SUM(BS15:BU15) -> 0 | CJ15: =SUM(BT15:BV15) -> 0 | CK15: =CE15*((24+7)/36) -> 0 | CL15: =CF15*((24+7)/36) -> 0 | CM15: =CG15*((24+9)/36) -> 0 | CN15: =CH15 -> 0 | CO15: =CI15 -> 0 | CP15: =CJ15 -> 0 | CQ15: =SUM(BW15:BY15) -> 313 | CR15: =SUM(BX15:BZ15) -> 295.33333 | CS15: =SUM(BY15:CA15) -> 290.77778 | CT15: =SUM(BZ15:CB15) -> 299.7037 | CU15: =SUM(CA15:CC15) -> 295.2716 | CV15: =SUM(CB15:CD15) -> 295.25103 | CW15: =IFERROR(CQ15/CK15,"-") -> - | CX15: =IF(CW15<0.25, "Presumption", IF(CW15<0.85, "Buffer and Action Plan", IF(CW15<0.95, "Action Plan", "Pass"))) -> Pass | CY15: =IFERROR(CR15/CL15,"-") -> - | CZ15: =IF(CY15<0.45, "Presumption", IF(CY15<0.85, "Buffer and Action Plan", IF(CY15<0.95, "Action Plan", "Pass"))) -> Pass | DA15: =IFERROR(CS15/CM15,"-") -> - | DB15: =IF(DA15<0.75, "Presumption", IF(DA15<0.85, "Buffer and Action Plan", IF(DA15<0.95, "Action Plan", "Pass"))) -> Pass | DC15: =IFERROR(CT15/CN15,"-") -> - | DD15: =IF(DC15<0.75, "Presumption", IF(DC15<0.85, "Buffer and Action Plan", IF(DC15<0.95, "Action Plan", "Pass"))) -> Pass | DE15: =IFERROR(CU15/CO15,"-") -> - | DF15: =IF(DE15<0.75, "Presumption", IF(DE15<0.85, "Buffer and Action Plan", IF(DE15<0.95, "Action Plan", "Pass"))) -> Pass | DG15: =IFERROR(CV15/CP15,"-") -> - | DH15: =IF(DG15<0.75, "Presumption", IF(DG15<0.85, "Buffer and Action Plan", IF(DG15<0.95, "Action Plan", "Pass"))) -> Pass
A16: E07000066 | B16: Basildon | C16: E07000066 | D16: E | E16: =VLOOKUP(C16,PoliticalControl!A:K,11,FALSE) -> CON | F16: =VLOOKUP(C16,UrbanRuralClassification!A:N,13,FALSE) -> Urban with City and Town | G16: =VLOOKUP(C16,UrbanRuralClassification!A:N,14,FALSE) -> Predominantly Urban | H16: =IF(ISBLANK((VLOOKUP($A16,'local-plan-data'!$C$1:$AD$566,27,FALSE)))=TRUE,"",VLOOKUP($A16,'local-plan-data'!$C$1:$AD$566,27,FALSE)) | I16: =VLOOKUP($A16,'local-plan-data'!$C$1:$AD$566,28,FALSE) -> 773.25 | J16: =IFERROR(IF(ISNUMBER(I16),I16,VALUE(LEFT(I16,FIND("-",I16)-1))),"-") -> 773.25 | K16: =IF(AND(ISNUMBER($H16),ISNUMBER($J16)),IF(($H16-K$1>0),$J16,IF(DATEDIF($H16,K$1,"y")<5,$J16,"-")),"-") -> - | L16: =IF(AND(ISNUMBER($H16),ISNUMBER($J16)),IF(($H16-L$1>0),$J16,IF(DATEDIF($H16,L$1,"y")<5,$J16,"-")),"-") -> - | M16: =IF(AND(ISNUMBER($H16),ISNUMBER($J16)),IF(($H16-M$1>0),$J16,IF(DATEDIF($H16,M$1,"y")<5,$J16,"-")),"-") -> - | N16: =IF(AND(ISNUMBER($H16),ISNUMBER($J16)),IF(($H16-N$1>0),$J16,IF(DATEDIF($H16,N$1,"y")<5,$J16,"-")),"-") -> - | O16: =IF(AND(ISNUMBER($H16),ISNUMBER($J16)),IF(($H16-O$1>0),$J16,IF(DATEDIF($H16,O$1,"y")<5,$J16,"-")),"-") -> - | P16: =IF(AND(ISNUMBER($H16),ISNUMBER($J16)),IF(($H16-P$1>0),$J16,IF(DATEDIF($H16,P$1,"y")<5,$J16,"-")),"-") -> - | Q16: =IF(AND(ISNUMBER($H16),ISNUMBER($J16)),IF(($H16-Q$1>0),$J16,IF(DATEDIF($H16,Q$1,"y")<5,$J16,"-")),"-") -> - | R16: =IF(AND(ISNUMBER($H16),ISNUMBER($J16)),IF(($H16-R$1>0),$J16,IF(DATEDIF($H16,R$1,"y")<5,$J16,"-")),"-") -> - | S16: =IFERROR((EDATE($H16,60))-S$1,"-") -> - | T16: =IFERROR((EDATE($H16,60))-T$1,"-") -> - | U16: =IFERROR((EDATE($H16,60))-U$1,"-") -> - | V16: =IFERROR((EDATE($H16,60))-V$1,"-") -> - | W16: =IFERROR((EDATE($H16,60))-W$1,"-") -> - | X16: =IFERROR((EDATE($H16,60))-X$1,"-") -> - | Y16: =IFERROR((EDATE($H16,60))-Y$1,"-") -> - | Z16: =IFERROR((EDATE($H16,60))-Z$1,"-") -> - | AA16: =(VLOOKUP(A16,Hshldprojections2014!$A$2:$AW$319,40, FALSE)-VLOOKUP(A16,Hshldprojections2014!$A$2:$AW$319,30, FALSE))/10 -> 768.7 | AB16: =(VLOOKUP(A16,Hshldprojections2014!$A$2:$AW$319,41, FALSE)-VLOOKUP(A16,Hshldprojections2014!$A$2:$AW$319,31, FALSE))/10 -> 759.7 | AC16: =(VLOOKUP(A16,Hshldprojections2014!$A$2:$AW$319,42, FALSE)-VLOOKUP(A16,Hshldprojections2014!$A$2:$AW$319,32, FALSE))/10 -> 750.2 | AD16: =IF(IndividualLATest!$J$7=2014,(VLOOKUP($A16,Hshldprojections2014!$A$2:$AY$326,43,FALSE)-VLOOKUP($A16,Hshldprojections2014!$A$2:$AY$326,33,FALSE))/10,IF(IndividualLATest!$J$7=2016,(VLOOKUP($A16,Hshldprojections2016!$A$1:$AQ$322,33,FALSE)-VLOOKUP($A16,Hshldprojections2016!$A$1:$AQ$322,23,FALSE))/10,(VLOOKUP($A16,Hshldprojections2018!$A$1:$AQ$327,33,FALSE)-VLOOKUP($A16,Hshldprojections2018!$A$1:$AQ$327,23,FALSE))/10)) -> 421.3 | AE16: =IF(IndividualLATest!$J$7=2014,(VLOOKUP($A16,Hshldprojections2014!$A$2:$AY$326,44,FALSE)-VLOOKUP($A16,Hshldprojections2014!$A$2:$AY$326,34,FALSE))/10,IF(IndividualLATest!$J$7=2016,(VLOOKUP($A16,Hshldprojections2016!$A$1:$AQ$322,34,FALSE)-VLOOKUP($A16,Hshldprojections2016!$A$1:$AQ$322,24,FALSE))/10,(VLOOKUP($A16,Hshldprojections2018!$A$1:$AQ$327,34,FALSE)-VLOOKUP($A16,Hshldprojections2018!$A$1:$AQ$327,24,FALSE))/10)) -> 418.8 | AF16: =IF(IndividualLATest!$J$7=2014,(VLOOKUP($A16,Hshldprojections2014!$A$2:$AY$326,45,FALSE)-VLOOKUP($A16,Hshldprojections2014!$A$2:$AY$326,35,FALSE))/10,IF(IndividualLATest!$J$7=2016,(VLOOKUP($A16,Hshldprojections2016!$A$1:$AQ$322,35,FALSE)-VLOOKUP($A16,Hshldprojections2016!$A$1:$AQ$322,25,FALSE))/10,(VLOOKUP($A16,Hshldprojections2018!$A$1:$AQ$327,35,FALSE)-VLOOKUP($A16,Hshldprojections2018!$A$1:$AQ$327,25,FALSE))/10)) -> 419 | AG16: =IF(IndividualLATest!$J$7=2014,(VLOOKUP($A16,Hshldprojections2014!$A$2:$AY$326,46,FALSE)-VLOOKUP($A16,Hshldprojections2014!$A$2:$AY$326,36,FALSE))/10,IF(IndividualLATest!$J$7=2016,(VLOOKUP($A16,Hshldprojections2016!$A$1:$AQ$322,36,FALSE)-VLOOKUP($A16,Hshldprojections2016!$A$1:$AQ$322,26,FALSE))/10,(VLOOKUP($A16,Hshldprojections2018!$A$1:$AQ$327,36,FALSE)-VLOOKUP($A16,Hshldprojections2018!$A$1:$AQ$327,26,FALSE))/10)) -> 418.1 | AH16: =IF(IndividualLATest!$J$7=2014,(VLOOKUP($A16,Hshldprojections2014!$A$2:$AY$326,47,FALSE)-VLOOKUP($A16,Hshldprojections2014!$A$2:$AY$326,37,FALSE))/10,IF(IndividualLATest!$J$7=2016,(VLOOKUP($A16,Hshldprojections2016!$A$1:$AQ$322,37,FALSE)-VLOOKUP($A16,Hshldprojections2016!$A$1:$AQ$322,27,FALSE))/10,(VLOOKUP($A16,Hshldprojections2018!$A$1:$AQ$327,37,FALSE)-VLOOKUP($A16,Hshldprojections2018!$A$1:$AQ$327,27,FALSE))/10)) -> 419.4 | AI16: =VLOOKUP($A16,AffordabilityRatio!$A$2:$I$321,5,FALSE) -> 10.27 | AJ16: =VLOOKUP($A16,AffordabilityRatio!$A$2:$I$321,6,FALSE) -> 10.66 | AK16: =VLOOKUP($A16,AffordabilityRatio!$A$2:$I$321,7,FALSE) -> 9.39 | AL16: =IF((VLOOKUP($A16,AffordabilityRatio!$A$2:$I$321,8,FALSE))="",AK16,VLOOKUP($A16,AffordabilityRatio!$A$2:$I$321,8,FALSE)) -> 9.79 | AM16: =IF((VLOOKUP($A16,AffordabilityRatio!$A$2:$I$321,9,FALSE))="",AL16,VLOOKUP($A16,AffordabilityRatio!$A$2:$I$321,9,FALSE)) -> 10.36 | AN16: =IF((VLOOKUP($A16,AffordabilityRatio!$A$2:$I$321,9,FALSE))="",AM16,VLOOKUP($A16,AffordabilityRatio!$A$2:$I$321,9,FALSE)) -> 10.36 | AO16: =IF((VLOOKUP($A16,AffordabilityRatio!$A$2:$I$321,9,FALSE))="",AN16,VLOOKUP($A16,AffordabilityRatio!$A$2:$I$321,9,FALSE)) -> 10.36 | AP16: =IF((VLOOKUP($A16,AffordabilityRatio!$A$2:$I$321,9,FALSE))="",AO16,VLOOKUP($A16,AffordabilityRatio!$A$2:$I$321,9,FALSE)) -> 10.36 | AQ16: =IF(AA16<0,0,IF(AI16>4,ROUND((1+((AI16-4)/4*0.25))*AA16,0),AA16)) -> 1070 | AR16: =IF(AB16<0,0,IF(AJ16>4,ROUND((1+((AJ16-4)/4*0.25))*AB16,0),AB16)) -> 1076 | AS16: =IF(AC16<0,0,IF(AK16>4,ROUND((1+((AK16-4)/4*0.25))*AC16,0),AC16)) -> 1003 | AT16: =IF(AD16<0,0,IF(AL16>4,ROUND((1+((AL16-4)/4*0.25))*AD16,0),AD16)) -> 574 | AU16: =IF(AE16<0,0,IF(AM16>4,ROUND((1+((AM16-4)/4*0.25))*AE16,0),AE16)) -> 585 | AV16: =IF(AF16<0,0,IF(AN16>4,ROUND((1+((AN16-4)/4*0.25))*AF16,0),AF16)) -> 586 | AW16: =IF(AG16<0,0,IF(AO16>4,ROUND((1+((AO16-4)/4*0.25))*AG16,0),AG16)) -> 584 | AX16: =IF(AH16<0,0,IF(AP16>4,ROUND((1+((AP16-4)/4*0.25))*AH16,0),AH16)) -> 586 | AY16: =IF(AA16<0,0,IF(K16="-",MIN((MAX(J16, AA16)+((MAX(J16, AA16))*0.4)),AQ16),MIN(K16+(K16*0.4),AQ16))) -> 1070 | AZ16: =IF(AB16<0,0,IF(L16="-",MIN((MAX(J16, AB16)+((MAX(J16, AB16))*0.4)),AR16),MIN(L16+(L16*0.4),AR16))) -> 1076 | BA16: =IF(AC16<0,0,IF(M16="-",MIN((MAX(J16, AC16)+((MAX(J16, AC16))*0.4)),AS16),MIN(M16+(M16*0.4),AS16))) -> 1003 | BB16: =IF(AD16<0,0,IF(N16="-",MIN((MAX(J16, AD16)+((MAX(J16, AD16))*0.4)),AT16),MIN(N16+(N16*0.4),AT16))) -> 574 | BC16: =IF(AE16<0,0,IF(O16="-",MIN((MAX(J16, AE16)+((MAX(J16, AE16))*0.4)),AU16),MIN(O16+(O16*0.4),AU16))) -> 585 | BD16: =IF(AF16<0,0,IF(P16="-",MIN((MAX(J16, AF16)+((MAX(J16, AF16))*0.4)),AV16),MIN(P16+(P16*0.4),AV16))) -> 586 | BE16: =IF(AG16<0,0,IF(Q16="-",MIN((MAX(J16, AG16)+((MAX(J16, AG16))*0.4)),AW16),MIN(Q16+(Q16*0.4),AW16))) -> 584 | BF16: =IF(AH16<0,0,IF(R16="-",MIN((MAX(J16, AH16)+((MAX(J16, AH16))*0.4)),AX16),MIN(R16+(R16*0.4),AX16))) -> 586 | BG16: =AY16*VLOOKUP($B16,'Major Cities & Towns'!$A$28:$B$345,2,FALSE) -> 1070 | BH16: =AZ16*VLOOKUP($B16,'Major Cities & Towns'!$A$28:$B$345,2,FALSE) -> 1076 | BI16: =BA16*VLOOKUP($B16,'Major Cities & Towns'!$A$28:$B$345,2,FALSE) -> 1003 | BJ16: =BB16*VLOOKUP($B16,'Major Cities & Towns'!$A$28:$B$345,2,FALSE) -> 574 | BK16: =BC16*VLOOKUP($B16,'Major Cities & Towns'!$A$28:$B$345,2,FALSE) -> 585 | BL16: =BD16*VLOOKUP($B16,'Major Cities & Towns'!$A$28:$B$345,2,FALSE) -> 586 | BM16: =BE16*VLOOKUP($B16,'Major Cities & Towns'!$A$28:$B$345,2,FALSE) -> 584 | BN16: =BF16*VLOOKUP($B16,'Major Cities & Towns'!$A$28:$B$345,2,FALSE) -> 586 | BO16: =IFERROR(IF(AND(S16<365,S16>0),SUM(((S16/365)*(MIN(K16,BG16)))+(((365-S16)/365)*AQ16)),(MIN(K16,AQ16))),AQ16) -> 1070 | BP16: =IFERROR(IF(AND(T16<365,T16>0),SUM(((T16/365)*(MIN(L16,BH16)))+(((365-T16)/365)*AR16)),(MIN(L16,AR16))),AR16) -> 1076 | BQ16: =IFERROR(IF(AND(U16<365,U16>0),SUM(((U16/365)*(MIN(M16,BI16)))+(((365-U16)/365)*AS16)),(MIN(M16,AS16))),AS16) -> 1003 | BR16: =IFERROR(IF(AND(V16<365,V16>0),SUM(((V16/365)*(MIN(N16,BJ16)))+(((365-V16)/365)*AT16)),(MIN(N16,AT16))),AT16) -> 574 | BS16: =IFERROR(IF(AND(W16<365,W16>0),SUM(((W16/365)*(MIN(O16,BK16)))+(((365-W16)/365)*AU16)),(MIN(O16,AU16))),AU16) -> 585 | BT16: =IFERROR(IF(AND(X16<365,X16>0),SUM(((X16/365)*(MIN(P16,BL16)))+(((365-X16)/365)*AV16)),(MIN(P16,AV16))),AV16) -> 586 | BU16: =IFERROR(IF(AND(Y16<365,Y16>0),SUM(((Y16/365)*(MIN(Q16,BM16)))+(((365-Y16)/365)*AW16)),(MIN(Q16,AW16))),AW16) -> 584 | BV16: =IFERROR(IF(AND(Z16<365,Z16>0),SUM(((Z16/365)*(MIN(R16,BN16)))+(((365-Z16)/365)*AX16)),(MIN(R16,AX16))),AX16) -> 586 | BW16: =VLOOKUP($A16,NetAdditions!$A$2:$H$336,6,FALSE) -> 340 | BX16: =VLOOKUP($A16,NetAdditions!$A$2:$H$336,7,FALSE) -> 460 | BY16: =IF((VLOOKUP($C16,NetAdditions!$A$2:$H$336,8,FALSE))="",(AVERAGE(VLOOKUP($C16,NetAdditions!$A$2:$H$336,5,FALSE),VLOOKUP($C16,NetAdditions!$A$2:$H$336,6,FALSE),VLOOKUP($C16,NetAdditions!$A$2:$H$336,7,FALSE))),VLOOKUP($C16,NetAdditions!$A$2:$H$336,8,FALSE)) -> 317 | BZ16: =AVERAGE(BW16:BY16) -> 372.33333 | CA16: =AVERAGE(BX16:BZ16) -> 383.11111 | CB16: =AVERAGE(BY16:CA16) -> 357.48148 | CC16: =AVERAGE(BZ16:CB16) -> 370.97531 | CD16: =AVERAGE(CA16:CC16) -> 370.52263 | CE16: =SUM(BO16:BQ16) -> 3149 | CF16: =SUM(BP16:BR16) -> 2653 | CG16: =SUM(BQ16:BS16) -> 2162 | CH16: =SUM(BR16:BT16) -> 1745 | CI16: =SUM(BS16:BU16) -> 1755 | CJ16: =SUM(BT16:BV16) -> 1756 | CK16: =CE16*((24+7)/36) -> 2711.6389 | CL16: =CF16*((24+7)/36) -> 2284.5278 | CM16: =CG16*((24+9)/36) -> 1981.8333 | CN16: =CH16 -> 1745 | CO16: =CI16 -> 1755 | CP16: =CJ16 -> 1756 | CQ16: =SUM(BW16:BY16) -> 1117 | CR16: =SUM(BX16:BZ16) -> 1149.3333 | CS16: =SUM(BY16:CA16) -> 1072.4444 | CT16: =SUM(BZ16:CB16) -> 1112.9259 | CU16: =SUM(CA16:CC16) -> 1111.5679 | CV16: =SUM(CB16:CD16) -> 1098.9794 | CW16: =IFERROR(CQ16/CK16,"-") -> 0.41192801 | CX16: =IF(CW16<0.25, "Presumption", IF(CW16<0.85, "Buffer and Action Plan", IF(CW16<0.95, "Action Plan", "Pass"))) -> Buffer and Action Plan | CY16: =IFERROR(CR16/CL16,"-") -> 0.50309449 | CZ16: =IF(CY16<0.45, "Presumption", IF(CY16<0.85, "Buffer and Action Plan", IF(CY16<0.95, "Action Plan", "Pass"))) -> Buffer and Action Plan | DA16: =IFERROR(CS16/CM16,"-") -> 0.54113756 | DB16: =IF(DA16<0.75, "Presumption", IF(DA16<0.85, "Buffer and Action Plan", IF(DA16<0.95, "Action Plan", "Pass"))) -> Presumption | DC16: =IFERROR(CT16/CN16,"-") -> 0.6377799 | DD16: =IF(DC16<0.75, "Presumption", IF(DC16<0.85, "Buffer and Action Plan", IF(DC16<0.95, "Action Plan", "Pass"))) -> Presumption | DE16: =IFERROR(CU16/CO16,"-") -> 0.63337202 | DF16: =IF(DE16<0.75, "Presumption", IF(DE16<0.85, "Buffer and Action Plan", IF(DE16<0.95, "Action Plan", "Pass"))) -> Presumption | DG16: =IFERROR(CV16/CP16,"-") -> 0.6258425 | DH16: =IF(DG16<0.75, "Presumption", IF(DG16<0.85, "Buffer and Action Plan", IF(DG16<0.95, "Action Plan", "Pass"))) -> Presumption
A17: E07000084 | B17: Basingstoke and Deane | C17: E07000084 | D17: SE | E17: =VLOOKUP(C17,PoliticalControl!A:K,11,FALSE) -> CON | F17: =VLOOKUP(C17,UrbanRuralClassification!A:N,13,FALSE) -> Urban with Significant Rural (rural including hub towns 26-49%) | G17: =VLOOKUP(C17,UrbanRuralClassification!A:N,14,FALSE) -> Urban with Significant Rural | H17: =IF(ISBLANK((VLOOKUP($A17,'local-plan-data'!$C$1:$AD$566,27,FALSE)))=TRUE,"",VLOOKUP($A17,'local-plan-data'!$C$1:$AD$566,27,FALSE)) -> 42516 | I17: =VLOOKUP($A17,'local-plan-data'!$C$1:$AD$566,28,FALSE) -> 850 | J17: =IFERROR(IF(ISNUMBER(I17),I17,VALUE(LEFT(I17,FIND("-",I17)-1))),"-") -> 850 | K17: =IF(AND(ISNUMBER($H17),ISNUMBER($J17)),IF(($H17-K$1>0),$J17,IF(DATEDIF($H17,K$1,"y")<5,$J17,"-")),"-") -> 850 | L17: =IF(AND(ISNUMBER($H17),ISNUMBER($J17)),IF(($H17-L$1>0),$J17,IF(DATEDIF($H17,L$1,"y")<5,$J17,"-")),"-") -> 850 | M17: =IF(AND(ISNUMBER($H17),ISNUMBER($J17)),IF(($H17-M$1>0),$J17,IF(DATEDIF($H17,M$1,"y")<5,$J17,"-")),"-") -> 850 | N17: =IF(AND(ISNUMBER($H17),ISNUMBER($J17)),IF(($H17-N$1>0),$J17,IF(DATEDIF($H17,N$1,"y")<5,$J17,"-")),"-") -> 850 | O17: =IF(AND(ISNUMBER($H17),ISNUMBER($J17)),IF(($H17-O$1>0),$J17,IF(DATEDIF($H17,O$1,"y")<5,$J17,"-")),"-") -> - | P17: =IF(AND(ISNUMBER($H17),ISNUMBER($J17)),IF(($H17-P$1>0),$J17,IF(DATEDIF($H17,P$1,"y")<5,$J17,"-")),"-") -> - | Q17: =IF(AND(ISNUMBER($H17),ISNUMBER($J17)),IF(($H17-Q$1>0),$J17,IF(DATEDIF($H17,Q$1,"y")<5,$J17,"-")),"-") -> - | R17: =IF(AND(ISNUMBER($H17),ISNUMBER($J17)),IF(($H17-R$1>0),$J17,IF(DATEDIF($H17,R$1,"y")<5,$J17,"-")),"-") -> - | S17: =IFERROR((EDATE($H17,60))-S$1,"-") -> 1151 | T17: =IFERROR((EDATE($H17,60))-T$1,"-") -> 786 | U17: =IFERROR((EDATE($H17,60))-U$1,"-") -> 420 | V17: =IFERROR((EDATE($H17,60))-V$1,"-") -> 55 | W17: =IFERROR((EDATE($H17,60))-W$1,"-") -> -310 | X17: =IFERROR((EDATE($H17,60))-X$1,"-") -> -675 | Y17: =IFERROR((EDATE($H17,60))-Y$1,"-") -> -1041 | Z17: =IFERROR((EDATE($H17,60))-Z$1,"-") -> -1406 | AA17: =(VLOOKUP(A17,Hshldprojections2014!$A$2:$AW$319,40, FALSE)-VLOOKUP(A17,Hshldprojections2014!$A$2:$AW$319,30, FALSE))/10 -> 735 | AB17: =(VLOOKUP(A17,Hshldprojections2014!$A$2:$AW$319,41, FALSE)-VLOOKUP(A17,Hshldprojections2014!$A$2:$AW$319,31, FALSE))/10 -> 711.1 | AC17: =(VLOOKUP(A17,Hshldprojections2014!$A$2:$AW$319,42, FALSE)-VLOOKUP(A17,Hshldprojections2014!$A$2:$AW$319,32, FALSE))/10 -> 691.6 | AD17: =IF(IndividualLATest!$J$7=2014,(VLOOKUP($A17,Hshldprojections2014!$A$2:$AY$326,43,FALSE)-VLOOKUP($A17,Hshldprojections2014!$A$2:$AY$326,33,FALSE))/10,IF(IndividualLATest!$J$7=2016,(VLOOKUP($A17,Hshldprojections2016!$A$1:$AQ$322,33,FALSE)-VLOOKUP($A17,Hshldprojections2016!$A$1:$AQ$322,23,FALSE))/10,(VLOOKUP($A17,Hshldprojections2018!$A$1:$AQ$327,33,FALSE)-VLOOKUP($A17,Hshldprojections2018!$A$1:$AQ$327,23,FALSE))/10)) -> 254.8 | AE17: =IF(IndividualLATest!$J$7=2014,(VLOOKUP($A17,Hshldprojections2014!$A$2:$AY$326,44,FALSE)-VLOOKUP($A17,Hshldprojections2014!$A$2:$AY$326,34,FALSE))/10,IF(IndividualLATest!$J$7=2016,(VLOOKUP($A17,Hshldprojections2016!$A$1:$AQ$322,34,FALSE)-VLOOKUP($A17,Hshldprojections2016!$A$1:$AQ$322,24,FALSE))/10,(VLOOKUP($A17,Hshldprojections2018!$A$1:$AQ$327,34,FALSE)-VLOOKUP($A17,Hshldprojections2018!$A$1:$AQ$327,24,FALSE))/10)) -> 246.5 | AF17: =IF(IndividualLATest!$J$7=2014,(VLOOKUP($A17,Hshldprojections2014!$A$2:$AY$326,45,FALSE)-VLOOKUP($A17,Hshldprojections2014!$A$2:$AY$326,35,FALSE))/10,IF(IndividualLATest!$J$7=2016,(VLOOKUP($A17,Hshldprojections2016!$A$1:$AQ$322,35,FALSE)-VLOOKUP($A17,Hshldprojections2016!$A$1:$AQ$322,25,FALSE))/10,(VLOOKUP($A17,Hshldprojections2018!$A$1:$AQ$327,35,FALSE)-VLOOKUP($A17,Hshldprojections2018!$A$1:$AQ$327,25,FALSE))/10)) -> 239.3 | AG17: =IF(IndividualLATest!$J$7=2014,(VLOOKUP($A17,Hshldprojections2014!$A$2:$AY$326,46,FALSE)-VLOOKUP($A17,Hshldprojections2014!$A$2:$AY$326,36,FALSE))/10,IF(IndividualLATest!$J$7=2016,(VLOOKUP($A17,Hshldprojections2016!$A$1:$AQ$322,36,FALSE)-VLOOKUP($A17,Hshldprojections2016!$A$1:$AQ$322,26,FALSE))/10,(VLOOKUP($A17,Hshldprojections2018!$A$1:$AQ$327,36,FALSE)-VLOOKUP($A17,Hshldprojections2018!$A$1:$AQ$327,26,FALSE))/10)) -> 231.5 | AH17: =IF(IndividualLATest!$J$7=2014,(VLOOKUP($A17,Hshldprojections2014!$A$2:$AY$326,47,FALSE)-VLOOKUP($A17,Hshldprojections2014!$A$2:$AY$326,37,FALSE))/10,IF(IndividualLATest!$J$7=2016,(VLOOKUP($A17,Hshldprojections2016!$A$1:$AQ$322,37,FALSE)-VLOOKUP($A17,Hshldprojections2016!$A$1:$AQ$322,27,FALSE))/10,(VLOOKUP($A17,Hshldprojections2018!$A$1:$AQ$327,37,FALSE)-VLOOKUP($A17,Hshldprojections2018!$A$1:$AQ$327,27,FALSE))/10)) -> 229.2 | AI17: =VLOOKUP($A17,AffordabilityRatio!$A$2:$I$321,5,FALSE) -> 9.55 | AJ17: =VLOOKUP($A17,AffordabilityRatio!$A$2:$I$321,6,FALSE) -> 9.54 | AK17: =VLOOKUP($A17,AffordabilityRatio!$A$2:$I$321,7,FALSE) -> 8.48 | AL17: =IF((VLOOKUP($A17,AffordabilityRatio!$A$2:$I$321,8,FALSE))="",AK17,VLOOKUP($A17,AffordabilityRatio!$A$2:$I$321,8,FALSE)) -> 8.86 | AM17: =IF((VLOOKUP($A17,AffordabilityRatio!$A$2:$I$321,9,FALSE))="",AL17,VLOOKUP($A17,AffordabilityRatio!$A$2:$I$321,9,FALSE)) -> 9.24 | AN17: =IF((VLOOKUP($A17,AffordabilityRatio!$A$2:$I$321,9,FALSE))="",AM17,VLOOKUP($A17,AffordabilityRatio!$A$2:$I$321,9,FALSE)) -> 9.24 | AO17: =IF((VLOOKUP($A17,AffordabilityRatio!$A$2:$I$321,9,FALSE))="",AN17,VLOOKUP($A17,AffordabilityRatio!$A$2:$I$321,9,FALSE)) -> 9.24 | AP17: =IF((VLOOKUP($A17,AffordabilityRatio!$A$2:$I$321,9,FALSE))="",AO17,VLOOKUP($A17,AffordabilityRatio!$A$2:$I$321,9,FALSE)) -> 9.24 | AQ17: =IF(AA17<0,0,IF(AI17>4,ROUND((1+((AI17-4)/4*0.25))*AA17,0),AA17)) -> 990 | AR17: =IF(AB17<0,0,IF(AJ17>4,ROUND((1+((AJ17-4)/4*0.25))*AB17,0),AB17)) -> 957 | AS17: =IF(AC17<0,0,IF(AK17>4,ROUND((1+((AK17-4)/4*0.25))*AC17,0),AC17)) -> 885 | AT17: =IF(AD17<0,0,IF(AL17>4,ROUND((1+((AL17-4)/4*0.25))*AD17,0),AD17)) -> 332 | AU17: =IF(AE17<0,0,IF(AM17>4,ROUND((1+((AM17-4)/4*0.25))*AE17,0),AE17)) -> 327 | AV17: =IF(AF17<0,0,IF(AN17>4,ROUND((1+((AN17-4)/4*0.25))*AF17,0),AF17)) -> 318 | AW17: =IF(AG17<0,0,IF(AO17>4,ROUND((1+((AO17-4)/4*0.25))*AG17,0),AG17)) -> 307 | AX17: =IF(AH17<0,0,IF(AP17>4,ROUND((1+((AP17-4)/4*0.25))*AH17,0),AH17)) -> 304 | AY17: =IF(AA17<0,0,IF(K17="-",MIN((MAX(J17, AA17)+((MAX(J17, AA17))*0.4)),AQ17),MIN(K17+(K17*0.4),AQ17))) -> 990 | AZ17: =IF(AB17<0,0,IF(L17="-",MIN((MAX(J17, AB17)+((MAX(J17, AB17))*0.4)),AR17),MIN(L17+(L17*0.4),AR17))) -> 957 | BA17: =IF(AC17<0,0,IF(M17="-",MIN((MAX(J17, AC17)+((MAX(J17, AC17))*0.4)),AS17),MIN(M17+(M17*0.4),AS17))) -> 885 | BB17: =IF(AD17<0,0,IF(N17="-",MIN((MAX(J17, AD17)+((MAX(J17, AD17))*0.4)),AT17),MIN(N17+(N17*0.4),AT17))) -> 332 | BC17: =IF(AE17<0,0,IF(O17="-",MIN((MAX(J17, AE17)+((MAX(J17, AE17))*0.4)),AU17),MIN(O17+(O17*0.4),AU17))) -> 327 | BD17: =IF(AF17<0,0,IF(P17="-",MIN((MAX(J17, AF17)+((MAX(J17, AF17))*0.4)),AV17),MIN(P17+(P17*0.4),AV17))) -> 318 | BE17: =IF(AG17<0,0,IF(Q17="-",MIN((MAX(J17, AG17)+((MAX(J17, AG17))*0.4)),AW17),MIN(Q17+(Q17*0.4),AW17))) -> 307 | BF17: =IF(AH17<0,0,IF(R17="-",MIN((MAX(J17, AH17)+((MAX(J17, AH17))*0.4)),AX17),MIN(R17+(R17*0.4),AX17))) -> 304 | BG17: =AY17*VLOOKUP($B17,'Major Cities & Towns'!$A$28:$B$345,2,FALSE) -> 990 | BH17: =AZ17*VLOOKUP($B17,'Major Cities & Towns'!$A$28:$B$345,2,FALSE) -> 957 | BI17: =BA17*VLOOKUP($B17,'Major Cities & Towns'!$A$28:$B$345,2,FALSE) -> 885 | BJ17: =BB17*VLOOKUP($B17,'Major Cities & Towns'!$A$28:$B$345,2,FALSE) -> 332 | BK17: =BC17*VLOOKUP($B17,'Major Cities & Towns'!$A$28:$B$345,2,FALSE) -> 327 | BL17: =BD17*VLOOKUP($B17,'Major Cities & Towns'!$A$28:$B$345,2,FALSE) -> 318 | BM17: =BE17*VLOOKUP($B17,'Major Cities & Towns'!$A$28:$B$345,2,FALSE) -> 307 | BN17: =BF17*VLOOKUP($B17,'Major Cities & Towns'!$A$28:$B$345,2,FALSE) -> 304 | BO17: =IFERROR(IF(AND(S17<365,S17>0),SUM(((S17/365)*(MIN(K17,BG17)))+(((365-S17)/365)*AQ17)),(MIN(K17,AQ17))),AQ17) -> 850 | BP17: =IFERROR(IF(AND(T17<365,T17>0),SUM(((T17/365)*(MIN(L17,BH17)))+(((365-T17)/365)*AR17)),(MIN(L17,AR17))),AR17) -> 850 | BQ17: =IFERROR(IF(AND(U17<365,U17>0),SUM(((U17/365)*(MIN(M17,BI17)))+(((365-U17)/365)*AS17)),(MIN(M17,AS17))),AS17) -> 850 | BR17: =IFERROR(IF(AND(V17<365,V17>0),SUM(((V17/365)*(MIN(N17,BJ17)))+(((365-V17)/365)*AT17)),(MIN(N17,AT17))),AT17) -> 332 | BS17: =IFERROR(IF(AND(W17<365,W17>0),SUM(((W17/365)*(MIN(O17,BK17)))+(((365-W17)/365)*AU17)),(MIN(O17,AU17))),AU17) -> 327 | BT17: =IFERROR(IF(AND(X17<365,X17>0),SUM(((X17/365)*(MIN(P17,BL17)))+(((365-X17)/365)*AV17)),(MIN(P17,AV17))),AV17) -> 318 | BU17: =IFERROR(IF(AND(Y17<365,Y17>0),SUM(((Y17/365)*(MIN(Q17,BM17)))+(((365-Y17)/365)*AW17)),(MIN(Q17,AW17))),AW17) -> 307 | BV17: =IFERROR(IF(AND(Z17<365,Z17>0),SUM(((Z17/365)*(MIN(R17,BN17)))+(((365-Z17)/365)*AX17)),(MIN(R17,AX17))),AX17) -> 304 | BW17: =VLOOKUP($A17,NetAdditions!$A$2:$H$336,6,FALSE) -> 1200 | BX17: =VLOOKUP($A17,NetAdditions!$A$2:$H$336,7,FALSE) -> 1574 | BY17: =IF((VLOOKUP($C17,NetAdditions!$A$2:$H$336,8,FALSE))="",(AVERAGE(VLOOKUP($C17,NetAdditions!$A$2:$H$336,5,FALSE),VLOOKUP($C17,NetAdditions!$A$2:$H$336,6,FALSE),VLOOKUP($C17,NetAdditions!$A$2:$H$336,7,FALSE))),VLOOKUP($C17,NetAdditions!$A$2:$H$336,8,FALSE)) -> 1241 | BZ17: =AVERAGE(BW17:BY17) -> 1338.3333 | CA17: =AVERAGE(BX17:BZ17) -> 1384.4444 | CB17: =AVERAGE(BY17:CA17) -> 1321.2593 | CC17: =AVERAGE(BZ17:CB17) -> 1348.0123 | CD17: =AVERAGE(CA17:CC17) -> 1351.2387 | CE17: =SUM(BO17:BQ17) -> 2550 | CF17: =SUM(BP17:BR17) -> 2032 | CG17: =SUM(BQ17:BS17) -> 1509 | CH17: =SUM(BR17:BT17) -> 977 | CI17: =SUM(BS17:BU17) -> 952 | CJ17: =SUM(BT17:BV17) -> 929 | CK17: =CE17*((24+7)/36) -> 2195.8333 | CL17: =CF17*((24+7)/36) -> 1749.7778 | CM17: =CG17*((24+9)/36) -> 1383.25 | CN17: =CH17 -> 977 | CO17: =CI17 -> 952 | CP17: =CJ17 -> 929 | CQ17: =SUM(BW17:BY17) -> 4015 | CR17: =SUM(BX17:BZ17) -> 4153.3333 | CS17: =SUM(BY17:CA17) -> 3963.7778 | CT17: =SUM(BZ17:CB17) -> 4044.037 | CU17: =SUM(CA17:CC17) -> 4053.716 | CV17: =SUM(CB17:CD17) -> 4020.5103 | CW17: =IFERROR(CQ17/CK17,"-") -> 1.828463 | CX17: =IF(CW17<0.25, "Presumption", IF(CW17<0.85, "Buffer and Action Plan", IF(CW17<0.95, "Action Plan", "Pass"))) -> Pass | CY17: =IFERROR(CR17/CL17,"-") -> 2.3736347 | CZ17: =IF(CY17<0.45, "Presumption", IF(CY17<0.85, "Buffer and Action Plan", IF(CY17<0.95, "Action Plan", "Pass"))) -> Pass | DA17: =IFERROR(CS17/CM17,"-") -> 2.8655541 | DB17: =IF(DA17<0.75, "Presumption", IF(DA17<0.85, "Buffer and Action Plan", IF(DA17<0.95, "Action Plan", "Pass"))) -> Pass | DC17: =IFERROR(CT17/CN17,"-") -> 4.1392395 | DD17: =IF(DC17<0.75, "Presumption", IF(DC17<0.85, "Buffer and Action Plan", IF(DC17<0.95, "Action Plan", "Pass"))) -> Pass | DE17: =IFERROR(CU17/CO17,"-") -> 4.2581051 | DF17: =IF(DE17<0.75, "Presumption", IF(DE17<0.85, "Buffer and Action Plan", IF(DE17<0.95, "Action Plan", "Pass"))) -> Pass | DG17: =IFERROR(CV17/CP17,"-") -> 4.3277829 | DH17: =IF(DG17<0.75, "Presumption", IF(DG17<0.85, "Buffer and Action Plan", IF(DG17<0.95, "Action Plan", "Pass"))) -> Pass
... A318: E06000014 | B318: York | C318: E06000014 | D318: YH | E318: =VLOOKUP(C318,PoliticalControl!A:K,11,FALSE) -> NOC | F318: =VLOOKUP(C318,UrbanRuralClassification!A:N,13,FALSE) -> Urban with City and Town | G318: =VLOOKUP(C318,UrbanRuralClassification!A:N,14,FALSE) -> Predominantly Urban | H318: =IF(ISBLANK((VLOOKUP($A318,'local-plan-data'!$C$1:$AD$566,27,FALSE)))=TRUE,"",VLOOKUP($A318,'local-plan-data'!$C$1:$AD$566,27,FALSE)) | I318: =VLOOKUP($A318,'local-plan-data'!$C$1:$AD$566,28,FALSE) -> 867 | J318: =IFERROR(IF(ISNUMBER(I318),I318,VALUE(LEFT(I318,FIND("-",I318)-1))),"-") -> 867 | K318: =IF(AND(ISNUMBER($H318),ISNUMBER($J318)),IF(($H318-K$1>0),$J318,IF(DATEDIF($H318,K$1,"y")<5,$J318,"-")),"-") -> - | L318: =IF(AND(ISNUMBER($H318),ISNUMBER($J318)),IF(($H318-L$1>0),$J318,IF(DATEDIF($H318,L$1,"y")<5,$J318,"-")),"-") -> - | M318: =IF(AND(ISNUMBER($H318),ISNUMBER($J318)),IF(($H318-M$1>0),$J318,IF(DATEDIF($H318,M$1,"y")<5,$J318,"-")),"-") -> - | N318: =IF(AND(ISNUMBER($H318),ISNUMBER($J318)),IF(($H318-N$1>0),$J318,IF(DATEDIF($H318,N$1,"y")<5,$J318,"-")),"-") -> - | O318: =IF(AND(ISNUMBER($H318),ISNUMBER($J318)),IF(($H318-O$1>0),$J318,IF(DATEDIF($H318,O$1,"y")<5,$J318,"-")),"-") -> - | P318: =IF(AND(ISNUMBER($H318),ISNUMBER($J318)),IF(($H318-P$1>0),$J318,IF(DATEDIF($H318,P$1,"y")<5,$J318,"-")),"-") -> - | Q318: =IF(AND(ISNUMBER($H318),ISNUMBER($J318)),IF(($H318-Q$1>0),$J318,IF(DATEDIF($H318,Q$1,"y")<5,$J318,"-")),"-") -> - | R318: =IF(AND(ISNUMBER($H318),ISNUMBER($J318)),IF(($H318-R$1>0),$J318,IF(DATEDIF($H318,R$1,"y")<5,$J318,"-")),"-") -> - | S318: =IFERROR((EDATE($H318,60))-S$1,"-") -> - | T318: =IFERROR((EDATE($H318,60))-T$1,"-") -> - | U318: =IFERROR((EDATE($H318,60))-U$1,"-") -> - | V318: =IFERROR((EDATE($H318,60))-V$1,"-") -> - | W318: =IFERROR((EDATE($H318,60))-W$1,"-") -> - | X318: =IFERROR((EDATE($H318,60))-X$1,"-") -> - | Y318: =IFERROR((EDATE($H318,60))-Y$1,"-") -> - | Z318: =IFERROR((EDATE($H318,60))-Z$1,"-") -> - | AA318: =(VLOOKUP(A318,Hshldprojections2014!$A$2:$AW$319,40, FALSE)-VLOOKUP(A318,Hshldprojections2014!$A$2:$AW$319,30, FALSE))/10 -> 827.3 | AB318: =(VLOOKUP(A318,Hshldprojections2014!$A$2:$AW$319,41, FALSE)-VLOOKUP(A318,Hshldprojections2014!$A$2:$AW$319,31, FALSE))/10 -> 819.8 | AC318: =(VLOOKUP(A318,Hshldprojections2014!$A$2:$AW$319,42, FALSE)-VLOOKUP(A318,Hshldprojections2014!$A$2:$AW$319,32, FALSE))/10 -> 812.6 | AD318: =IF(IndividualLATest!$J$7=2014,(VLOOKUP($A318,Hshldprojections2014!$A$2:$AY$326,43,FALSE)-VLOOKUP($A318,Hshldprojections2014!$A$2:$AY$326,33,FALSE))/10,IF(IndividualLATest!$J$7=2016,(VLOOKUP($A318,Hshldprojections2016!$A$1:$AQ$322,33,FALSE)-VLOOKUP($A318,Hshldprojections2016!$A$1:$AQ$322,23,FALSE))/10,(VLOOKUP($A318,Hshldprojections2018!$A$1:$AQ$327,33,FALSE)-VLOOKUP($A318,Hshldprojections2018!$A$1:$AQ$327,23,FALSE))/10)) -> 288.8 | AE318: =IF(IndividualLATest!$J$7=2014,(VLOOKUP($A318,Hshldprojections2014!$A$2:$AY$326,44,FALSE)-VLOOKUP($A318,Hshldprojections2014!$A$2:$AY$326,34,FALSE))/10,IF(IndividualLATest!$J$7=2016,(VLOOKUP($A318,Hshldprojections2016!$A$1:$AQ$322,34,FALSE)-VLOOKUP($A318,Hshldprojections2016!$A$1:$AQ$322,24,FALSE))/10,(VLOOKUP($A318,Hshldprojections2018!$A$1:$AQ$327,34,FALSE)-VLOOKUP($A318,Hshldprojections2018!$A$1:$AQ$327,24,FALSE))/10)) -> 298.8 | AF318: =IF(IndividualLATest!$J$7=2014,(VLOOKUP($A318,Hshldprojections2014!$A$2:$AY$326,45,FALSE)-VLOOKUP($A318,Hshldprojections2014!$A$2:$AY$326,35,FALSE))/10,IF(IndividualLATest!$J$7=2016,(VLOOKUP($A318,Hshldprojections2016!$A$1:$AQ$322,35,FALSE)-VLOOKUP($A318,Hshldprojections2016!$A$1:$AQ$322,25,FALSE))/10,(VLOOKUP($A318,Hshldprojections2018!$A$1:$AQ$327,35,FALSE)-VLOOKUP($A318,Hshldprojections2018!$A$1:$AQ$327,25,FALSE))/10)) -> 299.1 | AG318: =IF(IndividualLATest!$J$7=2014,(VLOOKUP($A318,Hshldprojections2014!$A$2:$AY$326,46,FALSE)-VLOOKUP($A318,Hshldprojections2014!$A$2:$AY$326,36,FALSE))/10,IF(IndividualLATest!$J$7=2016,(VLOOKUP($A318,Hshldprojections2016!$A$1:$AQ$322,36,FALSE)-VLOOKUP($A318,Hshldprojections2016!$A$1:$AQ$322,26,FALSE))/10,(VLOOKUP($A318,Hshldprojections2018!$A$1:$AQ$327,36,FALSE)-VLOOKUP($A318,Hshldprojections2018!$A$1:$AQ$327,26,FALSE))/10)) -> 294.2 | AH318: =IF(IndividualLATest!$J$7=2014,(VLOOKUP($A318,Hshldprojections2014!$A$2:$AY$326,47,FALSE)-VLOOKUP($A318,Hshldprojections2014!$A$2:$AY$326,37,FALSE))/10,IF(IndividualLATest!$J$7=2016,(VLOOKUP($A318,Hshldprojections2016!$A$1:$AQ$322,37,FALSE)-VLOOKUP($A318,Hshldprojections2016!$A$1:$AQ$322,27,FALSE))/10,(VLOOKUP($A318,Hshldprojections2018!$A$1:$AQ$327,37,FALSE)-VLOOKUP($A318,Hshldprojections2018!$A$1:$AQ$327,27,FALSE))/10)) -> 292.1 | AI318: =VLOOKUP($A318,AffordabilityRatio!$A$2:$I$321,5,FALSE) -> 8.6 | AJ318: =VLOOKUP($A318,AffordabilityRatio!$A$2:$I$321,6,FALSE) -> 8.87 | AK318: =VLOOKUP($A318,AffordabilityRatio!$A$2:$I$321,7,FALSE) -> 8.22 | AL318: =IF((VLOOKUP($A318,AffordabilityRatio!$A$2:$I$321,8,FALSE))="",AK318,VLOOKUP($A318,AffordabilityRatio!$A$2:$I$321,8,FALSE)) -> 8.04 | AM318: =IF((VLOOKUP($A318,AffordabilityRatio!$A$2:$I$321,9,FALSE))="",AL318,VLOOKUP($A318,AffordabilityRatio!$A$2:$I$321,9,FALSE)) -> 8.41 | AN318: =IF((VLOOKUP($A318,AffordabilityRatio!$A$2:$I$321,9,FALSE))="",AM318,VLOOKUP($A318,AffordabilityRatio!$A$2:$I$321,9,FALSE)) -> 8.41 | AO318: =IF((VLOOKUP($A318,AffordabilityRatio!$A$2:$I$321,9,FALSE))="",AN318,VLOOKUP($A318,AffordabilityRatio!$A$2:$I$321,9,FALSE)) -> 8.41 | AP318: =IF((VLOOKUP($A318,AffordabilityRatio!$A$2:$I$321,9,FALSE))="",AO318,VLOOKUP($A318,AffordabilityRatio!$A$2:$I$321,9,FALSE)) -> 8.41 | AQ318: =IF(AA318<0,0,IF(AI318>4,ROUND((1+((AI318-4)/4*0.25))*AA318,0),AA318)) -> 1065 | AR318: =IF(AB318<0,0,IF(AJ318>4,ROUND((1+((AJ318-4)/4*0.25))*AB318,0),AB318)) -> 1069 | AS318: =IF(AC318<0,0,IF(AK318>4,ROUND((1+((AK318-4)/4*0.25))*AC318,0),AC318)) -> 1027 | AT318: =IF(AD318<0,0,IF(AL318>4,ROUND((1+((AL318-4)/4*0.25))*AD318,0),AD318)) -> 362 | AU318: =IF(AE318<0,0,IF(AM318>4,ROUND((1+((AM318-4)/4*0.25))*AE318,0),AE318)) -> 381 | AV318: =IF(AF318<0,0,IF(AN318>4,ROUND((1+((AN318-4)/4*0.25))*AF318,0),AF318)) -> 382 | AW318: =IF(AG318<0,0,IF(AO318>4,ROUND((1+((AO318-4)/4*0.25))*AG318,0),AG318)) -> 375 | AX318: =IF(AH318<0,0,IF(AP318>4,ROUND((1+((AP318-4)/4*0.25))*AH318,0),AH318)) -> 373 | AY318: =IF(AA318<0,0,IF(K318="-",MIN((MAX(J318, AA318)+((MAX(J318, AA318))*0.4)),AQ318),MIN(K318+(K318*0.4),AQ318))) -> 1065 | AZ318: =IF(AB318<0,0,IF(L318="-",MIN((MAX(J318, AB318)+((MAX(J318, AB318))*0.4)),AR318),MIN(L318+(L318*0.4),AR318))) -> 1069 | BA318: =IF(AC318<0,0,IF(M318="-",MIN((MAX(J318, AC318)+((MAX(J318, AC318))*0.4)),AS318),MIN(M318+(M318*0.4),AS318))) -> 1027 | BB318: =IF(AD318<0,0,IF(N318="-",MIN((MAX(J318, AD318)+((MAX(J318, AD318))*0.4)),AT318),MIN(N318+(N318*0.4),AT318))) -> 362 | BC318: =IF(AE318<0,0,IF(O318="-",MIN((MAX(J318, AE318)+((MAX(J318, AE318))*0.4)),AU318),MIN(O318+(O318*0.4),AU318))) -> 381 | BD318: =IF(AF318<0,0,IF(P318="-",MIN((MAX(J318, AF318)+((MAX(J318, AF318))*0.4)),AV318),MIN(P318+(P318*0.4),AV318))) -> 382 | BE318: =IF(AG318<0,0,IF(Q318="-",MIN((MAX(J318, AG318)+((MAX(J318, AG318))*0.4)),AW318),MIN(Q318+(Q318*0.4),AW318))) -> 375 | BF318: =IF(AH318<0,0,IF(R318="-",MIN((MAX(J318, AH318)+((MAX(J318, AH318))*0.4)),AX318),MIN(R318+(R318*0.4),AX318))) -> 373 | BG318: =AY318*VLOOKUP($B318,'Major Cities & Towns'!$A$28:$B$345,2,FALSE) -> 1065 | BH318: =AZ318*VLOOKUP($B318,'Major Cities & Towns'!$A$28:$B$345,2,FALSE) -> 1069 | BI318: =BA318*VLOOKUP($B318,'Major Cities & Towns'!$A$28:$B$345,2,FALSE) -> 1027 | BJ318: =BB318*VLOOKUP($B318,'Major Cities & Towns'!$A$28:$B$345,2,FALSE) -> 362 | BK318: =BC318*VLOOKUP($B318,'Major Cities & Towns'!$A$28:$B$345,2,FALSE) -> 381 | BL318: =BD318*VLOOKUP($B318,'Major Cities & Towns'!$A$28:$B$345,2,FALSE) -> 382 | BM318: =BE318*VLOOKUP($B318,'Major Cities & Towns'!$A$28:$B$345,2,FALSE) -> 375 | BN318: =BF318*VLOOKUP($B318,'Major Cities & Towns'!$A$28:$B$345,2,FALSE) -> 373 | BO318: =IFERROR(IF(AND(S318<365,S318>0),SUM(((S318/365)*(MIN(K318,BG318)))+(((365-S318)/365)*AQ318)),(MIN(K318,AQ318))),AQ318) -> 1065 | BP318: =IFERROR(IF(AND(T318<365,T318>0),SUM(((T318/365)*(MIN(L318,BH318)))+(((365-T318)/365)*AR318)),(MIN(L318,AR318))),AR318) -> 1069 | BQ318: =IFERROR(IF(AND(U318<365,U318>0),SUM(((U318/365)*(MIN(M318,BI318)))+(((365-U318)/365)*AS318)),(MIN(M318,AS318))),AS318) -> 1027 | BR318: =IFERROR(IF(AND(V318<365,V318>0),SUM(((V318/365)*(MIN(N318,BJ318)))+(((365-V318)/365)*AT318)),(MIN(N318,AT318))),AT318) -> 362 | BS318: =IFERROR(IF(AND(W318<365,W318>0),SUM(((W318/365)*(MIN(O318,BK318)))+(((365-W318)/365)*AU318)),(MIN(O318,AU318))),AU318) -> 381 | BT318: =IFERROR(IF(AND(X318<365,X318>0),SUM(((X318/365)*(MIN(P318,BL318)))+(((365-X318)/365)*AV318)),(MIN(P318,AV318))),AV318) -> 382 | BU318: =IFERROR(IF(AND(Y318<365,Y318>0),SUM(((Y318/365)*(MIN(Q318,BM318)))+(((365-Y318)/365)*AW318)),(MIN(Q318,AW318))),AW318) -> 375 | BV318: =IFERROR(IF(AND(Z318<365,Z318>0),SUM(((Z318/365)*(MIN(R318,BN318)))+(((365-Z318)/365)*AX318)),(MIN(R318,AX318))),AX318) -> 373 | BW318: =VLOOKUP($A318,NetAdditions!$A$2:$H$336,6,FALSE) -> 449 | BX318: =VLOOKUP($A318,NetAdditions!$A$2:$H$336,7,FALSE) -> 560 | BY318: =IF((VLOOKUP($C318,NetAdditions!$A$2:$H$336,8,FALSE))="",(AVERAGE(VLOOKUP($C318,NetAdditions!$A$2:$H$336,5,FALSE),VLOOKUP($C318,NetAdditions!$A$2:$H$336,6,FALSE),VLOOKUP($C318,NetAdditions!$A$2:$H$336,7,FALSE))),VLOOKUP($C318,NetAdditions!$A$2:$H$336,8,FALSE)) -> 622 | BZ318: =AVERAGE(BW318:BY318) -> 543.66667 | CA318: =AVERAGE(BX318:BZ318) -> 575.22222 | CB318: =AVERAGE(BY318:CA318) -> 580.2963 | CC318: =AVERAGE(BZ318:CB318) -> 566.39506 | CD318: =AVERAGE(CA318:CC318) -> 573.97119 | CE318: =SUM(BO318:BQ318) -> 3161 | CF318: =SUM(BP318:BR318) -> 2458 | CG318: =SUM(BQ318:BS318) -> 1770 | CH318: =SUM(BR318:BT318) -> 1125 | CI318: =SUM(BS318:BU318) -> 1138 | CJ318: =SUM(BT318:BV318) -> 1130 | CK318: =CE318*((24+7)/36) -> 2721.9722 | CL318: =CF318*((24+7)/36) -> 2116.6111 | CM318: =CG318*((24+9)/36) -> 1622.5 | CN318: =CH318 -> 1125 | CO318: =CI318 -> 1138 | CP318: =CJ318 -> 1130 | CQ318: =SUM(BW318:BY318) -> 1631 | CR318: =SUM(BX318:BZ318) -> 1725.6667 | CS318: =SUM(BY318:CA318) -> 1740.8889 | CT318: =SUM(BZ318:CB318) -> 1699.1852 | CU318: =SUM(CA318:CC318) -> 1721.9136 | CV318: =SUM(CB318:CD318) -> 1720.6626 | CW318: =IFERROR(CQ318/CK318,"-") -> 0.59919789 | CX318: =IF(CW318<0.25, "Presumption", IF(CW318<0.85, "Buffer and Action Plan", IF(CW318<0.95, "Action Plan", "Pass"))) -> Buffer and Action Plan | CY318: =IFERROR(CR318/CL318,"-") -> 0.81529699 | CZ318: =IF(CY318<0.45, "Presumption", IF(CY318<0.85, "Buffer and Action Plan", IF(CY318<0.95, "Action Plan", "Pass"))) -> Buffer and Action Plan | DA318: =IFERROR(CS318/CM318,"-") -> 1.072967 | DB318: =IF(DA318<0.75, "Presumption", IF(DA318<0.85, "Buffer and Action Plan", IF(DA318<0.95, "Action Plan", "Pass"))) -> Pass | DC318: =IFERROR(CT318/CN318,"-") -> 1.5103868 | DD318: =IF(DC318<0.75, "Presumption", IF(DC318<0.85, "Buffer and Action Plan", IF(DC318<0.95, "Action Plan", "Pass"))) -> Pass | DE318: =IFERROR(CU318/CO318,"-") -> 1.5131051 | DF318: =IF(DE318<0.75, "Presumption", IF(DE318<0.85, "Buffer and Action Plan", IF(DE318<0.95, "Action Plan", "Pass"))) -> Pass | DG318: =IFERROR(CV318/CP318,"-") -> 1.5227102 | DH318: =IF(DG318<0.75, "Presumption", IF(DG318<0.85, "Buffer and Action Plan", IF(DG318<0.95, "Action Plan", "Pass"))) -> Pass
A319: Plymouth City Council, South Hams District Council, West Devon Borough Council | B319: Plymouth & South West Devon Plan | C319: Plymouth City Council, South Hams District Council, West Devon Borough Council | D319: #N/A | E319: =VLOOKUP(C319,PoliticalControl!A:K,11,FALSE) -> #N/A | F319: =VLOOKUP(C319,UrbanRuralClassification!A:N,13,FALSE) -> #N/A | G319: =VLOOKUP(C319,UrbanRuralClassification!A:N,14,FALSE) -> #N/A | H319: =IF(ISBLANK((VLOOKUP($A319,'local-plan-data'!$C$1:$AD$566,27,FALSE)))=TRUE,"",VLOOKUP($A319,'local-plan-data'!$C$1:$AD$566,27,FALSE)) -> #N/A | I319: =VLOOKUP($A319,'local-plan-data'!$C$1:$AD$566,28,FALSE) -> #N/A | J319: =IFERROR(IF(ISNUMBER(I319),I319,VALUE(LEFT(I319,FIND("-",I319)-1))),"-") -> - | K319: =IF(AND(ISNUMBER($H319),ISNUMBER($J319)),IF(($H319-K$1>0),$J319,IF(DATEDIF($H319,K$1,"y")<5,$J319,"-")),"-") -> - | L319: =IF(AND(ISNUMBER($H319),ISNUMBER($J319)),IF(($H319-L$1>0),$J319,IF(DATEDIF($H319,L$1,"y")<5,$J319,"-")),"-") -> - | M319: =IF(AND(ISNUMBER($H319),ISNUMBER($J319)),IF(($H319-M$1>0),$J319,IF(DATEDIF($H319,M$1,"y")<5,$J319,"-")),"-") -> - | N319: =IF(AND(ISNUMBER($H319),ISNUMBER($J319)),IF(($H319-N$1>0),$J319,IF(DATEDIF($H319,N$1,"y")<5,$J319,"-")),"-") -> - | O319: =IF(AND(ISNUMBER($H319),ISNUMBER($J319)),IF(($H319-O$1>0),$J319,IF(DATEDIF($H319,O$1,"y")<5,$J319,"-")),"-") -> - | P319: =IF(AND(ISNUMBER($H319),ISNUMBER($J319)),IF(($H319-P$1>0),$J319,IF(DATEDIF($H319,P$1,"y")<5,$J319,"-")),"-") -> - | Q319: =IF(AND(ISNUMBER($H319),ISNUMBER($J319)),IF(($H319-Q$1>0),$J319,IF(DATEDIF($H319,Q$1,"y")<5,$J319,"-")),"-") -> - | R319: =IF(AND(ISNUMBER($H319),ISNUMBER($J319)),IF(($H319-R$1>0),$J319,IF(DATEDIF($H319,R$1,"y")<5,$J319,"-")),"-") -> - | S319: =IFERROR((EDATE($H319,60))-S$1,"-") -> - | T319: =IFERROR((EDATE($H319,60))-T$1,"-") -> - | U319: =IFERROR((EDATE($H319,60))-U$1,"-") -> - | V319: =IFERROR((EDATE($H319,60))-V$1,"-") -> - | W319: =IFERROR((EDATE($H319,60))-W$1,"-") -> - | X319: =IFERROR((EDATE($H319,60))-X$1,"-") -> - | Y319: =IFERROR((EDATE($H319,60))-Y$1,"-") -> - | Z319: =IFERROR((EDATE($H319,60))-Z$1,"-") -> - | AA319: =(VLOOKUP(A319,Hshldprojections2014!$A$2:$AW$319,40, FALSE)-VLOOKUP(A319,Hshldprojections2014!$A$2:$AW$319,30, FALSE))/10 -> 1035.4 | AB319: =(VLOOKUP(A319,Hshldprojections2014!$A$2:$AW$319,41, FALSE)-VLOOKUP(A319,Hshldprojections2014!$A$2:$AW$319,31, FALSE))/10 -> 1027.2 | AC319: =(VLOOKUP(A319,Hshldprojections2014!$A$2:$AW$319,42, FALSE)-VLOOKUP(A319,Hshldprojections2014!$A$2:$AW$319,32, FALSE))/10 -> 1026.9 | AD319: =IF(IndividualLATest!$J$7=2014,(VLOOKUP($A319,Hshldprojections2014!$A$2:$AY$326,43,FALSE)-VLOOKUP($A319,Hshldprojections2014!$A$2:$AY$326,33,FALSE))/10,IF(IndividualLATest!$J$7=2016,(VLOOKUP($A319,Hshldprojections2016!$A$1:$AQ$322,33,FALSE)-VLOOKUP($A319,Hshldprojections2016!$A$1:$AQ$322,23,FALSE))/10,(VLOOKUP($A319,Hshldprojections2018!$A$1:$AQ$327,33,FALSE)-VLOOKUP($A319,Hshldprojections2018!$A$1:$AQ$327,23,FALSE))/10)) -> 989.7 | AE319: =IF(IndividualLATest!$J$7=2014,(VLOOKUP($A319,Hshldprojections2014!$A$2:$AY$326,44,FALSE)-VLOOKUP($A319,Hshldprojections2014!$A$2:$AY$326,34,FALSE))/10,IF(IndividualLATest!$J$7=2016,(VLOOKUP($A319,Hshldprojections2016!$A$1:$AQ$322,34,FALSE)-VLOOKUP($A319,Hshldprojections2016!$A$1:$AQ$322,24,FALSE))/10,(VLOOKUP($A319,Hshldprojections2018!$A$1:$AQ$327,34,FALSE)-VLOOKUP($A319,Hshldprojections2018!$A$1:$AQ$327,24,FALSE))/10)) -> 993.1 | AF319: =IF(IndividualLATest!$J$7=2014,(VLOOKUP($A319,Hshldprojections2014!$A$2:$AY$326,45,FALSE)-VLOOKUP($A319,Hshldprojections2014!$A$2:$AY$326,35,FALSE))/10,IF(IndividualLATest!$J$7=2016,(VLOOKUP($A319,Hshldprojections2016!$A$1:$AQ$322,35,FALSE)-VLOOKUP($A319,Hshldprojections2016!$A$1:$AQ$322,25,FALSE))/10,(VLOOKUP($A319,Hshldprojections2018!$A$1:$AQ$327,35,FALSE)-VLOOKUP($A319,Hshldprojections2018!$A$1:$AQ$327,25,FALSE))/10)) -> 988.2 | AG319: =IF(IndividualLATest!$J$7=2014,(VLOOKUP($A319,Hshldprojections2014!$A$2:$AY$326,46,FALSE)-VLOOKUP($A319,Hshldprojections2014!$A$2:$AY$326,36,FALSE))/10,IF(IndividualLATest!$J$7=2016,(VLOOKUP($A319,Hshldprojections2016!$A$1:$AQ$322,36,FALSE)-VLOOKUP($A319,Hshldprojections2016!$A$1:$AQ$322,26,FALSE))/10,(VLOOKUP($A319,Hshldprojections2018!$A$1:$AQ$327,36,FALSE)-VLOOKUP($A319,Hshldprojections2018!$A$1:$AQ$327,26,FALSE))/10)) -> 974.7 | AH319: =IF(IndividualLATest!$J$7=2014,(VLOOKUP($A319,Hshldprojections2014!$A$2:$AY$326,47,FALSE)-VLOOKUP($A319,Hshldprojections2014!$A$2:$AY$326,37,FALSE))/10,IF(IndividualLATest!$J$7=2016,(VLOOKUP($A319,Hshldprojections2016!$A$1:$AQ$322,37,FALSE)-VLOOKUP($A319,Hshldprojections2016!$A$1:$AQ$322,27,FALSE))/10,(VLOOKUP($A319,Hshldprojections2018!$A$1:$AQ$327,37,FALSE)-VLOOKUP($A319,Hshldprojections2018!$A$1:$AQ$327,27,FALSE))/10)) -> 965.4 | AI319: =VLOOKUP($A319,AffordabilityRatio!$A$2:$I$321,5,FALSE) -> 9.3433333 | AJ319: =VLOOKUP($A319,AffordabilityRatio!$A$2:$I$321,6,FALSE) -> 9.1833333 | AK319: =VLOOKUP($A319,AffordabilityRatio!$A$2:$I$321,7,FALSE) -> 9.62 | AL319: =IF((VLOOKUP($A319,AffordabilityRatio!$A$2:$I$321,8,FALSE))="",AK319,VLOOKUP($A319,AffordabilityRatio!$A$2:$I$321,8,FALSE)) -> 8.8066667 | AM319: =IF((VLOOKUP($A319,AffordabilityRatio!$A$2:$I$321,9,FALSE))="",AL319,VLOOKUP($A319,AffordabilityRatio!$A$2:$I$321,9,FALSE)) -> 10.596667 | AN319: =IF((VLOOKUP($A319,AffordabilityRatio!$A$2:$I$321,9,FALSE))="",AM319,VLOOKUP($A319,AffordabilityRatio!$A$2:$I$321,9,FALSE)) -> 10.596667 | AO319: =IF((VLOOKUP($A319,AffordabilityRatio!$A$2:$I$321,9,FALSE))="",AN319,VLOOKUP($A319,AffordabilityRatio!$A$2:$I$321,9,FALSE)) -> 10.596667 | AP319: =IF((VLOOKUP($A319,AffordabilityRatio!$A$2:$I$321,9,FALSE))="",AO319,VLOOKUP($A319,AffordabilityRatio!$A$2:$I$321,9,FALSE)) -> 10.596667 | AQ319: =IF(AA319<0,0,IF(AI319>4,ROUND((1+((AI319-4)/4*0.25))*AA319,0),AA319)) -> 1381 | AR319: =IF(AB319<0,0,IF(AJ319>4,ROUND((1+((AJ319-4)/4*0.25))*AB319,0),AB319)) -> 1360 | AS319: =IF(AC319<0,0,IF(AK319>4,ROUND((1+((AK319-4)/4*0.25))*AC319,0),AC319)) -> 1388 | AT319: =IF(AD319<0,0,IF(AL319>4,ROUND((1+((AL319-4)/4*0.25))*AD319,0),AD319)) -> 1287 | AU319: =IF(AE319<0,0,IF(AM319>4,ROUND((1+((AM319-4)/4*0.25))*AE319,0),AE319)) -> 1403 | AV319: =IF(AF319<0,0,IF(AN319>4,ROUND((1+((AN319-4)/4*0.25))*AF319,0),AF319)) -> 1396 | AW319: =IF(AG319<0,0,IF(AO319>4,ROUND((1+((AO319-4)/4*0.25))*AG319,0),AG319)) -> 1377 | AX319: =IF(AH319<0,0,IF(AP319>4,ROUND((1+((AP319-4)/4*0.25))*AH319,0),AH319)) -> 1363 | AY319: =IF(AA319<0,0,IF(K319="-",MIN((MAX(J319, AA319)+((MAX(J319, AA319))*0.4)),AQ319),MIN(K319+(K319*0.4),AQ319))) -> 1381 | AZ319: =IF(AB319<0,0,IF(L319="-",MIN((MAX(J319, AB319)+((MAX(J319, AB319))*0.4)),AR319),MIN(L319+(L319*0.4),AR319))) -> 1360 | BA319: =IF(AC319<0,0,IF(M319="-",MIN((MAX(J319, AC319)+((MAX(J319, AC319))*0.4)),AS319),MIN(M319+(M319*0.4),AS319))) -> 1388 | BB319: =IF(AD319<0,0,IF(N319="-",MIN((MAX(J319, AD319)+((MAX(J319, AD319))*0.4)),AT319),MIN(N319+(N319*0.4),AT319))) -> 1287 | BC319: =IF(AE319<0,0,IF(O319="-",MIN((MAX(J319, AE319)+((MAX(J319, AE319))*0.4)),AU319),MIN(O319+(O319*0.4),AU319))) -> 1390.34 | BD319: =IF(AF319<0,0,IF(P319="-",MIN((MAX(J319, AF319)+((MAX(J319, AF319))*0.4)),AV319),MIN(P319+(P319*0.4),AV319))) -> 1383.48 | BE319: =IF(AG319<0,0,IF(Q319="-",MIN((MAX(J319, AG319)+((MAX(J319, AG319))*0.4)),AW319),MIN(Q319+(Q319*0.4),AW319))) -> 1364.58 | BF319: =IF(AH319<0,0,IF(R319="-",MIN((MAX(J319, AH319)+((MAX(J319, AH319))*0.4)),AX319),MIN(R319+(R319*0.4),AX319))) -> 1351.56 | BG319: =AY319*VLOOKUP($B319,'Major Cities & Towns'!$A$28:$B$345,2,FALSE) -> 1381 | BH319: =AZ319*VLOOKUP($B319,'Major Cities & Towns'!$A$28:$B$345,2,FALSE) -> 1360 | BI319: =BA319*VLOOKUP($B319,'Major Cities & Towns'!$A$28:$B$345,2,FALSE) -> 1388 | BJ319: =BB319*VLOOKUP($B319,'Major Cities & Towns'!$A$28:$B$345,2,FALSE) -> 1287 | BK319: =BC319*VLOOKUP($B319,'Major Cities & Towns'!$A$28:$B$345,2,FALSE) -> 1390.34 | BL319: =BD319*VLOOKUP($B319,'Major Cities & Towns'!$A$28:$B$345,2,FALSE) -> 1383.48 | BM319: =BE319*VLOOKUP($B319,'Major Cities & Towns'!$A$28:$B$345,2,FALSE) -> 1364.58 | BN319: =BF319*VLOOKUP($B319,'Major Cities & Towns'!$A$28:$B$345,2,FALSE) -> 1351.56 | BO319: =IFERROR(IF(AND(S319<365,S319>0),SUM(((S319/365)*(MIN(K319,BG319)))+(((365-S319)/365)*AQ319)),(MIN(K319,AQ319))),AQ319) -> 1381 | BP319: =IFERROR(IF(AND(T319<365,T319>0),SUM(((T319/365)*(MIN(L319,BH319)))+(((365-T319)/365)*AR319)),(MIN(L319,AR319))),AR319) -> 1360 | BQ319: =IFERROR(IF(AND(U319<365,U319>0),SUM(((U319/365)*(MIN(M319,BI319)))+(((365-U319)/365)*AS319)),(MIN(M319,AS319))),AS319) -> 1388 | BR319: =IFERROR(IF(AND(V319<365,V319>0),SUM(((V319/365)*(MIN(N319,BJ319)))+(((365-V319)/365)*AT319)),(MIN(N319,AT319))),AT319) -> 1287 | BS319: =IFERROR(IF(AND(W319<365,W319>0),SUM(((W319/365)*(MIN(O319,BK319)))+(((365-W319)/365)*AU319)),(MIN(O319,AU319))),AU319) -> 1403 | BT319: =IFERROR(IF(AND(X319<365,X319>0),SUM(((X319/365)*(MIN(P319,BL319)))+(((365-X319)/365)*AV319)),(MIN(P319,AV319))),AV319) -> 1396 | BU319: =IFERROR(IF(AND(Y319<365,Y319>0),SUM(((Y319/365)*(MIN(Q319,BM319)))+(((365-Y319)/365)*AW319)),(MIN(Q319,AW319))),AW319) -> 1377 | BV319: =IFERROR(IF(AND(Z319<365,Z319>0),SUM(((Z319/365)*(MIN(R319,BN319)))+(((365-Z319)/365)*AX319)),(MIN(R319,AX319))),AX319) -> 1363 | BW319: =VLOOKUP($A319,NetAdditions!$A$2:$H$336,6,FALSE) -> 1481 | BX319: =VLOOKUP($A319,NetAdditions!$A$2:$H$336,7,FALSE) -> 1479 | BY319: =IF((VLOOKUP($C319,NetAdditions!$A$2:$H$336,8,FALSE))="",(AVERAGE(VLOOKUP($C319,NetAdditions!$A$2:$H$336,5,FALSE),VLOOKUP($C319,NetAdditions!$A$2:$H$336,6,FALSE),VLOOKUP($C319,NetAdditions!$A$2:$H$336,7,FALSE))),VLOOKUP($C319,NetAdditions!$A$2:$H$336,8,FALSE)) -> 1377 | BZ319: =AVERAGE(BW319:BY319) -> 1445.6667 | CA319: =AVERAGE(BX319:BZ319) -> 1433.8889 | CB319: =AVERAGE(BY319:CA319) -> 1418.8519 | CC319: =AVERAGE(BZ319:CB319) -> 1432.8025 | CD319: =AVERAGE(CA319:CC319) -> 1428.5144 | CE319: =SUM(BO319:BQ319) -> 4129 | CF319: =SUM(BP319:BR319) -> 4035 | CG319: =SUM(BQ319:BS319) -> 4078 | CH319: =SUM(BR319:BT319) -> 4086 | CI319: =SUM(BS319:BU319) -> 4176 | CJ319: =SUM(BT319:BV319) -> 4136 | CK319: =CE319*((24+7)/36) -> 3555.5278 | CL319: =CF319*((24+7)/36) -> 3474.5833 | CM319: =CG319*((24+9)/36) -> 3738.1667 | CN319: =CH319 -> 4086 | CO319: =CI319 -> 4176 | CP319: =CJ319 -> 4136 | CQ319: =SUM(BW319:BY319) -> 4337 | CR319: =SUM(BX319:BZ319) -> 4301.6667 | CS319: =SUM(BY319:CA319) -> 4256.5556 | CT319: =SUM(BZ319:CB319) -> 4298.4074 | CU319: =SUM(CA319:CC319) -> 4285.5432 | CV319: =SUM(CB319:CD319) -> 4280.1687 | CW319: =IFERROR(CQ319/CK319,"-") -> 1.2197908 | CX319: =IF(CW319<0.25, "Presumption", IF(CW319<0.85, "Buffer and Action Plan", IF(CW319<0.95, "Action Plan", "Pass"))) -> Pass | CY319: =IFERROR(CR319/CL319,"-") -> 1.2380381 | CZ319: =IF(CY319<0.45, "Presumption", IF(CY319<0.85, "Buffer and Action Plan", IF(CY319<0.95, "Action Plan", "Pass"))) -> Pass | DA319: =IFERROR(CS319/CM319,"-") -> 1.1386746 | DB319: =IF(DA319<0.75, "Presumption", IF(DA319<0.85, "Buffer and Action Plan", IF(DA319<0.95, "Action Plan", "Pass"))) -> Pass | DC319: =IFERROR(CT319/CN319,"-") -> 1.0519842 | DD319: =IF(DC319<0.75, "Presumption", IF(DC319<0.85, "Buffer and Action Plan", IF(DC319<0.95, "Action Plan", "Pass"))) -> Pass | DE319: =IFERROR(CU319/CO319,"-") -> 1.0262316 | DF319: =IF(DE319<0.75, "Presumption", IF(DE319<0.85, "Buffer and Action Plan", IF(DE319<0.95, "Action Plan", "Pass"))) -> Pass | DG319: =IFERROR(CV319/CP319,"-") -> 1.034857 | DH319: =IF(DG319<0.75, "Presumption", IF(DG319<0.85, "Buffer and Action Plan", IF(DG319<0.95, "Action Plan", "Pass"))) -> Pass
A320: North Devon District Council, Torridge District Council | B320: North Devon and Torridge Local Plan 2011-2031 | C320: North Devon District Council, Torridge District Council | D320: #N/A | E320: =VLOOKUP(C320,PoliticalControl!A:K,11,FALSE) -> #N/A | F320: =VLOOKUP(C320,UrbanRuralClassification!A:N,13,FALSE) -> #N/A | G320: =VLOOKUP(C320,UrbanRuralClassification!A:N,14,FALSE) -> #N/A | H320: =IF(ISBLANK((VLOOKUP($A320,'local-plan-data'!$C$1:$AD$566,27,FALSE)))=TRUE,"",VLOOKUP($A320,'local-plan-data'!$C$1:$AD$566,27,FALSE)) -> #N/A | I320: =VLOOKUP($A320,'local-plan-data'!$C$1:$AD$566,28,FALSE) -> #N/A | J320: =IFERROR(IF(ISNUMBER(I320),I320,VALUE(LEFT(I320,FIND("-",I320)-1))),"-") -> - | K320: =IF(AND(ISNUMBER($H320),ISNUMBER($J320)),IF(($H320-K$1>0),$J320,IF(DATEDIF($H320,K$1,"y")<5,$J320,"-")),"-") -> - | L320: =IF(AND(ISNUMBER($H320),ISNUMBER($J320)),IF(($H320-L$1>0),$J320,IF(DATEDIF($H320,L$1,"y")<5,$J320,"-")),"-") -> - | M320: =IF(AND(ISNUMBER($H320),ISNUMBER($J320)),IF(($H320-M$1>0),$J320,IF(DATEDIF($H320,M$1,"y")<5,$J320,"-")),"-") -> - | N320: =IF(AND(ISNUMBER($H320),ISNUMBER($J320)),IF(($H320-N$1>0),$J320,IF(DATEDIF($H320,N$1,"y")<5,$J320,"-")),"-") -> - | O320: =IF(AND(ISNUMBER($H320),ISNUMBER($J320)),IF(($H320-O$1>0),$J320,IF(DATEDIF($H320,O$1,"y")<5,$J320,"-")),"-") -> - | P320: =IF(AND(ISNUMBER($H320),ISNUMBER($J320)),IF(($H320-P$1>0),$J320,IF(DATEDIF($H320,P$1,"y")<5,$J320,"-")),"-") -> - | Q320: =IF(AND(ISNUMBER($H320),ISNUMBER($J320)),IF(($H320-Q$1>0),$J320,IF(DATEDIF($H320,Q$1,"y")<5,$J320,"-")),"-") -> - | R320: =IF(AND(ISNUMBER($H320),ISNUMBER($J320)),IF(($H320-R$1>0),$J320,IF(DATEDIF($H320,R$1,"y")<5,$J320,"-")),"-") -> - | S320: =IFERROR((EDATE($H320,60))-S$1,"-") -> - | T320: =IFERROR((EDATE($H320,60))-T$1,"-") -> - | U320: =IFERROR((EDATE($H320,60))-U$1,"-") -> - | V320: =IFERROR((EDATE($H320,60))-V$1,"-") -> - | W320: =IFERROR((EDATE($H320,60))-W$1,"-") -> - | X320: =IFERROR((EDATE($H320,60))-X$1,"-") -> - | Y320: =IFERROR((EDATE($H320,60))-Y$1,"-") -> - | Z320: =IFERROR((EDATE($H320,60))-Z$1,"-") -> - | AA320: =(VLOOKUP(A320,Hshldprojections2014!$A$2:$AW$319,40, FALSE)-VLOOKUP(A320,Hshldprojections2014!$A$2:$AW$319,30, FALSE))/10 -> 558 | AB320: =(VLOOKUP(A320,Hshldprojections2014!$A$2:$AW$319,41, FALSE)-VLOOKUP(A320,Hshldprojections2014!$A$2:$AW$319,31, FALSE))/10 -> 556 | AC320: =(VLOOKUP(A320,Hshldprojections2014!$A$2:$AW$319,42, FALSE)-VLOOKUP(A320,Hshldprojections2014!$A$2:$AW$319,32, FALSE))/10 -> 553.9 | AD320: =IF(IndividualLATest!$J$7=2014,(VLOOKUP($A320,Hshldprojections2014!$A$2:$AY$326,43,FALSE)-VLOOKUP($A320,Hshldprojections2014!$A$2:$AY$326,33,FALSE))/10,IF(IndividualLATest!$J$7=2016,(VLOOKUP($A320,Hshldprojections2016!$A$1:$AQ$322,33,FALSE)-VLOOKUP($A320,Hshldprojections2016!$A$1:$AQ$322,23,FALSE))/10,(VLOOKUP($A320,Hshldprojections2018!$A$1:$AQ$327,33,FALSE)-VLOOKUP($A320,Hshldprojections2018!$A$1:$AQ$327,23,FALSE))/10)) -> 724.1 | AE320: =IF(IndividualLATest!$J$7=2014,(VLOOKUP($A320,Hshldprojections2014!$A$2:$AY$326,44,FALSE)-VLOOKUP($A320,Hshldprojections2014!$A$2:$AY$326,34,FALSE))/10,IF(IndividualLATest!$J$7=2016,(VLOOKUP($A320,Hshldprojections2016!$A$1:$AQ$322,34,FALSE)-VLOOKUP($A320,Hshldprojections2016!$A$1:$AQ$322,24,FALSE))/10,(VLOOKUP($A320,Hshldprojections2018!$A$1:$AQ$327,34,FALSE)-VLOOKUP($A320,Hshldprojections2018!$A$1:$AQ$327,24,FALSE))/10)) -> 708.8 | AF320: =IF(IndividualLATest!$J$7=2014,(VLOOKUP($A320,Hshldprojections2014!$A$2:$AY$326,45,FALSE)-VLOOKUP($A320,Hshldprojections2014!$A$2:$AY$326,35,FALSE))/10,IF(IndividualLATest!$J$7=2016,(VLOOKUP($A320,Hshldprojections2016!$A$1:$AQ$322,35,FALSE)-VLOOKUP($A320,Hshldprojections2016!$A$1:$AQ$322,25,FALSE))/10,(VLOOKUP($A320,Hshldprojections2018!$A$1:$AQ$327,35,FALSE)-VLOOKUP($A320,Hshldprojections2018!$A$1:$AQ$327,25,FALSE))/10)) -> 693.9 | AG320: =IF(IndividualLATest!$J$7=2014,(VLOOKUP($A320,Hshldprojections2014!$A$2:$AY$326,46,FALSE)-VLOOKUP($A320,Hshldprojections2014!$A$2:$AY$326,36,FALSE))/10,IF(IndividualLATest!$J$7=2016,(VLOOKUP($A320,Hshldprojections2016!$A$1:$AQ$322,36,FALSE)-VLOOKUP($A320,Hshldprojections2016!$A$1:$AQ$322,26,FALSE))/10,(VLOOKUP($A320,Hshldprojections2018!$A$1:$AQ$327,36,FALSE)-VLOOKUP($A320,Hshldprojections2018!$A$1:$AQ$327,26,FALSE))/10)) -> 678.6 | AH320: =IF(IndividualLATest!$J$7=2014,(VLOOKUP($A320,Hshldprojections2014!$A$2:$AY$326,47,FALSE)-VLOOKUP($A320,Hshldprojections2014!$A$2:$AY$326,37,FALSE))/10,IF(IndividualLATest!$J$7=2016,(VLOOKUP($A320,Hshldprojections2016!$A$1:$AQ$322,37,FALSE)-VLOOKUP($A320,Hshldprojections2016!$A$1:$AQ$322,27,FALSE))/10,(VLOOKUP($A320,Hshldprojections2018!$A$1:$AQ$327,37,FALSE)-VLOOKUP($A320,Hshldprojections2018!$A$1:$AQ$327,27,FALSE))/10)) -> 663.8 | AI320: =VLOOKUP($A320,AffordabilityRatio!$A$2:$I$321,5,FALSE) -> 9.735 | AJ320: =VLOOKUP($A320,AffordabilityRatio!$A$2:$I$321,6,FALSE) -> 9.805 | AK320: =VLOOKUP($A320,AffordabilityRatio!$A$2:$I$321,7,FALSE) -> 9.88 | AL320: =IF((VLOOKUP($A320,AffordabilityRatio!$A$2:$I$321,8,FALSE))="",AK320,VLOOKUP($A320,AffordabilityRatio!$A$2:$I$321,8,FALSE)) -> 9.67 | AM320: =IF((VLOOKUP($A320,AffordabilityRatio!$A$2:$I$321,9,FALSE))="",AL320,VLOOKUP($A320,AffordabilityRatio!$A$2:$I$321,9,FALSE)) -> 10.4 | AN320: =IF((VLOOKUP($A320,AffordabilityRatio!$A$2:$I$321,9,FALSE))="",AM320,VLOOKUP($A320,AffordabilityRatio!$A$2:$I$321,9,FALSE)) -> 10.4 | AO320: =IF((VLOOKUP($A320,AffordabilityRatio!$A$2:$I$321,9,FALSE))="",AN320,VLOOKUP($A320,AffordabilityRatio!$A$2:$I$321,9,FALSE)) -> 10.4 | AP320: =IF((VLOOKUP($A320,AffordabilityRatio!$A$2:$I$321,9,FALSE))="",AO320,VLOOKUP($A320,AffordabilityRatio!$A$2:$I$321,9,FALSE)) -> 10.4 | AQ320: =IF(AA320<0,0,IF(AI320>4,ROUND((1+((AI320-4)/4*0.25))*AA320,0),AA320)) -> 758 | AR320: =IF(AB320<0,0,IF(AJ320>4,ROUND((1+((AJ320-4)/4*0.25))*AB320,0),AB320)) -> 758 | AS320: =IF(AC320<0,0,IF(AK320>4,ROUND((1+((AK320-4)/4*0.25))*AC320,0),AC320)) -> 757 | AT320: =IF(AD320<0,0,IF(AL320>4,ROUND((1+((AL320-4)/4*0.25))*AD320,0),AD320)) -> 981 | AU320: =IF(AE320<0,0,IF(AM320>4,ROUND((1+((AM320-4)/4*0.25))*AE320,0),AE320)) -> 992 | AV320: =IF(AF320<0,0,IF(AN320>4,ROUND((1+((AN320-4)/4*0.25))*AF320,0),AF320)) -> 971 | AW320: =IF(AG320<0,0,IF(AO320>4,ROUND((1+((AO320-4)/4*0.25))*AG320,0),AG320)) -> 950 | AX320: =IF(AH320<0,0,IF(AP320>4,ROUND((1+((AP320-4)/4*0.25))*AH320,0),AH320)) -> 929 | AY320: =IF(AA320<0,0,IF(K320="-",MIN((MAX(J320, AA320)+((MAX(J320, AA320))*0.4)),AQ320),MIN(K320+(K320*0.4),AQ320))) -> 758 | AZ320: =IF(AB320<0,0,IF(L320="-",MIN((MAX(J320, AB320)+((MAX(J320, AB320))*0.4)),AR320),MIN(L320+(L320*0.4),AR320))) -> 758 | BA320: =IF(AC320<0,0,IF(M320="-",MIN((MAX(J320, AC320)+((MAX(J320, AC320))*0.4)),AS320),MIN(M320+(M320*0.4),AS320))) -> 757 | BB320: =IF(AD320<0,0,IF(N320="-",MIN((MAX(J320, AD320)+((MAX(J320, AD320))*0.4)),AT320),MIN(N320+(N320*0.4),AT320))) -> 981 | BC320: =IF(AE320<0,0,IF(O320="-",MIN((MAX(J320, AE320)+((MAX(J320, AE320))*0.4)),AU320),MIN(O320+(O320*0.4),AU320))) -> 992 | BD320: =IF(AF320<0,0,IF(P320="-",MIN((MAX(J320, AF320)+((MAX(J320, AF320))*0.4)),AV320),MIN(P320+(P320*0.4),AV320))) -> 971 | BE320: =IF(AG320<0,0,IF(Q320="-",MIN((MAX(J320, AG320)+((MAX(J320, AG320))*0.4)),AW320),MIN(Q320+(Q320*0.4),AW320))) -> 950 | BF320: =IF(AH320<0,0,IF(R320="-",MIN((MAX(J320, AH320)+((MAX(J320, AH320))*0.4)),AX320),MIN(R320+(R320*0.4),AX320))) -> 929 | BG320: =AY320*VLOOKUP($B320,'Major Cities & Towns'!$A$28:$B$345,2,FALSE) -> 758 | BH320: =AZ320*VLOOKUP($B320,'Major Cities & Towns'!$A$28:$B$345,2,FALSE) -> 758 | BI320: =BA320*VLOOKUP($B320,'Major Cities & Towns'!$A$28:$B$345,2,FALSE) -> 757 | BJ320: =BB320*VLOOKUP($B320,'Major Cities & Towns'!$A$28:$B$345,2,FALSE) -> 981 | BK320: =BC320*VLOOKUP($B320,'Major Cities & Towns'!$A$28:$B$345,2,FALSE) -> 992 | BL320: =BD320*VLOOKUP($B320,'Major Cities & Towns'!$A$28:$B$345,2,FALSE) -> 971 | BM320: =BE320*VLOOKUP($B320,'Major Cities & Towns'!$A$28:$B$345,2,FALSE) -> 950 | BN320: =BF320*VLOOKUP($B320,'Major Cities & Towns'!$A$28:$B$345,2,FALSE) -> 929 | BO320: =IFERROR(IF(AND(S320<365,S320>0),SUM(((S320/365)*(MIN(K320,BG320)))+(((365-S320)/365)*AQ320)),(MIN(K320,AQ320))),AQ320) -> 758 | BP320: =IFERROR(IF(AND(T320<365,T320>0),SUM(((T320/365)*(MIN(L320,BH320)))+(((365-T320)/365)*AR320)),(MIN(L320,AR320))),AR320) -> 758 | BQ320: =IFERROR(IF(AND(U320<365,U320>0),SUM(((U320/365)*(MIN(M320,BI320)))+(((365-U320)/365)*AS320)),(MIN(M320,AS320))),AS320) -> 757 | BR320: =IFERROR(IF(AND(V320<365,V320>0),SUM(((V320/365)*(MIN(N320,BJ320)))+(((365-V320)/365)*AT320)),(MIN(N320,AT320))),AT320) -> 981 | BS320: =IFERROR(IF(AND(W320<365,W320>0),SUM(((W320/365)*(MIN(O320,BK320)))+(((365-W320)/365)*AU320)),(MIN(O320,AU320))),AU320) -> 992 | BT320: =IFERROR(IF(AND(X320<365,X320>0),SUM(((X320/365)*(MIN(P320,BL320)))+(((365-X320)/365)*AV320)),(MIN(P320,AV320))),AV320) -> 971 | BU320: =IFERROR(IF(AND(Y320<365,Y320>0),SUM(((Y320/365)*(MIN(Q320,BM320)))+(((365-Y320)/365)*AW320)),(MIN(Q320,AW320))),AW320) -> 950 | BV320: =IFERROR(IF(AND(Z320<365,Z320>0),SUM(((Z320/365)*(MIN(R320,BN320)))+(((365-Z320)/365)*AX320)),(MIN(R320,AX320))),AX320) -> 929 | BW320: =VLOOKUP($A320,NetAdditions!$A$2:$H$336,6,FALSE) -> 953 | BX320: =VLOOKUP($A320,NetAdditions!$A$2:$H$336,7,FALSE) -> 1167 | BY320: =IF((VLOOKUP($C320,NetAdditions!$A$2:$H$336,8,FALSE))="",(AVERAGE(VLOOKUP($C320,NetAdditions!$A$2:$H$336,5,FALSE),VLOOKUP($C320,NetAdditions!$A$2:$H$336,6,FALSE),VLOOKUP($C320,NetAdditions!$A$2:$H$336,7,FALSE))),VLOOKUP($C320,NetAdditions!$A$2:$H$336,8,FALSE)) -> 686 | BZ320: =AVERAGE(BW320:BY320) -> 935.33333 | CA320: =AVERAGE(BX320:BZ320) -> 929.44444 | CB320: =AVERAGE(BY320:CA320) -> 850.25926 | CC320: =AVERAGE(BZ320:CB320) -> 905.01235 | CD320: =AVERAGE(CA320:CC320) -> 894.90535 | CE320: =SUM(BO320:BQ320) -> 2273 | CF320: =SUM(BP320:BR320) -> 2496 | CG320: =SUM(BQ320:BS320) -> 2730 | CH320: =SUM(BR320:BT320) -> 2944 | CI320: =SUM(BS320:BU320) -> 2913 | CJ320: =SUM(BT320:BV320) -> 2850 | CK320: =CE320*((24+7)/36) -> 1957.3056 | CL320: =CF320*((24+7)/36) -> 2149.3333 | CM320: =CG320*((24+9)/36) -> 2502.5 | CN320: =CH320 -> 2944 | CO320: =CI320 -> 2913 | CP320: =CJ320 -> 2850 | CQ320: =SUM(BW320:BY320) -> 2806 | CR320: =SUM(BX320:BZ320) -> 2788.3333 | CS320: =SUM(BY320:CA320) -> 2550.7778 | CT320: =SUM(BZ320:CB320) -> 2715.037 | CU320: =SUM(CA320:CC320) -> 2684.716 | CV320: =SUM(CB320:CD320) -> 2650.177 | CW320: =IFERROR(CQ320/CK320,"-") -> 1.4336035 | CX320: =IF(CW320<0.25, "Presumption", IF(CW320<0.85, "Buffer and Action Plan", IF(CW320<0.95, "Action Plan", "Pass"))) -> Pass | CY320: =IFERROR(CR320/CL320,"-") -> 1.2973015 | CZ320: =IF(CY320<0.45, "Presumption", IF(CY320<0.85, "Buffer and Action Plan", IF(CY320<0.95, "Action Plan", "Pass"))) -> Pass | DA320: =IFERROR(CS320/CM320,"-") -> 1.0192918 | DB320: =IF(DA320<0.75, "Presumption", IF(DA320<0.85, "Buffer and Action Plan", IF(DA320<0.95, "Action Plan", "Pass"))) -> Pass | DC320: =IFERROR(CT320/CN320,"-") -> 0.92222725 | DD320: =IF(DC320<0.75, "Presumption", IF(DC320<0.85, "Buffer and Action Plan", IF(DC320<0.95, "Action Plan", "Pass"))) -> Action Plan | DE320: =IFERROR(CU320/CO320,"-") -> 0.9216327 | DF320: =IF(DE320<0.75, "Presumption", IF(DE320<0.85, "Buffer and Action Plan", IF(DE320<0.95, "Action Plan", "Pass"))) -> Action Plan | DG320: =IFERROR(CV320/CP320,"-") -> 0.92988665 | DH320: =IF(DG320<0.75, "Presumption", IF(DG320<0.85, "Buffer and Action Plan", IF(DG320<0.95, "Action Plan", "Pass"))) -> Action Plan
